Workbook
Name Aideactif: 'Aide patrimoine'!$BI$2:$BI$502
Name Aideactif2: #REF!
Name Aideactif3: 'Aide patrimoine'!$AL$2:$AL$502
Name Aideactif4: #REF!
Name Aideactions: 'Aide répartition cible'!$CY$2:$CY$31
Name Aidealternatifs: 'Aide répartition cible'!$CZ$2:$CZ$31
Name Aideautres: 'Aide répartition cible'!$DA$2:$DA$31
Name Aideclasse: 'Aide patrimoine'!$BM$2:$BM$31
Name Aideclasse2: 'Aide patrimoine'!$AK$2:$AK$1048576
Name Aideclasse3: 'Aide répartition cible'!$O$14:$O$46
Name Aideclasse4: #REF!
Name Aideemplacement: 'Liste Banque-Enveloppe'!$C$7:$C$1048576
Name aideemplacementalpha: 'Aide patrimoine'!$AX$2:$AX$201
Name Aidegdeclasse2: #REF!
Name Aidegrandeclasse: 'Aide patrimoine'!$AJ$2:$AJ$1048576
Name Aideimmobilier: 'Aide répartition cible'!$CX$2:$CX$31
Name Aideliquidite: 'Aide répartition cible'!$CV$2:$CV$31
Name Aideobligations: 'Aide répartition cible'!$CW$2:$CW$31
Name Aideproduit1: #REF!
Name Aideproduit10: #REF!
Name Aideproduit11: #REF!
Name Aideproduit12: #REF!
Name Aideproduit13: #REF!
Name Aideproduit14: #REF!
Name Aideproduit15: #REF!
Name Aideproduit16: #REF!
Name Aideproduit17: #REF!
Name Aideproduit18: #REF!
Name Aideproduit19: #REF!
Name Aideproduit2: #REF!
Name Aideproduit20: #REF!
Name Aideproduit21: #REF!
Name Aideproduit22: #REF!
Name Aideproduit23: #REF!
Name Aideproduit24: #REF!
Name Aideproduit25: #REF!
Name Aideproduit26: #REF!
Name Aideproduit27: #REF!
Name Aideproduit28: #REF!
Name Aideproduit29: #REF!
Name Aideproduit3: #REF!
Name Aideproduit30: #REF!
Name Aideproduit4: #REF!
Name Aideproduit5: #REF!
Name Aideproduit6: #REF!
Name Aideproduit7: #REF!
Name Aideproduit8: #REF!
Name Aideproduit9: #REF!
Name etat: 'Aide patrimoine'!$U$27
Name Evol: 'Aide patrimoine'!$W$24
Name EvolM: 'Aide patrimoine'!$Y$21
Name Evolmois: 'Aide patrimoine'!$W$25
Name EvolN: 'Aide patrimoine'!$X$21
Name EvolvalM: 'Aide patrimoine'!$Y$22
Name EvolvalN: 'Aide patrimoine'!$X$22
Name Investact: 'Aide budget'!$T$1
Name Investcib: 'Aide budget'!$U$1
Name Investissementact: 'Aide budget'!$T$2
Name InvestissementactRP2: 'Aide budget'!$T$3
Name Investissementcib: 'Aide budget'!$U$2

Sheet Menu de navigation
F2: PATRIMOINE + MENU DE NAVIGATION
P4: © 3PE Conseil & Excel Power Plus – Tous droits réservés. Cet outil est une création protégée au titre de la propriété intellectuelle. Il est strictement réservé à un usage personnel et non commercial. Toute reproduction, distribution, revente, ou partage – même gratuit – sans autorisation écrite préalable de 3PE Conseil et Excel Power Plus constitue une violation de nos droits et expose l’auteur à des poursuites civiles et pénales, incluant des sanctions financières.
G7: Budget-Investissement
P18: Mail support patrimoineplus@investirsimple.com
C25: DISCLAIMER Les informations contenues dans l'outil Patrimoine Plus et ses tutoriels sont à portée générale et ne s’apparentent, en aucun cas, à des recommandations personnalisées relatives à des instruments financiers, et/ou des services d’investissement, à des produits de nature assurantielle, ou encore à de l’intermédiation en opérations de banque, en services de paiement. Ces mêmes informations sont communiquées dans un but exclusivement pédagogique et d’éducation financière. Elles n'ont pas vocation et ne devraient pas être considérées comme une invitation, une incitation, une sollicitation directe ou indirecte, et/ ou un encouragement à acheter ou vendre tels ou tels actifs. Ce que je dis relève exclusivement de mon expérience personnelle dans le présent contenu et ne devra pas être considéré comme une recommandation personnalisée, ou une incitation à suivre les informations communiquées et/ou mes opinions concernant les produits éventuellement cités. Les informations fournies dans cet outil et les tutoriels associés ne doivent en aucun cas être l'unique source conduisant à prendre une décision d'investissement. L’investisseur est seul responsable de l’utilisation de l’information fournie, sans recours contre les propriétaires de l'outil, qui ne sont pas responsables en cas d’erreur, d’omission, d’investissement inopportun ou d’évolution du marché défavorable aux opérations réalisées. Les investissements objets de Patrimoine Plus présentent nécessairement des risques. Vous pouvez subir des pertes. Les performances passées ne préjugent pas des performances futures, elles ne sont pas constantes dans le temps et ne constituent en aucun cas une garantie future de performance ou de capital. ⚠️ Concernant les projections patrimoniales : les calculs et simulations présentés dans l’outil reposent uniquement sur des hypothèses mathématiques et théoriques. Ils ne constituent pas une prévision, ni un engagement contractuel, ni une promesse de résultat. Ces projections n’ont pour objet que d’illustrer l’impact potentiel de certaines hypothèses retenues et ne doivent en aucun cas être utilisées comme une garantie de performance ou de valorisation future. L’utilisateur demeure pleinement responsable de ses décisions et doit, le cas échéant, se rapprocher d’un professionnel qualifié pour obtenir un conseil adapté à sa situation personnelle. ⚠️ Concernant l’utilisation de l’outil : les résultats dépendent exclusivement de l’exactitude et de l’exhaustivité des données saisies par l’utilisateur. Toute erreur de saisie, d’interprétation ou de manipulation peut entraîner des résultats inexacts. Les concepteurs de l’outil déclinent toute responsabilité en cas d’erreurs, d’omissions ou de conséquences liées à une utilisation incorrecte du fichier Excel. Le présent outil et ses tutoriels sont totalement indépendants de l’activité de conseil en investissements financiers par ailleurs fournie par le cabinet 3PE Conseil, ledit contenu ne devant créer aucune confusion à cet égard.
C41: V2

Sheet Liste Classe d'actifs
B2: Liste Classe d'actifs
A4: Saisir vos différentes classes d'actifs (30 maximum) en colonne B | I4: 0.02
A5: Saisir la performance annuelle théorique nette d'inflation attendue pour chaque classe d'actifs en colonne H | G5: Mentionner le taux d'inflation →
A6: La performance annuelle théorique nette d'inflation est calculée automatiquement selon le taux d'inflation.
A7: Grande Classe d'actifs | B7: Classe d'actifs | C7: Exposition au risque | D7: Volatilité | E7: Type de gestion | F7: Liquidité | G7: Durée d'investissement | H7: Performance annuelle théorique brute d'inflation (hors fiscalité) | I7: Performance annuelle théorique nette d'inflation (hors fiscalité) | J7: Commentaire
A8: Liquidités | B8: Cash en banque | C8: Défensif | D8: Faible | E8: Passive | F8: Liquide | G8: Court terme | H8: 0 | I8: =IF(AND(B8<>"",H8=""),0,IF(H8="","",H8-$I$4)) -> -0.02
A9: Liquidités | B9: Epargne | C9: Défensif | D9: Faible | E9: Passive | F9: Liquide | G9: Court terme | H9: 0.03 | I9: =IF(AND(B9<>"",H9=""),0,IF(H9="","",H9-$I$4)) -> 0.01
A10: Actions | B10: Stock Picking | C10: Offensif | D10: Forte | E10: Semi-active | F10: Semi-liquide | G10: Long terme | H10: 0.12 | I10: =IF(AND(B10<>"",H10=""),0,IF(H10="","",H10-$I$4)) -> 0.1
A11: Actions | B11: ETF actions | C11: Offensif | D11: Forte | E11: Passive | F11: Semi-liquide | G11: Long terme | H11: 0.09 | I11: =IF(AND(B11<>"",H11=""),0,IF(H11="","",H11-$I$4)) -> 0.07
A12: Immobilier | B12: Immo physique | C12: Intermédiaire | D12: Modérée | E12: Active | F12: Non liquide | G12: Long terme | H12: 0.06 | I12: =IF(AND(B12<>"",H12=""),0,IF(H12="","",H12-$I$4)) -> 0.04
A13: Immobilier | B13: Immo papier | C13: Intermédiaire | D13: Modérée | E13: Passive | F13: Non liquide | G13: Long terme | H13: 0.05 | I13: =IF(AND(B13<>"",H13=""),0,IF(H13="","",H13-$I$4)) -> 0.03
A14: Immobilier | B14: Crowfunding immo | C14: Offensif | D14: Modérée | E14: Passive | F14: Semi-liquide | G14: Moyen terme | H14: 0.1 | I14: =IF(AND(B14<>"",H14=""),0,IF(H14="","",H14-$I$4)) -> 0.08
A15: Alternatifs/Exotiques | B15: Cryptos | C15: Offensif | D15: Très forte | E15: Semi-active | F15: Liquide | G15: Moyen terme | H15: 0.15 | I15: =IF(AND(B15<>"",H15=""),0,IF(H15="","",H15-$I$4)) -> 0.13
A16: Alternatifs/Exotiques | B16: Or | C16: Défensif | D16: Modérée | E16: Passive | F16: Semi-liquide | G16: Long terme | H16: 0.035 | I16: =IF(AND(B16<>"",H16=""),0,IF(H16="","",H16-$I$4)) -> 0.015
A17: Autres | B17: Capital Société privée | C17: Défensif | D17: Modérée | E17: Semi-active | F17: Non liquide | G17: Long terme | H17: 0.015 | I17: =IF(AND(B17<>"",H17=""),0,IF(H17="","",H17-$I$4)) -> -0.005
A18: Obligations | B18: ETF Obligations | C18: Offensif | D18: Faible | E18: Passive | F18: Semi-liquide | G18: Long terme | H18: 0.04 | I18: =IF(AND(B18<>"",H18=""),0,IF(H18="","",H18-$I$4)) -> 0.02
I19: =IF(AND(B19<>"",H19=""),0,IF(H19="","",H19-$I$4))
I20: =IF(AND(B20<>"",H20=""),0,IF(H20="","",H20-$I$4))
I21: =IF(AND(B21<>"",H21=""),0,IF(H21="","",H21-$I$4))
I22: =IF(AND(B22<>"",H22=""),0,IF(H22="","",H22-$I$4))
I23: =IF(AND(B23<>"",H23=""),0,IF(H23="","",H23-$I$4))
I24: =IF(AND(B24<>"",H24=""),0,IF(H24="","",H24-$I$4))
I25: =IF(AND(B25<>"",H25=""),0,IF(H25="","",H25-$I$4))
I26: =IF(AND(B26<>"",H26=""),0,IF(H26="","",H26-$I$4))
I27: =IF(AND(B27<>"",H27=""),0,IF(H27="","",H27-$I$4))
I28: =IF(AND(B28<>"",H28=""),0,IF(H28="","",H28-$I$4))
I29: =IF(AND(B29<>"",H29=""),0,IF(H29="","",H29-$I$4))
I30: =IF(AND(B30<>"",H30=""),0,IF(H30="","",H30-$I$4))
... I37: =IF(AND(B37<>"",H37=""),0,IF(H37="","",H37-$I$4))
A40: © 3PE Conseil & Excel Power Plus – Tous droits réservés. Cet outil est une création protégée au titre de la propriété intellectuelle. Il est strictement réservé à un usage personnel et non commercial. Toute reproduction, distribution, revente, ou partage – même gratuit – sans autorisation écrite préalable de 3PE Conseil et Excel Power Plus constitue une violation de nos droits et expose l’auteur à des poursuites civiles et pénales, incluant des sanctions financières.

Sheet Liste Banque-Enveloppe
B2: Liste Banque - Enveloppe
A4: Saisir les différentes enveloppes et banques dans lesquelles vous détenez vos classe d'actifs
A6: Enveloppe/Bien | B6: Banque/Plateforme | C6: Emplacement | D6: Commentaire | F6: Exemples d'Enveloppes/Bien | G6: Exemples de Banques/Plateformes
A7: Compte courant | B7: Crédit Agricole | C7: =B7&" - "&A7 -> Crédit Agricole - Compte courant | F7: Compte courant | G7: Crédit agricole
A8: Livret A | B8: Crédit Agricole | C8: =B8&" - "&A8 -> Crédit Agricole - Livret A | F8: Livret A | G8: Crédit agricole
A9: CEX | B9: Binance | C9: =B9&" - "&A9 -> Binance - CEX | F9: PEA | G9: Boursobank
A10: Cold wallet | B10: Ledger | C10: =B10&" - "&A10 -> Ledger - Cold wallet | F10: Assurance vie | G10: Boursobank
A11: CTO | B11: Trade Republic | C11: =B11&" - "&A11 -> Trade Republic - CTO | F11: SCPI en direct | G11: Corum
A12: Assurance Vie | B12: Linxea | C12: =B12&" - "&A12 -> Linxea - Assurance Vie | F12: CTO | G12: Trade Republic
A13: Assurance Vie | B13: BoursoBank | C13: =B13&" - "&A13 -> BoursoBank - Assurance Vie | F13: Cold Wallet | G13: Ledger
A14: PEA | B14: BoursoBank | C14: =B14&" - "&A14 -> BoursoBank - PEA | F14: Exchange (CEX) | G14: Binance
A15: Résidence principale | B15: Direct | C15: =B15&" - "&A15 -> Direct - Résidence principale | F15: Résidence principale | G15: Direct
A16: Compte Pro | B16: Crédit Mutuel | C16: =B16&" - "&A16 -> Crédit Mutuel - Compte Pro | F16: LMNP | G16: Direct
A17: LMNP | B17: Direct | C17: =B17&" - "&A17 -> Direct - LMNP | F17: … | G17: …
A18: SCPI en direct | B18: Corum | C18: =B18&" - "&A18 -> Corum - SCPI en direct
A19: Or en direct | B19: AuCoffre | C19: =B19&" - "&A19 -> AuCoffre - Or en direct
C20: =B20&" - "&A20 -> -
C21: =B21&" - "&A21 -> -
C22: =B22&" - "&A22 -> -
C23: =B23&" - "&A23 -> -
C24: =B24&" - "&A24 -> -
C25: =B25&" - "&A25 -> -
C26: =B26&" - "&A26 -> -
C27: =B27&" - "&A27 -> -
C28: =B28&" - "&A28 -> -
C29: =B29&" - "&A29 -> -
C30: =B30&" - "&A30 -> -
C31: =B31&" - "&A31 -> -
... C206: =B206&" - "&A206 -> -

Sheet Saisie Budget-Investissement
C2: Budget & Investissement Mensuel
Q3: ACTUEL | R3: CIBLE
A4: Faire le point sur votre budget en saississant vos revenus, vos dépenses et vos investissements actuels et cibles | M4: Epargne encore disponible pour les investissements: | Q4: =SUM(D8:D107)-SUM(J8:J107)-SUM(Q8:Q107) -> 0 | R4: =SUM(E8:E107)-SUM(K8:K107)-SUM(R8:R107) -> 0
A6: MES REVENUS | G6: MES DEPENSES | M6: MES PLANS D'INVESTISSEMENTS
A7: Type de revenu | B7: Fixe/ Variable | C7: Bien/Objet concerné | D7: Montant mensuel actuel | E7: Montant mensuel cible | G7: Type de dépense | H7: Fixe/ Variable | I7: Bien/Objet concerné | J7: Montant mensuel actuel | K7: Montant mensuel cible | M7: Classe d'actifs | N7: Emplacement | O7: Fixe/ Variable | P7: Produit concerné (facultatif) | Q7: Montant mensuel actuel | R7: Montant mensuel cible
A8: Revenus professionnels | B8: Fixe | C8: Entreprise principale | D8: 2800 | E8: 3300 | G8: Assurances | H8: Fixe | I8: Assurance décès | J8: 5 | K8: 5 | M8: Stock Picking | N8: BoursoBank - PEA | O8: Variable | P8: Air liquide | Q8: 50 | R8: 50
A9: Aides | B9: Fixe | C9: Aide famille | D9: 400 | E9: 400 | G9: Assurances | H9: Fixe | I9: Garantie accident de la vie | J9: 12 | K9: 12 | M9: Stock Picking | N9: Trade Republic - CTO | O9: Fixe | P9: Microsoft | Q9: 50 | R9: 100
A10: Revenus locatifs | B10: Fixe | C10: Loyer Appart | D10: 300 | E10: 600 | G10: Logement | H10: Fixe | I10: Intérêt RP | J10: 120 | K10: 120 | M10: ETF actions | N10: Trade Republic - CTO | O10: Fixe | P10: ETF Ishares World | Q10: 150 | R10: 300
G11: Logement | H11: Fixe | I11: Assurance RP | J11: 45 | K11: 45 | M11: Cryptos | N11: Ledger - Cold wallet | O11: Variable | P11: Bitcoin | Q11: 75 | R11: 150
G12: Logement | H12: Fixe | I12: Eau RP | J12: 15 | K12: 15 | M12: Cryptos | N12: Binance - CEX | O12: Variable | P12: Altcoins | Q12: 50 | R12: 50
G13: Logement | H13: Fixe | I13: Electricité RP | J13: 90 | K13: 125 | M13: Or | N13: Trade Republic - CTO | O13: Fixe | P13: Or Papier | Q13: 200 | R13: 200
G14: Loisirs | H14: Variable | I14: Cadeaux | J14: 160 | K14: 150 | M14: Immo physique | N14: Direct - Résidence principale | O14: Fixe | P14: Résidence principale | Q14: 450 | R14: 450
G15: Loisirs | H15: Variable | I15: Sortie | J15: 150 | K15: 120 | M15: Immo papier | N15: Linxea - Assurance Vie | O15: Fixe | P15: SCPI Remake Live | Q15: 200 | R15: 400
G16: Loisirs | H16: Variable | I16: Voyage | J16: 200 | K16: 150 | M16: Cash en banque | N16: Crédit Agricole - Compte courant | O16: Fixe | Q16: 163 | R16: 188
G17: Véhicule/Transport | H17: Fixe | I17: Assurance | J17: 55 | K17: 55 | M17: Stock Picking | N17: Trade Republic - CTO | O17: Fixe | P17: TotalEnergies | R17: 100
G18: Véhicule/Transport | H18: Fixe | I18: Entretien Voiture | J18: 80 | K18: 80 | M18: Immo physique | N18: Direct - LMNP | O18: Fixe | P18: Appart Bordeaux | Q18: 200 | R18: 200
G19: Véhicule/Transport | H19: Variable | I19: Gasoil | J19: 130 | K19: 130 | M19: ETF Obligations | N19: BoursoBank - PEA | O19: Fixe | P19: ETF Obligatons PEA | R19: 200
G20: Vie quotidienne | H20: Fixe | I20: Abonnement mot de passe | J20: 5 | K20: 5
G21: Vie quotidienne | H21: Fixe | I21: Abonnement Téléphone | J21: 30 | K21: 30
G22: Vie quotidienne | H22: Fixe | I22: Abonnement Wifi | J22: 12 | K22: 12
G23: Vie quotidienne | H23: Fixe | I23: Alimentation | J23: 220 | K23: 250
G24: Vie quotidienne | H24: Fixe | I24: Coiffeur | J24: 15 | K24: 15
G25: Vie quotidienne | H25: Variable | I25: Vêtement | J25: 50 | K25: 60
G26: Enfants | H26: Fixe | I26: Crêche | J26: 225 | K26: 240
G27: Enfants | H27: Fixe | I27: Complémentaire santé | J27: 20 | K27: 20
G28: Enfants | H28: Fixe | I28: Autre | J28: 150 | K28: 150
G29: Autres dépenses | H29: Fixe | I29: Banque | J29: 3 | K29: 3
G30: Autres dépenses | H30: Fixe | I30: Carte de crédit | J30: 20 | K30: 20
G31: Logement | H31: Fixe | I31: Appart locatif (interet +charge) | J31: 100 | K31: 100
A110: © 3PE Conseil & Excel Power Plus – Tous droits réservés. Cet outil est une création protégée au titre de la propriété intellectuelle. Il est strictement réservé à un usage personnel et non commercial. Toute reproduction, distribution, revente, ou partage – même gratuit – sans autorisation écrite préalable de 3PE Conseil et Excel Power Plus constitue une violation de nos droits et expose l’auteur à des poursuites civiles et pénales, incluant des sanctions financières.

Sheet Saisie Patrimoine
B2: Patrimoine | I2: © 3PE Conseil & Excel Power Plus – Tous droits réservés. Cet outil est une création protégée au titre de la propriété intellectuelle. Il est strictement réservé à un usage personnel et non commercial. Toute reproduction, distribution, revente, ou partage – même gratuit – sans autorisation écrite préalable de 3PE Conseil et Excel Power Plus constitue une violation de nos droits et expose l’auteur à des poursuites civiles et pénales, incluant des sanctions financières.
A4: Saisir votre patrimoine à la fréquence que vous souhaitez
A6: Date | B6: Emplacement | C6: Classe d'actifs | D6: Produits (facultatif) | E6: Montant Net | F6: Montant Brut | G6: Commentaire
B7: BoursoBank - PEA | C7: ETF actions | E7: 10850 | G7: ETF Amundi S&P500
B8: BoursoBank - PEA | C8: ETF actions | E8: 20950 | G8: ETF Ishares World
B9: BoursoBank - PEA | C9: ETF Obligations | E9: 9100 | G9: ETF Obligatons PEA
B10: BoursoBank - PEA | C10: Stock Picking | E10: 1450 | G10: Air liquide
B11: Crédit Agricole - Compte courant | C11: Cash en banque | E11: 10550
B12: Crédit Agricole - Livret A | C12: Epargne | E12: 12100
B13: Linxea - Assurance Vie | C13: Epargne | E13: 1250
B14: Linxea - Assurance Vie | C14: Immo papier | E14: 2700 | G14: SCPI Remake Live
B15: Corum - SCPI en direct | C15: Immo papier | E15: 2000 | G15: SCPI Corum
B16: Trade Republic - CTO | C16: Or | E16: 7200 | G16: Or Papier
B17: AuCoffre - Or en direct | C17: Or | E17: 3000 | G17: Or Papier
B18: Trade Republic - CTO | C18: Stock Picking | E18: 350 | G18: Microsoft
B19: Ledger - Cold wallet | C19: Cryptos | E19: 7950 | G19: Bitcoin
B20: Binance - CEX | C20: Cryptos | E20: 2750 | G20: Bitcoin
B21: Binance - CEX | C21: Cryptos | E21: 310 | G21: Altcoins
B22: Direct - Résidence principale | C22: Immo physique | E22: 28600 | F22: 160000 | G22: Résidence principale
B23: Direct - LMNP | C23: Immo physique | E23: 200 | F23: 35000 | G23: Appart Bordeaux

Sheet Visuel Budget
F2: Mon Budget Mensuel
B6: Barre des filtres | I6: - | M6: = | R6: - | V6: =
F7: ='Aide budget'!Q8 -> 3500 | J7: ='Aide budget'!Q11 -> 1912 | N7: =F7-J7 -> 1588 | S7: ='Aide budget'!Q17 -> 1588 | W7: =N7-S7 -> 0
B11: REVENU
B13: DEPENSE | N13: =1-N19-N16 -> 0.40057143
B15: INVESTISSEMENT
N16: =SUMIF('Saisie Budget-Investissement'!G8:G107,"Loisirs",'Saisie Budget-Investissement'!J8:J107)/F7 -> 0.14571429
N19: =1-(J7/F7) -> 0.45371429
E36: © 3PE Conseil & Excel Power Plus – Tous droits réservés. Cet outil est une création protégée au titre de la propriété intellectuelle. Il est strictement réservé à un usage personnel et non commercial. Toute reproduction, distribution, revente, ou partage – même gratuit – sans autorisation écrite préalable de 3PE Conseil et Excel Power Plus constitue une violation de nos droits et expose l’auteur à des poursuites civiles et pénales, incluant des sanctions financières.

Sheet Visuel Patrimoine
G2: Mon Patrimoine
B5: Barre des filtres
B7: Sélection Grande classe d'actifs
B9: Toutes
B11: Sélection classe d'actifs
B13: Toutes
B15: Sélection produit
B18: Sélection année
B21: Sélection mois
B24: Sélection Patrimoine
B25: Net Brut
B27: Résidence principale?
B28: Oui Non
F37: © 3PE Conseil & Excel Power Plus – Tous droits réservés. Cet outil est une création protégée au titre de la propriété intellectuelle. Il est strictement réservé à un usage personnel et non commercial. Toute reproduction, distribution, revente, ou partage – même gratuit – sans autorisation écrite préalable de 3PE Conseil et Excel Power Plus constitue une violation de nos droits et expose l’auteur à des poursuites civiles et pénales, incluant des sanctions financières.

Sheet Comparaison actuel-cible 
F2: Comparaison Patrimoine Actuel et Cible
B5: Résidence principale?
B6: OUI NON
F111: © 3PE Conseil & Excel Power Plus – Tous droits réservés. Cet outil est une création protégée au titre de la propriété intellectuelle. Il est strictement réservé à un usage personnel et non commercial. Toute reproduction, distribution, revente, ou partage – même gratuit – sans autorisation écrite préalable de 3PE Conseil et Excel Power Plus constitue une violation de nos droits et expose l’auteur à des poursuites civiles et pénales, incluant des sanctions financières.

Sheet SYNTHESE ACTUELLE
G2: Synthèse de mon patrimoine actuel
B9: Résidence principale?
B11: OUI | E11: NON
G36: © 3PE Conseil & Excel Power Plus – Tous droits réservés. Cet outil est une création protégée au titre de la propriété intellectuelle. Il est strictement réservé à un usage personnel et non commercial. Toute reproduction, distribution, revente, ou partage – même gratuit – sans autorisation écrite préalable de 3PE Conseil et Excel Power Plus constitue une violation de nos droits et expose l’auteur à des poursuites civiles et pénales, incluant des sanctions financières.

Sheet SYNTHESE COMPARATIVE
F2: Synthèse comparative
F4: =IF(MAX('Saisie Patrimoine'!A:A)=0,"","ETAT AU "&TEXT(MAX('Saisie Patrimoine'!A:A),"jj/mm/aaaa"))
B7: Résidence principale?
B9: OUI | D9: NON
T34: *: Projection avec inflation hors fiscalité avec rééquilibrage annuel
G37: © 3PE Conseil & Excel Power Plus – Tous droits réservés. Cet outil est une création protégée au titre de la propriété intellectuelle. Il est strictement réservé à un usage personnel et non commercial. Toute reproduction, distribution, revente, ou partage – même gratuit – sans autorisation écrite préalable de 3PE Conseil et Excel Power Plus constitue une violation de nos droits et expose l’auteur à des poursuites civiles et pénales, incluant des sanctions financières.

Sheet Aide budget
A1: 3 | C1: Type de revenu/dépense/invest | D1: Fixe/Variable | E1: Bien/Objet concerné | F1: Montant mensuel actuel | G1: Montant mensuel cible | J1: Type de revenu/dépense/invest | K1: Somme montant | N1: Bien/Objet concerné | O1: Somme montant | Q1: Fixe | R1: Variable | T1: Invest mensuel actuel | U1: Invest mensuel cible | W1: Type de revenu/dépense/invest | X1: Grande classe d'actifs | Y1: Montant mensuel actuel | Z1: Montant mensuel cible | AC1: Grande classe d'actifs | AD1: Montant mensuel actuel | AE1: Montant mensuel cible
C2: =IF(AND($A$1=1,'Saisie Budget-Investissement'!A8<>""),'Saisie Budget-Investissement'!A8,IF(AND($A$1=2,'Saisie Budget-Investissement'!G8<>""),'Saisie Budget-Investissement'!G8,IF('Saisie Budget-Investissement'!M8<>"",'Saisie Budget-Investissement'!M8,""))) -> Stock Picking | D2: =IF(C2="","",IF($A$1=1,'Saisie Budget-Investissement'!B8,IF($A$1=2,'Saisie Budget-Investissement'!H8,'Saisie Budget-Investissement'!O8))) -> Variable | E2: =IF(C2="","",IF($A$1=1,'Saisie Budget-Investissement'!C8,IF($A$1=2,'Saisie Budget-Investissement'!I8,'Saisie Budget-Investissement'!P8))) -> Air liquide | F2: =IF(C2="","",IF($A$1=1,'Saisie Budget-Investissement'!D8,IF($A$1=2,'Saisie Budget-Investissement'!J8,'Saisie Budget-Investissement'!Q8))) -> 50 | G2: =IF(C2="","",IF($A$1=1,'Saisie Budget-Investissement'!E8,IF($A$1=2,'Saisie Budget-Investissement'!K8,'Saisie Budget-Investissement'!R8))) -> 50 | J2: {=IFERROR(INDEX($C$1:$C$101,MATCH(0,COUNTIF($J$1:J1,$C$1:$C$101),0)),"")} -> Stock Picking | K2: =IF(J2="",NA(),IF(SUMIF(C:C,'Aide budget'!J2,F:F)=0,NA(),SUMIF(C:C,'Aide budget'!J2,F:F))) -> 100 | N2: {=IFERROR(INDEX($E$1:$E$101,MATCH(0,COUNTIF($N$1:N1,$E$1:$E$101),0)),"")} -> Air liquide | O2: =IF(N2="",#N/A,IF(SUMIF(E:E,N2,F:F)=0,0,SUMIF(E:E,N2,F:F))) -> 50 | Q2: =IF(SUMIF(D:D,"Fixe",F:F)=0,#N/A,SUMIF(D:D,"Fixe",F:F)) -> 1413 | R2: =IF(SUMIF(D:D,"Variable",F:F)=0,#N/A,SUMIF(D:D,"Variable",F:F)) -> 175 | T2: =IF(SUM('Saisie Budget-Investissement'!Q8:Q1048576)="","",SUM('Saisie Budget-Investissement'!Q8:Q1048576)) -> 1588 | U2: =IF(SUM('Saisie Budget-Investissement'!R8:R1048576)="","",SUM('Saisie Budget-Investissement'!R8:R1048576)) -> 2388 | W2: =IF('Saisie Budget-Investissement'!M8="","",'Saisie Budget-Investissement'!M8) -> Stock Picking | X2: =INDEX('Liste Classe d''actifs'!$A$8:$A$37, MATCH(W2,'Liste Classe d''actifs'!$B$8:$B$37,0)) -> Actions | Y2: =IF(W2="","",'Saisie Budget-Investissement'!Q8) -> 50 | Z2: =IF(W2="","",'Saisie Budget-Investissement'!R8) -> 50 | AC2: Liquidités | AD2: =IF(AC2="",#N/A,IF(ISERROR(VLOOKUP(AC2,X:X,1,FALSE)),#N/A,IF(SUMIF(X:X,AC2,Y:Y)=0,#N/A,SUMIF(X:X,AC2,Y:Y)))) -> 163 | AE2: =IF(AC2="",#N/A,IF(ISERROR(VLOOKUP(AC2,X:X,1,FALSE)),#N/A,IF(SUMIF(X:X,AC2,Z:Z)=0,#N/A,SUMIF(X:X,AC2,Z:Z)))) -> 188 | AI2: =IF(AC2="",NA(),IF(SUMIF(X:X,AC2,Y:Y)=0,NA(),SUMIF(X:X,AC2,Y:Y))) -> 163
C3: =IF(AND($A$1=1,'Saisie Budget-Investissement'!A9<>""),'Saisie Budget-Investissement'!A9,IF(AND($A$1=2,'Saisie Budget-Investissement'!G9<>""),'Saisie Budget-Investissement'!G9,IF('Saisie Budget-Investissement'!M9<>"",'Saisie Budget-Investissement'!M9,""))) -> Stock Picking | D3: =IF(C3="","",IF($A$1=1,'Saisie Budget-Investissement'!B9,IF($A$1=2,'Saisie Budget-Investissement'!H9,'Saisie Budget-Investissement'!O9))) -> Fixe | E3: =IF(C3="","",IF($A$1=1,'Saisie Budget-Investissement'!C9,IF($A$1=2,'Saisie Budget-Investissement'!I9,'Saisie Budget-Investissement'!P9))) -> Microsoft | F3: =IF(C3="","",IF($A$1=1,'Saisie Budget-Investissement'!D9,IF($A$1=2,'Saisie Budget-Investissement'!J9,'Saisie Budget-Investissement'!Q9))) -> 50 | G3: =IF(C3="","",IF($A$1=1,'Saisie Budget-Investissement'!E9,IF($A$1=2,'Saisie Budget-Investissement'!K9,'Saisie Budget-Investissement'!R9))) -> 100 | J3: {=IFERROR(INDEX($C$1:$C$101,MATCH(0,COUNTIF($J$1:J2,$C$1:$C$101),0)),"")} -> ETF actions | K3: =IF(J3="",NA(),IF(SUMIF(C:C,'Aide budget'!J3,F:F)=0,NA(),SUMIF(C:C,'Aide budget'!J3,F:F))) -> 150 | N3: {=IFERROR(INDEX($E$1:$E$101,MATCH(0,COUNTIF($N$1:N2,$E$1:$E$101),0)),"")} -> Microsoft | O3: =IF(N3="",#N/A,IF(SUMIF(E:E,N3,F:F)=0,0,SUMIF(E:E,N3,F:F))) -> 50 | W3: =IF('Saisie Budget-Investissement'!M9="","",'Saisie Budget-Investissement'!M9) -> Stock Picking | X3: =INDEX('Liste Classe d''actifs'!$A$8:$A$37, MATCH(W3,'Liste Classe d''actifs'!$B$8:$B$37,0)) -> Actions | Y3: =IF(W3="","",'Saisie Budget-Investissement'!Q9) -> 50 | Z3: =IF(W3="","",'Saisie Budget-Investissement'!R9) -> 100 | AC3: Obligations | AD3: =IF(AC3="",#N/A,IF(ISERROR(VLOOKUP(AC3,X:X,1,FALSE)),#N/A,IF(SUMIF(X:X,AC3,Y:Y)=0,#N/A,SUMIF(X:X,AC3,Y:Y)))) -> #N/A | AE3: =IF(AC3="",#N/A,IF(ISERROR(VLOOKUP(AC3,X:X,1,FALSE)),#N/A,IF(SUMIF(X:X,AC3,Z:Z)=0,#N/A,SUMIF(X:X,AC3,Z:Z)))) -> 200
C4: =IF(AND($A$1=1,'Saisie Budget-Investissement'!A10<>""),'Saisie Budget-Investissement'!A10,IF(AND($A$1=2,'Saisie Budget-Investissement'!G10<>""),'Saisie Budget-Investissement'!G10,IF('Saisie Budget-Investissement'!M10<>"",'Saisie Budget-Investissement'!M10,""))) -> ETF actions | D4: =IF(C4="","",IF($A$1=1,'Saisie Budget-Investissement'!B10,IF($A$1=2,'Saisie Budget-Investissement'!H10,'Saisie Budget-Investissement'!O10))) -> Fixe | E4: =IF(C4="","",IF($A$1=1,'Saisie Budget-Investissement'!C10,IF($A$1=2,'Saisie Budget-Investissement'!I10,'Saisie Budget-Investissement'!P10))) -> ETF Ishares World | F4: =IF(C4="","",IF($A$1=1,'Saisie Budget-Investissement'!D10,IF($A$1=2,'Saisie Budget-Investissement'!J10,'Saisie Budget-Investissement'!Q10))) -> 150 | G4: =IF(C4="","",IF($A$1=1,'Saisie Budget-Investissement'!E10,IF($A$1=2,'Saisie Budget-Investissement'!K10,'Saisie Budget-Investissement'!R10))) -> 300 | J4: {=IFERROR(INDEX($C$1:$C$101,MATCH(0,COUNTIF($J$1:J3,$C$1:$C$101),0)),"")} -> Cryptos | K4: =IF(J4="",NA(),IF(SUMIF(C:C,'Aide budget'!J4,F:F)=0,NA(),SUMIF(C:C,'Aide budget'!J4,F:F))) -> 125 | N4: {=IFERROR(INDEX($E$1:$E$101,MATCH(0,COUNTIF($N$1:N3,$E$1:$E$101),0)),"")} -> ETF Ishares World | O4: =IF(N4="",#N/A,IF(SUMIF(E:E,N4,F:F)=0,0,SUMIF(E:E,N4,F:F))) -> 150 | Q4: Montant actuel | R4: Montant cible | W4: =IF('Saisie Budget-Investissement'!M10="","",'Saisie Budget-Investissement'!M10) -> ETF actions | X4: =INDEX('Liste Classe d''actifs'!$A$8:$A$37, MATCH(W4,'Liste Classe d''actifs'!$B$8:$B$37,0)) -> Actions | Y4: =IF(W4="","",'Saisie Budget-Investissement'!Q10) -> 150 | Z4: =IF(W4="","",'Saisie Budget-Investissement'!R10) -> 300 | AC4: Immobilier | AD4: =IF(AC4="",#N/A,IF(ISERROR(VLOOKUP(AC4,X:X,1,FALSE)),#N/A,IF(SUMIF(X:X,AC4,Y:Y)=0,#N/A,SUMIF(X:X,AC4,Y:Y)))) -> 850 | AE4: =IF(AC4="",#N/A,IF(ISERROR(VLOOKUP(AC4,X:X,1,FALSE)),#N/A,IF(SUMIF(X:X,AC4,Z:Z)=0,#N/A,SUMIF(X:X,AC4,Z:Z)))) -> 1050
C5: =IF(AND($A$1=1,'Saisie Budget-Investissement'!A11<>""),'Saisie Budget-Investissement'!A11,IF(AND($A$1=2,'Saisie Budget-Investissement'!G11<>""),'Saisie Budget-Investissement'!G11,IF('Saisie Budget-Investissement'!M11<>"",'Saisie Budget-Investissement'!M11,""))) -> Cryptos | D5: =IF(C5="","",IF($A$1=1,'Saisie Budget-Investissement'!B11,IF($A$1=2,'Saisie Budget-Investissement'!H11,'Saisie Budget-Investissement'!O11))) -> Variable | E5: =IF(C5="","",IF($A$1=1,'Saisie Budget-Investissement'!C11,IF($A$1=2,'Saisie Budget-Investissement'!I11,'Saisie Budget-Investissement'!P11))) -> Bitcoin | F5: =IF(C5="","",IF($A$1=1,'Saisie Budget-Investissement'!D11,IF($A$1=2,'Saisie Budget-Investissement'!J11,'Saisie Budget-Investissement'!Q11))) -> 75 | G5: =IF(C5="","",IF($A$1=1,'Saisie Budget-Investissement'!E11,IF($A$1=2,'Saisie Budget-Investissement'!K11,'Saisie Budget-Investissement'!R11))) -> 150 | J5: {=IFERROR(INDEX($C$1:$C$101,MATCH(0,COUNTIF($J$1:J4,$C$1:$C$101),0)),"")} -> Or | K5: =IF(J5="",NA(),IF(SUMIF(C:C,'Aide budget'!J5,F:F)=0,NA(),SUMIF(C:C,'Aide budget'!J5,F:F))) -> 200 | N5: {=IFERROR(INDEX($E$1:$E$101,MATCH(0,COUNTIF($N$1:N4,$E$1:$E$101),0)),"")} -> Bitcoin | O5: =IF(N5="",#N/A,IF(SUMIF(E:E,N5,F:F)=0,0,SUMIF(E:E,N5,F:F))) -> 75 | Q5: =SUM(F:F) -> 1588 | R5: =SUM(G:G) -> 2388 | W5: =IF('Saisie Budget-Investissement'!M11="","",'Saisie Budget-Investissement'!M11) -> Cryptos | X5: =INDEX('Liste Classe d''actifs'!$A$8:$A$37, MATCH(W5,'Liste Classe d''actifs'!$B$8:$B$37,0)) -> Alternatifs/Exotiques | Y5: =IF(W5="","",'Saisie Budget-Investissement'!Q11) -> 75 | Z5: =IF(W5="","",'Saisie Budget-Investissement'!R11) -> 150 | AC5: Actions | AD5: =IF(AC5="",#N/A,IF(ISERROR(VLOOKUP(AC5,X:X,1,FALSE)),#N/A,IF(SUMIF(X:X,AC5,Y:Y)=0,#N/A,SUMIF(X:X,AC5,Y:Y)))) -> 250 | AE5: =IF(AC5="",#N/A,IF(ISERROR(VLOOKUP(AC5,X:X,1,FALSE)),#N/A,IF(SUMIF(X:X,AC5,Z:Z)=0,#N/A,SUMIF(X:X,AC5,Z:Z)))) -> 550
C6: =IF(AND($A$1=1,'Saisie Budget-Investissement'!A12<>""),'Saisie Budget-Investissement'!A12,IF(AND($A$1=2,'Saisie Budget-Investissement'!G12<>""),'Saisie Budget-Investissement'!G12,IF('Saisie Budget-Investissement'!M12<>"",'Saisie Budget-Investissement'!M12,""))) -> Cryptos | D6: =IF(C6="","",IF($A$1=1,'Saisie Budget-Investissement'!B12,IF($A$1=2,'Saisie Budget-Investissement'!H12,'Saisie Budget-Investissement'!O12))) -> Variable | E6: =IF(C6="","",IF($A$1=1,'Saisie Budget-Investissement'!C12,IF($A$1=2,'Saisie Budget-Investissement'!I12,'Saisie Budget-Investissement'!P12))) -> Altcoins | F6: =IF(C6="","",IF($A$1=1,'Saisie Budget-Investissement'!D12,IF($A$1=2,'Saisie Budget-Investissement'!J12,'Saisie Budget-Investissement'!Q12))) -> 50 | G6: =IF(C6="","",IF($A$1=1,'Saisie Budget-Investissement'!E12,IF($A$1=2,'Saisie Budget-Investissement'!K12,'Saisie Budget-Investissement'!R12))) -> 50 | J6: {=IFERROR(INDEX($C$1:$C$101,MATCH(0,COUNTIF($J$1:J5,$C$1:$C$101),0)),"")} -> Immo physique | K6: =IF(J6="",NA(),IF(SUMIF(C:C,'Aide budget'!J6,F:F)=0,NA(),SUMIF(C:C,'Aide budget'!J6,F:F))) -> 650 | N6: {=IFERROR(INDEX($E$1:$E$101,MATCH(0,COUNTIF($N$1:N5,$E$1:$E$101),0)),"")} -> Altcoins | O6: =IF(N6="",#N/A,IF(SUMIF(E:E,N6,F:F)=0,0,SUMIF(E:E,N6,F:F))) -> 50 | W6: =IF('Saisie Budget-Investissement'!M12="","",'Saisie Budget-Investissement'!M12) -> Cryptos | X6: =INDEX('Liste Classe d''actifs'!$A$8:$A$37, MATCH(W6,'Liste Classe d''actifs'!$B$8:$B$37,0)) -> Alternatifs/Exotiques | Y6: =IF(W6="","",'Saisie Budget-Investissement'!Q12) -> 50 | Z6: =IF(W6="","",'Saisie Budget-Investissement'!R12) -> 50 | AC6: Alternatifs/Exotiques | AD6: =IF(AC6="",#N/A,IF(ISERROR(VLOOKUP(AC6,X:X,1,FALSE)),#N/A,IF(SUMIF(X:X,AC6,Y:Y)=0,#N/A,SUMIF(X:X,AC6,Y:Y)))) -> 325 | AE6: =IF(AC6="",#N/A,IF(ISERROR(VLOOKUP(AC6,X:X,1,FALSE)),#N/A,IF(SUMIF(X:X,AC6,Z:Z)=0,#N/A,SUMIF(X:X,AC6,Z:Z)))) -> 400
C7: =IF(AND($A$1=1,'Saisie Budget-Investissement'!A13<>""),'Saisie Budget-Investissement'!A13,IF(AND($A$1=2,'Saisie Budget-Investissement'!G13<>""),'Saisie Budget-Investissement'!G13,IF('Saisie Budget-Investissement'!M13<>"",'Saisie Budget-Investissement'!M13,""))) -> Or | D7: =IF(C7="","",IF($A$1=1,'Saisie Budget-Investissement'!B13,IF($A$1=2,'Saisie Budget-Investissement'!H13,'Saisie Budget-Investissement'!O13))) -> Fixe | E7: =IF(C7="","",IF($A$1=1,'Saisie Budget-Investissement'!C13,IF($A$1=2,'Saisie Budget-Investissement'!I13,'Saisie Budget-Investissement'!P13))) -> Or Papier | F7: =IF(C7="","",IF($A$1=1,'Saisie Budget-Investissement'!D13,IF($A$1=2,'Saisie Budget-Investissement'!J13,'Saisie Budget-Investissement'!Q13))) -> 200 | G7: =IF(C7="","",IF($A$1=1,'Saisie Budget-Investissement'!E13,IF($A$1=2,'Saisie Budget-Investissement'!K13,'Saisie Budget-Investissement'!R13))) -> 200 | J7: {=IFERROR(INDEX($C$1:$C$101,MATCH(0,COUNTIF($J$1:J6,$C$1:$C$101),0)),"")} -> Immo papier | K7: =IF(J7="",NA(),IF(SUMIF(C:C,'Aide budget'!J7,F:F)=0,NA(),SUMIF(C:C,'Aide budget'!J7,F:F))) -> 200 | N7: {=IFERROR(INDEX($E$1:$E$101,MATCH(0,COUNTIF($N$1:N6,$E$1:$E$101),0)),"")} -> Or Papier | O7: =IF(N7="",#N/A,IF(SUMIF(E:E,N7,F:F)=0,0,SUMIF(E:E,N7,F:F))) -> 200 | Q7: Total Revenu | W7: =IF('Saisie Budget-Investissement'!M13="","",'Saisie Budget-Investissement'!M13) -> Or | X7: =INDEX('Liste Classe d''actifs'!$A$8:$A$37, MATCH(W7,'Liste Classe d''actifs'!$B$8:$B$37,0)) -> Alternatifs/Exotiques | Y7: =IF(W7="","",'Saisie Budget-Investissement'!Q13) -> 200 | Z7: =IF(W7="","",'Saisie Budget-Investissement'!R13) -> 200 | AC7: Autres | AD7: =IF(AC7="",#N/A,IF(ISERROR(VLOOKUP(AC7,X:X,1,FALSE)),#N/A,IF(SUMIF(X:X,AC7,Y:Y)=0,#N/A,SUMIF(X:X,AC7,Y:Y)))) -> #N/A | AE7: =IF(AC7="",#N/A,IF(ISERROR(VLOOKUP(AC7,X:X,1,FALSE)),#N/A,IF(SUMIF(X:X,AC7,Z:Z)=0,#N/A,SUMIF(X:X,AC7,Z:Z)))) -> #N/A
C8: =IF(AND($A$1=1,'Saisie Budget-Investissement'!A14<>""),'Saisie Budget-Investissement'!A14,IF(AND($A$1=2,'Saisie Budget-Investissement'!G14<>""),'Saisie Budget-Investissement'!G14,IF('Saisie Budget-Investissement'!M14<>"",'Saisie Budget-Investissement'!M14,""))) -> Immo physique | D8: =IF(C8="","",IF($A$1=1,'Saisie Budget-Investissement'!B14,IF($A$1=2,'Saisie Budget-Investissement'!H14,'Saisie Budget-Investissement'!O14))) -> Fixe | E8: =IF(C8="","",IF($A$1=1,'Saisie Budget-Investissement'!C14,IF($A$1=2,'Saisie Budget-Investissement'!I14,'Saisie Budget-Investissement'!P14))) -> Résidence principale | F8: =IF(C8="","",IF($A$1=1,'Saisie Budget-Investissement'!D14,IF($A$1=2,'Saisie Budget-Investissement'!J14,'Saisie Budget-Investissement'!Q14))) -> 450 | G8: =IF(C8="","",IF($A$1=1,'Saisie Budget-Investissement'!E14,IF($A$1=2,'Saisie Budget-Investissement'!K14,'Saisie Budget-Investissement'!R14))) -> 450 | J8: {=IFERROR(INDEX($C$1:$C$101,MATCH(0,COUNTIF($J$1:J7,$C$1:$C$101),0)),"")} -> Cash en banque | K8: =IF(J8="",NA(),IF(SUMIF(C:C,'Aide budget'!J8,F:F)=0,NA(),SUMIF(C:C,'Aide budget'!J8,F:F))) -> 163 | N8: {=IFERROR(INDEX($E$1:$E$101,MATCH(0,COUNTIF($N$1:N7,$E$1:$E$101),0)),"")} -> Résidence principale | O8: =IF(N8="",#N/A,IF(SUMIF(E:E,N8,F:F)=0,0,SUMIF(E:E,N8,F:F))) -> 450 | Q8: =SUM('Saisie Budget-Investissement'!D8:D107) -> 3500 | W8: =IF('Saisie Budget-Investissement'!M14="","",'Saisie Budget-Investissement'!M14) -> Immo physique | X8: =INDEX('Liste Classe d''actifs'!$A$8:$A$37, MATCH(W8,'Liste Classe d''actifs'!$B$8:$B$37,0)) -> Immobilier | Y8: =IF(W8="","",'Saisie Budget-Investissement'!Q14) -> 450 | Z8: =IF(W8="","",'Saisie Budget-Investissement'!R14) -> 450 | AC8: 0 | AD8: =IF(AC8="",#N/A,IF(ISERROR(VLOOKUP(AC8,X:X,1,FALSE)),#N/A,IF(SUMIF(X:X,AC8,Y:Y)=0,#N/A,SUMIF(X:X,AC8,Y:Y)))) -> #N/A | AE8: =IF(AC8="",#N/A,IF(ISERROR(VLOOKUP(AC8,X:X,1,FALSE)),#N/A,IF(SUMIF(X:X,AC8,Z:Z)=0,#N/A,SUMIF(X:X,AC8,Z:Z)))) -> #N/A
C9: =IF(AND($A$1=1,'Saisie Budget-Investissement'!A15<>""),'Saisie Budget-Investissement'!A15,IF(AND($A$1=2,'Saisie Budget-Investissement'!G15<>""),'Saisie Budget-Investissement'!G15,IF('Saisie Budget-Investissement'!M15<>"",'Saisie Budget-Investissement'!M15,""))) -> Immo papier | D9: =IF(C9="","",IF($A$1=1,'Saisie Budget-Investissement'!B15,IF($A$1=2,'Saisie Budget-Investissement'!H15,'Saisie Budget-Investissement'!O15))) -> Fixe | E9: =IF(C9="","",IF($A$1=1,'Saisie Budget-Investissement'!C15,IF($A$1=2,'Saisie Budget-Investissement'!I15,'Saisie Budget-Investissement'!P15))) -> SCPI Remake Live | F9: =IF(C9="","",IF($A$1=1,'Saisie Budget-Investissement'!D15,IF($A$1=2,'Saisie Budget-Investissement'!J15,'Saisie Budget-Investissement'!Q15))) -> 200 | G9: =IF(C9="","",IF($A$1=1,'Saisie Budget-Investissement'!E15,IF($A$1=2,'Saisie Budget-Investissement'!K15,'Saisie Budget-Investissement'!R15))) -> 400 | J9: {=IFERROR(INDEX($C$1:$C$101,MATCH(0,COUNTIF($J$1:J8,$C$1:$C$101),0)),"")} -> ETF Obligations | K9: =IF(J9="",NA(),IF(SUMIF(C:C,'Aide budget'!J9,F:F)=0,NA(),SUMIF(C:C,'Aide budget'!J9,F:F))) -> #N/A | N9: {=IFERROR(INDEX($E$1:$E$101,MATCH(0,COUNTIF($N$1:N8,$E$1:$E$101),0)),"")} -> SCPI Remake Live | O9: =IF(N9="",#N/A,IF(SUMIF(E:E,N9,F:F)=0,0,SUMIF(E:E,N9,F:F))) -> 200 | W9: =IF('Saisie Budget-Investissement'!M15="","",'Saisie Budget-Investissement'!M15) -> Immo papier | X9: =INDEX('Liste Classe d''actifs'!$A$8:$A$37, MATCH(W9,'Liste Classe d''actifs'!$B$8:$B$37,0)) -> Immobilier | Y9: =IF(W9="","",'Saisie Budget-Investissement'!Q15) -> 200 | Z9: =IF(W9="","",'Saisie Budget-Investissement'!R15) -> 400
C10: =IF(AND($A$1=1,'Saisie Budget-Investissement'!A16<>""),'Saisie Budget-Investissement'!A16,IF(AND($A$1=2,'Saisie Budget-Investissement'!G16<>""),'Saisie Budget-Investissement'!G16,IF('Saisie Budget-Investissement'!M16<>"",'Saisie Budget-Investissement'!M16,""))) -> Cash en banque | D10: =IF(C10="","",IF($A$1=1,'Saisie Budget-Investissement'!B16,IF($A$1=2,'Saisie Budget-Investissement'!H16,'Saisie Budget-Investissement'!O16))) -> Fixe | E10: =IF(C10="","",IF($A$1=1,'Saisie Budget-Investissement'!C16,IF($A$1=2,'Saisie Budget-Investissement'!I16,'Saisie Budget-Investissement'!P16))) -> 0 | F10: =IF(C10="","",IF($A$1=1,'Saisie Budget-Investissement'!D16,IF($A$1=2,'Saisie Budget-Investissement'!J16,'Saisie Budget-Investissement'!Q16))) -> 163 | G10: =IF(C10="","",IF($A$1=1,'Saisie Budget-Investissement'!E16,IF($A$1=2,'Saisie Budget-Investissement'!K16,'Saisie Budget-Investissement'!R16))) -> 188 | J10: {=IFERROR(INDEX($C$1:$C$101,MATCH(0,COUNTIF($J$1:J9,$C$1:$C$101),0)),"")} | K10: =IF(J10="",NA(),IF(SUMIF(C:C,'Aide budget'!J10,F:F)=0,NA(),SUMIF(C:C,'Aide budget'!J10,F:F))) -> #N/A | N10: {=IFERROR(INDEX($E$1:$E$101,MATCH(0,COUNTIF($N$1:N9,$E$1:$E$101),0)),"")} -> 0 | O10: =IF(N10="",#N/A,IF(SUMIF(E:E,N10,F:F)=0,0,SUMIF(E:E,N10,F:F))) -> 163 | Q10: Total Dépense | W10: =IF('Saisie Budget-Investissement'!M16="","",'Saisie Budget-Investissement'!M16) -> Cash en banque | X10: =INDEX('Liste Classe d''actifs'!$A$8:$A$37, MATCH(W10,'Liste Classe d''actifs'!$B$8:$B$37,0)) -> Liquidités | Y10: =IF(W10="","",'Saisie Budget-Investissement'!Q16) -> 163 | Z10: =IF(W10="","",'Saisie Budget-Investissement'!R16) -> 188
C11: =IF(AND($A$1=1,'Saisie Budget-Investissement'!A17<>""),'Saisie Budget-Investissement'!A17,IF(AND($A$1=2,'Saisie Budget-Investissement'!G17<>""),'Saisie Budget-Investissement'!G17,IF('Saisie Budget-Investissement'!M17<>"",'Saisie Budget-Investissement'!M17,""))) -> Stock Picking | D11: =IF(C11="","",IF($A$1=1,'Saisie Budget-Investissement'!B17,IF($A$1=2,'Saisie Budget-Investissement'!H17,'Saisie Budget-Investissement'!O17))) -> Fixe | E11: =IF(C11="","",IF($A$1=1,'Saisie Budget-Investissement'!C17,IF($A$1=2,'Saisie Budget-Investissement'!I17,'Saisie Budget-Investissement'!P17))) -> TotalEnergies | F11: =IF(C11="","",IF($A$1=1,'Saisie Budget-Investissement'!D17,IF($A$1=2,'Saisie Budget-Investissement'!J17,'Saisie Budget-Investissement'!Q17))) -> 0 | G11: =IF(C11="","",IF($A$1=1,'Saisie Budget-Investissement'!E17,IF($A$1=2,'Saisie Budget-Investissement'!K17,'Saisie Budget-Investissement'!R17))) -> 100 | J11: {=IFERROR(INDEX($C$1:$C$101,MATCH(0,COUNTIF($J$1:J10,$C$1:$C$101),0)),"")} | K11: =IF(J11="",NA(),IF(SUMIF(C:C,'Aide budget'!J11,F:F)=0,NA(),SUMIF(C:C,'Aide budget'!J11,F:F))) -> #N/A | N11: {=IFERROR(INDEX($E$1:$E$101,MATCH(0,COUNTIF($N$1:N10,$E$1:$E$101),0)),"")} -> TotalEnergies | O11: =IF(N11="",#N/A,IF(SUMIF(E:E,N11,F:F)=0,0,SUMIF(E:E,N11,F:F))) -> 0 | Q11: =SUM('Saisie Budget-Investissement'!J8:J107) -> 1912 | W11: =IF('Saisie Budget-Investissement'!M17="","",'Saisie Budget-Investissement'!M17) -> Stock Picking | X11: =INDEX('Liste Classe d''actifs'!$A$8:$A$37, MATCH(W11,'Liste Classe d''actifs'!$B$8:$B$37,0)) -> Actions | Y11: =IF(W11="","",'Saisie Budget-Investissement'!Q17) -> 0 | Z11: =IF(W11="","",'Saisie Budget-Investissement'!R17) -> 100
C12: =IF(AND($A$1=1,'Saisie Budget-Investissement'!A18<>""),'Saisie Budget-Investissement'!A18,IF(AND($A$1=2,'Saisie Budget-Investissement'!G18<>""),'Saisie Budget-Investissement'!G18,IF('Saisie Budget-Investissement'!M18<>"",'Saisie Budget-Investissement'!M18,""))) -> Immo physique | D12: =IF(C12="","",IF($A$1=1,'Saisie Budget-Investissement'!B18,IF($A$1=2,'Saisie Budget-Investissement'!H18,'Saisie Budget-Investissement'!O18))) -> Fixe | E12: =IF(C12="","",IF($A$1=1,'Saisie Budget-Investissement'!C18,IF($A$1=2,'Saisie Budget-Investissement'!I18,'Saisie Budget-Investissement'!P18))) -> Appart Bordeaux | F12: =IF(C12="","",IF($A$1=1,'Saisie Budget-Investissement'!D18,IF($A$1=2,'Saisie Budget-Investissement'!J18,'Saisie Budget-Investissement'!Q18))) -> 200 | G12: =IF(C12="","",IF($A$1=1,'Saisie Budget-Investissement'!E18,IF($A$1=2,'Saisie Budget-Investissement'!K18,'Saisie Budget-Investissement'!R18))) -> 200 | J12: {=IFERROR(INDEX($C$1:$C$101,MATCH(0,COUNTIF($J$1:J11,$C$1:$C$101),0)),"")} | K12: =IF(J12="",NA(),IF(SUMIF(C:C,'Aide budget'!J12,F:F)=0,NA(),SUMIF(C:C,'Aide budget'!J12,F:F))) -> #N/A | N12: {=IFERROR(INDEX($E$1:$E$101,MATCH(0,COUNTIF($N$1:N11,$E$1:$E$101),0)),"")} -> Appart Bordeaux | O12: =IF(N12="",#N/A,IF(SUMIF(E:E,N12,F:F)=0,0,SUMIF(E:E,N12,F:F))) -> 200 | W12: =IF('Saisie Budget-Investissement'!M18="","",'Saisie Budget-Investissement'!M18) -> Immo physique | X12: =INDEX('Liste Classe d''actifs'!$A$8:$A$37, MATCH(W12,'Liste Classe d''actifs'!$B$8:$B$37,0)) -> Immobilier | Y12: =IF(W12="","",'Saisie Budget-Investissement'!Q18) -> 200 | Z12: =IF(W12="","",'Saisie Budget-Investissement'!R18) -> 200
C13: =IF(AND($A$1=1,'Saisie Budget-Investissement'!A19<>""),'Saisie Budget-Investissement'!A19,IF(AND($A$1=2,'Saisie Budget-Investissement'!G19<>""),'Saisie Budget-Investissement'!G19,IF('Saisie Budget-Investissement'!M19<>"",'Saisie Budget-Investissement'!M19,""))) -> ETF Obligations | D13: =IF(C13="","",IF($A$1=1,'Saisie Budget-Investissement'!B19,IF($A$1=2,'Saisie Budget-Investissement'!H19,'Saisie Budget-Investissement'!O19))) -> Fixe | E13: =IF(C13="","",IF($A$1=1,'Saisie Budget-Investissement'!C19,IF($A$1=2,'Saisie Budget-Investissement'!I19,'Saisie Budget-Investissement'!P19))) -> ETF Obligatons PEA | F13: =IF(C13="","",IF($A$1=1,'Saisie Budget-Investissement'!D19,IF($A$1=2,'Saisie Budget-Investissement'!J19,'Saisie Budget-Investissement'!Q19))) -> 0 | G13: =IF(C13="","",IF($A$1=1,'Saisie Budget-Investissement'!E19,IF($A$1=2,'Saisie Budget-Investissement'!K19,'Saisie Budget-Investissement'!R19))) -> 200 | J13: {=IFERROR(INDEX($C$1:$C$101,MATCH(0,COUNTIF($J$1:J12,$C$1:$C$101),0)),"")} | K13: =IF(J13="",NA(),IF(SUMIF(C:C,'Aide budget'!J13,F:F)=0,NA(),SUMIF(C:C,'Aide budget'!J13,F:F))) -> #N/A | N13: {=IFERROR(INDEX($E$1:$E$101,MATCH(0,COUNTIF($N$1:N12,$E$1:$E$101),0)),"")} -> ETF Obligatons PEA | O13: =IF(N13="",#N/A,IF(SUMIF(E:E,N13,F:F)=0,0,SUMIF(E:E,N13,F:F))) -> 0 | Q13: Solde avant investissement | W13: =IF('Saisie Budget-Investissement'!M19="","",'Saisie Budget-Investissement'!M19) -> ETF Obligations | X13: =INDEX('Liste Classe d''actifs'!$A$8:$A$37, MATCH(W13,'Liste Classe d''actifs'!$B$8:$B$37,0)) -> Obligations | Y13: =IF(W13="","",'Saisie Budget-Investissement'!Q19) -> 0 | Z13: =IF(W13="","",'Saisie Budget-Investissement'!R19) -> 200
C14: =IF(AND($A$1=1,'Saisie Budget-Investissement'!A20<>""),'Saisie Budget-Investissement'!A20,IF(AND($A$1=2,'Saisie Budget-Investissement'!G20<>""),'Saisie Budget-Investissement'!G20,IF('Saisie Budget-Investissement'!M20<>"",'Saisie Budget-Investissement'!M20,""))) | D14: =IF(C14="","",IF($A$1=1,'Saisie Budget-Investissement'!B20,IF($A$1=2,'Saisie Budget-Investissement'!H20,'Saisie Budget-Investissement'!O20))) | E14: =IF(C14="","",IF($A$1=1,'Saisie Budget-Investissement'!C20,IF($A$1=2,'Saisie Budget-Investissement'!I20,'Saisie Budget-Investissement'!P20))) | F14: =IF(C14="","",IF($A$1=1,'Saisie Budget-Investissement'!D20,IF($A$1=2,'Saisie Budget-Investissement'!J20,'Saisie Budget-Investissement'!Q20))) | G14: =IF(C14="","",IF($A$1=1,'Saisie Budget-Investissement'!E20,IF($A$1=2,'Saisie Budget-Investissement'!K20,'Saisie Budget-Investissement'!R20))) | J14: {=IFERROR(INDEX($C$1:$C$101,MATCH(0,COUNTIF($J$1:J13,$C$1:$C$101),0)),"")} | K14: =IF(J14="",NA(),IF(SUMIF(C:C,'Aide budget'!J14,F:F)=0,NA(),SUMIF(C:C,'Aide budget'!J14,F:F))) -> #N/A | N14: {=IFERROR(INDEX($E$1:$E$101,MATCH(0,COUNTIF($N$1:N13,$E$1:$E$101),0)),"")} | O14: =IF(N14="",#N/A,IF(SUMIF(E:E,N14,F:F)=0,0,SUMIF(E:E,N14,F:F))) -> #N/A | Q14: =Q8-Q11 -> 1588 | W14: =IF('Saisie Budget-Investissement'!M20="","",'Saisie Budget-Investissement'!M20) | X14: =INDEX('Liste Classe d''actifs'!$A$8:$A$37, MATCH(W14,'Liste Classe d''actifs'!$B$8:$B$37,0)) -> #N/A | Y14: =IF(W14="","",'Saisie Budget-Investissement'!Q20) | Z14: =IF(W14="","",'Saisie Budget-Investissement'!R20)
C15: =IF(AND($A$1=1,'Saisie Budget-Investissement'!A21<>""),'Saisie Budget-Investissement'!A21,IF(AND($A$1=2,'Saisie Budget-Investissement'!G21<>""),'Saisie Budget-Investissement'!G21,IF('Saisie Budget-Investissement'!M21<>"",'Saisie Budget-Investissement'!M21,""))) | D15: =IF(C15="","",IF($A$1=1,'Saisie Budget-Investissement'!B21,IF($A$1=2,'Saisie Budget-Investissement'!H21,'Saisie Budget-Investissement'!O21))) | E15: =IF(C15="","",IF($A$1=1,'Saisie Budget-Investissement'!C21,IF($A$1=2,'Saisie Budget-Investissement'!I21,'Saisie Budget-Investissement'!P21))) | F15: =IF(C15="","",IF($A$1=1,'Saisie Budget-Investissement'!D21,IF($A$1=2,'Saisie Budget-Investissement'!J21,'Saisie Budget-Investissement'!Q21))) | G15: =IF(C15="","",IF($A$1=1,'Saisie Budget-Investissement'!E21,IF($A$1=2,'Saisie Budget-Investissement'!K21,'Saisie Budget-Investissement'!R21))) | J15: {=IFERROR(INDEX($C$1:$C$101,MATCH(0,COUNTIF($J$1:J14,$C$1:$C$101),0)),"")} | K15: =IF(J15="",NA(),IF(SUMIF(C:C,'Aide budget'!J15,F:F)=0,NA(),SUMIF(C:C,'Aide budget'!J15,F:F))) -> #N/A | N15: {=IFERROR(INDEX($E$1:$E$101,MATCH(0,COUNTIF($N$1:N14,$E$1:$E$101),0)),"")} | O15: =IF(N15="",#N/A,IF(SUMIF(E:E,N15,F:F)=0,0,SUMIF(E:E,N15,F:F))) -> #N/A | W15: =IF('Saisie Budget-Investissement'!M21="","",'Saisie Budget-Investissement'!M21) | X15: =INDEX('Liste Classe d''actifs'!$A$8:$A$37, MATCH(W15,'Liste Classe d''actifs'!$B$8:$B$37,0)) -> #N/A | Y15: =IF(W15="","",'Saisie Budget-Investissement'!Q21) | Z15: =IF(W15="","",'Saisie Budget-Investissement'!R21)
C16: =IF(AND($A$1=1,'Saisie Budget-Investissement'!A22<>""),'Saisie Budget-Investissement'!A22,IF(AND($A$1=2,'Saisie Budget-Investissement'!G22<>""),'Saisie Budget-Investissement'!G22,IF('Saisie Budget-Investissement'!M22<>"",'Saisie Budget-Investissement'!M22,""))) | D16: =IF(C16="","",IF($A$1=1,'Saisie Budget-Investissement'!B22,IF($A$1=2,'Saisie Budget-Investissement'!H22,'Saisie Budget-Investissement'!O22))) | E16: =IF(C16="","",IF($A$1=1,'Saisie Budget-Investissement'!C22,IF($A$1=2,'Saisie Budget-Investissement'!I22,'Saisie Budget-Investissement'!P22))) | F16: =IF(C16="","",IF($A$1=1,'Saisie Budget-Investissement'!D22,IF($A$1=2,'Saisie Budget-Investissement'!J22,'Saisie Budget-Investissement'!Q22))) | G16: =IF(C16="","",IF($A$1=1,'Saisie Budget-Investissement'!E22,IF($A$1=2,'Saisie Budget-Investissement'!K22,'Saisie Budget-Investissement'!R22))) | J16: {=IFERROR(INDEX($C$1:$C$101,MATCH(0,COUNTIF($J$1:J15,$C$1:$C$101),0)),"")} | K16: =IF(J16="",NA(),IF(SUMIF(C:C,'Aide budget'!J16,F:F)=0,NA(),SUMIF(C:C,'Aide budget'!J16,F:F))) -> #N/A | N16: {=IFERROR(INDEX($E$1:$E$101,MATCH(0,COUNTIF($N$1:N15,$E$1:$E$101),0)),"")} | O16: =IF(N16="",#N/A,IF(SUMIF(E:E,N16,F:F)=0,0,SUMIF(E:E,N16,F:F))) -> #N/A | Q16: Total Investissement | W16: =IF('Saisie Budget-Investissement'!M22="","",'Saisie Budget-Investissement'!M22) | X16: =INDEX('Liste Classe d''actifs'!$A$8:$A$37, MATCH(W16,'Liste Classe d''actifs'!$B$8:$B$37,0)) -> #N/A | Y16: =IF(W16="","",'Saisie Budget-Investissement'!Q22) | Z16: =IF(W16="","",'Saisie Budget-Investissement'!R22)
C17: =IF(AND($A$1=1,'Saisie Budget-Investissement'!A23<>""),'Saisie Budget-Investissement'!A23,IF(AND($A$1=2,'Saisie Budget-Investissement'!G23<>""),'Saisie Budget-Investissement'!G23,IF('Saisie Budget-Investissement'!M23<>"",'Saisie Budget-Investissement'!M23,""))) | D17: =IF(C17="","",IF($A$1=1,'Saisie Budget-Investissement'!B23,IF($A$1=2,'Saisie Budget-Investissement'!H23,'Saisie Budget-Investissement'!O23))) | E17: =IF(C17="","",IF($A$1=1,'Saisie Budget-Investissement'!C23,IF($A$1=2,'Saisie Budget-Investissement'!I23,'Saisie Budget-Investissement'!P23))) | F17: =IF(C17="","",IF($A$1=1,'Saisie Budget-Investissement'!D23,IF($A$1=2,'Saisie Budget-Investissement'!J23,'Saisie Budget-Investissement'!Q23))) | G17: =IF(C17="","",IF($A$1=1,'Saisie Budget-Investissement'!E23,IF($A$1=2,'Saisie Budget-Investissement'!K23,'Saisie Budget-Investissement'!R23))) | J17: {=IFERROR(INDEX($C$1:$C$101,MATCH(0,COUNTIF($J$1:J16,$C$1:$C$101),0)),"")} | K17: =IF(J17="",NA(),IF(SUMIF(C:C,'Aide budget'!J17,F:F)=0,NA(),SUMIF(C:C,'Aide budget'!J17,F:F))) -> #N/A | N17: {=IFERROR(INDEX($E$1:$E$101,MATCH(0,COUNTIF($N$1:N16,$E$1:$E$101),0)),"")} | O17: =IF(N17="",#N/A,IF(SUMIF(E:E,N17,F:F)=0,0,SUMIF(E:E,N17,F:F))) -> #N/A | Q17: =SUM('Saisie Budget-Investissement'!Q8:Q107) -> 1588 | W17: =IF('Saisie Budget-Investissement'!M23="","",'Saisie Budget-Investissement'!M23) | X17: =INDEX('Liste Classe d''actifs'!$A$8:$A$37, MATCH(W17,'Liste Classe d''actifs'!$B$8:$B$37,0)) -> #N/A | Y17: =IF(W17="","",'Saisie Budget-Investissement'!Q23) | Z17: =IF(W17="","",'Saisie Budget-Investissement'!R23)
C18: =IF(AND($A$1=1,'Saisie Budget-Investissement'!A24<>""),'Saisie Budget-Investissement'!A24,IF(AND($A$1=2,'Saisie Budget-Investissement'!G24<>""),'Saisie Budget-Investissement'!G24,IF('Saisie Budget-Investissement'!M24<>"",'Saisie Budget-Investissement'!M24,""))) | D18: =IF(C18="","",IF($A$1=1,'Saisie Budget-Investissement'!B24,IF($A$1=2,'Saisie Budget-Investissement'!H24,'Saisie Budget-Investissement'!O24))) | E18: =IF(C18="","",IF($A$1=1,'Saisie Budget-Investissement'!C24,IF($A$1=2,'Saisie Budget-Investissement'!I24,'Saisie Budget-Investissement'!P24))) | F18: =IF(C18="","",IF($A$1=1,'Saisie Budget-Investissement'!D24,IF($A$1=2,'Saisie Budget-Investissement'!J24,'Saisie Budget-Investissement'!Q24))) | G18: =IF(C18="","",IF($A$1=1,'Saisie Budget-Investissement'!E24,IF($A$1=2,'Saisie Budget-Investissement'!K24,'Saisie Budget-Investissement'!R24))) | J18: {=IFERROR(INDEX($C$1:$C$101,MATCH(0,COUNTIF($J$1:J17,$C$1:$C$101),0)),"")} | K18: =IF(J18="",NA(),IF(SUMIF(C:C,'Aide budget'!J18,F:F)=0,NA(),SUMIF(C:C,'Aide budget'!J18,F:F))) -> #N/A | N18: {=IFERROR(INDEX($E$1:$E$101,MATCH(0,COUNTIF($N$1:N17,$E$1:$E$101),0)),"")} | O18: =IF(N18="",#N/A,IF(SUMIF(E:E,N18,F:F)=0,0,SUMIF(E:E,N18,F:F))) -> #N/A | W18: =IF('Saisie Budget-Investissement'!M24="","",'Saisie Budget-Investissement'!M24) | X18: =INDEX('Liste Classe d''actifs'!$A$8:$A$37, MATCH(W18,'Liste Classe d''actifs'!$B$8:$B$37,0)) -> #N/A | Y18: =IF(W18="","",'Saisie Budget-Investissement'!Q24) | Z18: =IF(W18="","",'Saisie Budget-Investissement'!R24)
C19: =IF(AND($A$1=1,'Saisie Budget-Investissement'!A25<>""),'Saisie Budget-Investissement'!A25,IF(AND($A$1=2,'Saisie Budget-Investissement'!G25<>""),'Saisie Budget-Investissement'!G25,IF('Saisie Budget-Investissement'!M25<>"",'Saisie Budget-Investissement'!M25,""))) | D19: =IF(C19="","",IF($A$1=1,'Saisie Budget-Investissement'!B25,IF($A$1=2,'Saisie Budget-Investissement'!H25,'Saisie Budget-Investissement'!O25))) | E19: =IF(C19="","",IF($A$1=1,'Saisie Budget-Investissement'!C25,IF($A$1=2,'Saisie Budget-Investissement'!I25,'Saisie Budget-Investissement'!P25))) | F19: =IF(C19="","",IF($A$1=1,'Saisie Budget-Investissement'!D25,IF($A$1=2,'Saisie Budget-Investissement'!J25,'Saisie Budget-Investissement'!Q25))) | G19: =IF(C19="","",IF($A$1=1,'Saisie Budget-Investissement'!E25,IF($A$1=2,'Saisie Budget-Investissement'!K25,'Saisie Budget-Investissement'!R25))) | J19: {=IFERROR(INDEX($C$1:$C$101,MATCH(0,COUNTIF($J$1:J18,$C$1:$C$101),0)),"")} | K19: =IF(J19="",NA(),IF(SUMIF(C:C,'Aide budget'!J19,F:F)=0,NA(),SUMIF(C:C,'Aide budget'!J19,F:F))) -> #N/A | N19: {=IFERROR(INDEX($E$1:$E$101,MATCH(0,COUNTIF($N$1:N18,$E$1:$E$101),0)),"")} | O19: =IF(N19="",#N/A,IF(SUMIF(E:E,N19,F:F)=0,0,SUMIF(E:E,N19,F:F))) -> #N/A | Q19: Solde après investissement | W19: =IF('Saisie Budget-Investissement'!M25="","",'Saisie Budget-Investissement'!M25) | X19: =INDEX('Liste Classe d''actifs'!$A$8:$A$37, MATCH(W19,'Liste Classe d''actifs'!$B$8:$B$37,0)) -> #N/A | Y19: =IF(W19="","",'Saisie Budget-Investissement'!Q25) | Z19: =IF(W19="","",'Saisie Budget-Investissement'!R25)
C20: =IF(AND($A$1=1,'Saisie Budget-Investissement'!A26<>""),'Saisie Budget-Investissement'!A26,IF(AND($A$1=2,'Saisie Budget-Investissement'!G26<>""),'Saisie Budget-Investissement'!G26,IF('Saisie Budget-Investissement'!M26<>"",'Saisie Budget-Investissement'!M26,""))) | D20: =IF(C20="","",IF($A$1=1,'Saisie Budget-Investissement'!B26,IF($A$1=2,'Saisie Budget-Investissement'!H26,'Saisie Budget-Investissement'!O26))) | E20: =IF(C20="","",IF($A$1=1,'Saisie Budget-Investissement'!C26,IF($A$1=2,'Saisie Budget-Investissement'!I26,'Saisie Budget-Investissement'!P26))) | F20: =IF(C20="","",IF($A$1=1,'Saisie Budget-Investissement'!D26,IF($A$1=2,'Saisie Budget-Investissement'!J26,'Saisie Budget-Investissement'!Q26))) | G20: =IF(C20="","",IF($A$1=1,'Saisie Budget-Investissement'!E26,IF($A$1=2,'Saisie Budget-Investissement'!K26,'Saisie Budget-Investissement'!R26))) | J20: {=IFERROR(INDEX($C$1:$C$101,MATCH(0,COUNTIF($J$1:J19,$C$1:$C$101),0)),"")} | K20: =IF(J20="",NA(),IF(SUMIF(C:C,'Aide budget'!J20,F:F)=0,NA(),SUMIF(C:C,'Aide budget'!J20,F:F))) -> #N/A | N20: {=IFERROR(INDEX($E$1:$E$101,MATCH(0,COUNTIF($N$1:N19,$E$1:$E$101),0)),"")} | O20: =IF(N20="",#N/A,IF(SUMIF(E:E,N20,F:F)=0,0,SUMIF(E:E,N20,F:F))) -> #N/A | Q20: =Q14-Q17 -> 0 | W20: =IF('Saisie Budget-Investissement'!M26="","",'Saisie Budget-Investissement'!M26) | X20: =INDEX('Liste Classe d''actifs'!$A$8:$A$37, MATCH(W20,'Liste Classe d''actifs'!$B$8:$B$37,0)) -> #N/A | Y20: =IF(W20="","",'Saisie Budget-Investissement'!Q26) | Z20: =IF(W20="","",'Saisie Budget-Investissement'!R26)
C21: =IF(AND($A$1=1,'Saisie Budget-Investissement'!A27<>""),'Saisie Budget-Investissement'!A27,IF(AND($A$1=2,'Saisie Budget-Investissement'!G27<>""),'Saisie Budget-Investissement'!G27,IF('Saisie Budget-Investissement'!M27<>"",'Saisie Budget-Investissement'!M27,""))) | D21: =IF(C21="","",IF($A$1=1,'Saisie Budget-Investissement'!B27,IF($A$1=2,'Saisie Budget-Investissement'!H27,'Saisie Budget-Investissement'!O27))) | E21: =IF(C21="","",IF($A$1=1,'Saisie Budget-Investissement'!C27,IF($A$1=2,'Saisie Budget-Investissement'!I27,'Saisie Budget-Investissement'!P27))) | F21: =IF(C21="","",IF($A$1=1,'Saisie Budget-Investissement'!D27,IF($A$1=2,'Saisie Budget-Investissement'!J27,'Saisie Budget-Investissement'!Q27))) | G21: =IF(C21="","",IF($A$1=1,'Saisie Budget-Investissement'!E27,IF($A$1=2,'Saisie Budget-Investissement'!K27,'Saisie Budget-Investissement'!R27))) | J21: {=IFERROR(INDEX($C$1:$C$101,MATCH(0,COUNTIF($J$1:J20,$C$1:$C$101),0)),"")} | K21: =IF(J21="",NA(),IF(SUMIF(C:C,'Aide budget'!J21,F:F)=0,NA(),SUMIF(C:C,'Aide budget'!J21,F:F))) -> #N/A | N21: {=IFERROR(INDEX($E$1:$E$101,MATCH(0,COUNTIF($N$1:N20,$E$1:$E$101),0)),"")} | O21: =IF(N21="",#N/A,IF(SUMIF(E:E,N21,F:F)=0,0,SUMIF(E:E,N21,F:F))) -> #N/A | W21: =IF('Saisie Budget-Investissement'!M27="","",'Saisie Budget-Investissement'!M27) | X21: =INDEX('Liste Classe d''actifs'!$A$8:$A$37, MATCH(W21,'Liste Classe d''actifs'!$B$8:$B$37,0)) -> #N/A | Y21: =IF(W21="","",'Saisie Budget-Investissement'!Q27) | Z21: =IF(W21="","",'Saisie Budget-Investissement'!R27)
C22: =IF(AND($A$1=1,'Saisie Budget-Investissement'!A28<>""),'Saisie Budget-Investissement'!A28,IF(AND($A$1=2,'Saisie Budget-Investissement'!G28<>""),'Saisie Budget-Investissement'!G28,IF('Saisie Budget-Investissement'!M28<>"",'Saisie Budget-Investissement'!M28,""))) | D22: =IF(C22="","",IF($A$1=1,'Saisie Budget-Investissement'!B28,IF($A$1=2,'Saisie Budget-Investissement'!H28,'Saisie Budget-Investissement'!O28))) | E22: =IF(C22="","",IF($A$1=1,'Saisie Budget-Investissement'!C28,IF($A$1=2,'Saisie Budget-Investissement'!I28,'Saisie Budget-Investissement'!P28))) | F22: =IF(C22="","",IF($A$1=1,'Saisie Budget-Investissement'!D28,IF($A$1=2,'Saisie Budget-Investissement'!J28,'Saisie Budget-Investissement'!Q28))) | G22: =IF(C22="","",IF($A$1=1,'Saisie Budget-Investissement'!E28,IF($A$1=2,'Saisie Budget-Investissement'!K28,'Saisie Budget-Investissement'!R28))) | J22: {=IFERROR(INDEX($C$1:$C$101,MATCH(0,COUNTIF($J$1:J21,$C$1:$C$101),0)),"")} | K22: =IF(J22="",NA(),IF(SUMIF(C:C,'Aide budget'!J22,F:F)=0,NA(),SUMIF(C:C,'Aide budget'!J22,F:F))) -> #N/A | N22: {=IFERROR(INDEX($E$1:$E$101,MATCH(0,COUNTIF($N$1:N21,$E$1:$E$101),0)),"")} | O22: =IF(N22="",#N/A,IF(SUMIF(E:E,N22,F:F)=0,0,SUMIF(E:E,N22,F:F))) -> #N/A | W22: =IF('Saisie Budget-Investissement'!M28="","",'Saisie Budget-Investissement'!M28) | X22: =INDEX('Liste Classe d''actifs'!$A$8:$A$37, MATCH(W22,'Liste Classe d''actifs'!$B$8:$B$37,0)) -> #N/A | Y22: =IF(W22="","",'Saisie Budget-Investissement'!Q28) | Z22: =IF(W22="","",'Saisie Budget-Investissement'!R28)
C23: =IF(AND($A$1=1,'Saisie Budget-Investissement'!A29<>""),'Saisie Budget-Investissement'!A29,IF(AND($A$1=2,'Saisie Budget-Investissement'!G29<>""),'Saisie Budget-Investissement'!G29,IF('Saisie Budget-Investissement'!M29<>"",'Saisie Budget-Investissement'!M29,""))) | D23: =IF(C23="","",IF($A$1=1,'Saisie Budget-Investissement'!B29,IF($A$1=2,'Saisie Budget-Investissement'!H29,'Saisie Budget-Investissement'!O29))) | E23: =IF(C23="","",IF($A$1=1,'Saisie Budget-Investissement'!C29,IF($A$1=2,'Saisie Budget-Investissement'!I29,'Saisie Budget-Investissement'!P29))) | F23: =IF(C23="","",IF($A$1=1,'Saisie Budget-Investissement'!D29,IF($A$1=2,'Saisie Budget-Investissement'!J29,'Saisie Budget-Investissement'!Q29))) | G23: =IF(C23="","",IF($A$1=1,'Saisie Budget-Investissement'!E29,IF($A$1=2,'Saisie Budget-Investissement'!K29,'Saisie Budget-Investissement'!R29))) | J23: {=IFERROR(INDEX($C$1:$C$101,MATCH(0,COUNTIF($J$1:J22,$C$1:$C$101),0)),"")} | K23: =IF(J23="",NA(),IF(SUMIF(C:C,'Aide budget'!J23,F:F)=0,NA(),SUMIF(C:C,'Aide budget'!J23,F:F))) -> #N/A | N23: {=IFERROR(INDEX($E$1:$E$101,MATCH(0,COUNTIF($N$1:N22,$E$1:$E$101),0)),"")} | O23: =IF(N23="",#N/A,IF(SUMIF(E:E,N23,F:F)=0,0,SUMIF(E:E,N23,F:F))) -> #N/A | W23: =IF('Saisie Budget-Investissement'!M29="","",'Saisie Budget-Investissement'!M29) | X23: =INDEX('Liste Classe d''actifs'!$A$8:$A$37, MATCH(W23,'Liste Classe d''actifs'!$B$8:$B$37,0)) -> #N/A | Y23: =IF(W23="","",'Saisie Budget-Investissement'!Q29) | Z23: =IF(W23="","",'Saisie Budget-Investissement'!R29)
C24: =IF(AND($A$1=1,'Saisie Budget-Investissement'!A30<>""),'Saisie Budget-Investissement'!A30,IF(AND($A$1=2,'Saisie Budget-Investissement'!G30<>""),'Saisie Budget-Investissement'!G30,IF('Saisie Budget-Investissement'!M30<>"",'Saisie Budget-Investissement'!M30,""))) | D24: =IF(C24="","",IF($A$1=1,'Saisie Budget-Investissement'!B30,IF($A$1=2,'Saisie Budget-Investissement'!H30,'Saisie Budget-Investissement'!O30))) | E24: =IF(C24="","",IF($A$1=1,'Saisie Budget-Investissement'!C30,IF($A$1=2,'Saisie Budget-Investissement'!I30,'Saisie Budget-Investissement'!P30))) | F24: =IF(C24="","",IF($A$1=1,'Saisie Budget-Investissement'!D30,IF($A$1=2,'Saisie Budget-Investissement'!J30,'Saisie Budget-Investissement'!Q30))) | G24: =IF(C24="","",IF($A$1=1,'Saisie Budget-Investissement'!E30,IF($A$1=2,'Saisie Budget-Investissement'!K30,'Saisie Budget-Investissement'!R30))) | J24: {=IFERROR(INDEX($C$1:$C$101,MATCH(0,COUNTIF($J$1:J23,$C$1:$C$101),0)),"")} | K24: =IF(J24="",NA(),IF(SUMIF(C:C,'Aide budget'!J24,F:F)=0,NA(),SUMIF(C:C,'Aide budget'!J24,F:F))) -> #N/A | N24: {=IFERROR(INDEX($E$1:$E$101,MATCH(0,COUNTIF($N$1:N23,$E$1:$E$101),0)),"")} | O24: =IF(N24="",#N/A,IF(SUMIF(E:E,N24,F:F)=0,0,SUMIF(E:E,N24,F:F))) -> #N/A | W24: =IF('Saisie Budget-Investissement'!M30="","",'Saisie Budget-Investissement'!M30) | X24: =INDEX('Liste Classe d''actifs'!$A$8:$A$37, MATCH(W24,'Liste Classe d''actifs'!$B$8:$B$37,0)) -> #N/A | Y24: =IF(W24="","",'Saisie Budget-Investissement'!Q30) | Z24: =IF(W24="","",'Saisie Budget-Investissement'!R30)
C25: =IF(AND($A$1=1,'Saisie Budget-Investissement'!A31<>""),'Saisie Budget-Investissement'!A31,IF(AND($A$1=2,'Saisie Budget-Investissement'!G31<>""),'Saisie Budget-Investissement'!G31,IF('Saisie Budget-Investissement'!M31<>"",'Saisie Budget-Investissement'!M31,""))) | D25: =IF(C25="","",IF($A$1=1,'Saisie Budget-Investissement'!B31,IF($A$1=2,'Saisie Budget-Investissement'!H31,'Saisie Budget-Investissement'!O31))) | E25: =IF(C25="","",IF($A$1=1,'Saisie Budget-Investissement'!C31,IF($A$1=2,'Saisie Budget-Investissement'!I31,'Saisie Budget-Investissement'!P31))) | F25: =IF(C25="","",IF($A$1=1,'Saisie Budget-Investissement'!D31,IF($A$1=2,'Saisie Budget-Investissement'!J31,'Saisie Budget-Investissement'!Q31))) | G25: =IF(C25="","",IF($A$1=1,'Saisie Budget-Investissement'!E31,IF($A$1=2,'Saisie Budget-Investissement'!K31,'Saisie Budget-Investissement'!R31))) | J25: {=IFERROR(INDEX($C$1:$C$101,MATCH(0,COUNTIF($J$1:J24,$C$1:$C$101),0)),"")} | K25: =IF(J25="",NA(),IF(SUMIF(C:C,'Aide budget'!J25,F:F)=0,NA(),SUMIF(C:C,'Aide budget'!J25,F:F))) -> #N/A | N25: {=IFERROR(INDEX($E$1:$E$101,MATCH(0,COUNTIF($N$1:N24,$E$1:$E$101),0)),"")} | O25: =IF(N25="",#N/A,IF(SUMIF(E:E,N25,F:F)=0,0,SUMIF(E:E,N25,F:F))) -> #N/A | W25: =IF('Saisie Budget-Investissement'!M31="","",'Saisie Budget-Investissement'!M31) | X25: =INDEX('Liste Classe d''actifs'!$A$8:$A$37, MATCH(W25,'Liste Classe d''actifs'!$B$8:$B$37,0)) -> #N/A | Y25: =IF(W25="","",'Saisie Budget-Investissement'!Q31) | Z25: =IF(W25="","",'Saisie Budget-Investissement'!R31)
C26: =IF(AND($A$1=1,'Saisie Budget-Investissement'!A32<>""),'Saisie Budget-Investissement'!A32,IF(AND($A$1=2,'Saisie Budget-Investissement'!G32<>""),'Saisie Budget-Investissement'!G32,IF('Saisie Budget-Investissement'!M32<>"",'Saisie Budget-Investissement'!M32,""))) | D26: =IF(C26="","",IF($A$1=1,'Saisie Budget-Investissement'!B32,IF($A$1=2,'Saisie Budget-Investissement'!H32,'Saisie Budget-Investissement'!O32))) | E26: =IF(C26="","",IF($A$1=1,'Saisie Budget-Investissement'!C32,IF($A$1=2,'Saisie Budget-Investissement'!I32,'Saisie Budget-Investissement'!P32))) | F26: =IF(C26="","",IF($A$1=1,'Saisie Budget-Investissement'!D32,IF($A$1=2,'Saisie Budget-Investissement'!J32,'Saisie Budget-Investissement'!Q32))) | G26: =IF(C26="","",IF($A$1=1,'Saisie Budget-Investissement'!E32,IF($A$1=2,'Saisie Budget-Investissement'!K32,'Saisie Budget-Investissement'!R32))) | J26: {=IFERROR(INDEX($C$1:$C$101,MATCH(0,COUNTIF($J$1:J25,$C$1:$C$101),0)),"")} | K26: =IF(J26="",NA(),IF(SUMIF(C:C,'Aide budget'!J26,F:F)=0,NA(),SUMIF(C:C,'Aide budget'!J26,F:F))) -> #N/A | N26: {=IFERROR(INDEX($E$1:$E$101,MATCH(0,COUNTIF($N$1:N25,$E$1:$E$101),0)),"")} | O26: =IF(N26="",#N/A,IF(SUMIF(E:E,N26,F:F)=0,0,SUMIF(E:E,N26,F:F))) -> #N/A | W26: =IF('Saisie Budget-Investissement'!M32="","",'Saisie Budget-Investissement'!M32) | X26: =INDEX('Liste Classe d''actifs'!$A$8:$A$37, MATCH(W26,'Liste Classe d''actifs'!$B$8:$B$37,0)) -> #N/A | Y26: =IF(W26="","",'Saisie Budget-Investissement'!Q32) | Z26: =IF(W26="","",'Saisie Budget-Investissement'!R32)
C27: =IF(AND($A$1=1,'Saisie Budget-Investissement'!A33<>""),'Saisie Budget-Investissement'!A33,IF(AND($A$1=2,'Saisie Budget-Investissement'!G33<>""),'Saisie Budget-Investissement'!G33,IF('Saisie Budget-Investissement'!M33<>"",'Saisie Budget-Investissement'!M33,""))) | D27: =IF(C27="","",IF($A$1=1,'Saisie Budget-Investissement'!B33,IF($A$1=2,'Saisie Budget-Investissement'!H33,'Saisie Budget-Investissement'!O33))) | E27: =IF(C27="","",IF($A$1=1,'Saisie Budget-Investissement'!C33,IF($A$1=2,'Saisie Budget-Investissement'!I33,'Saisie Budget-Investissement'!P33))) | F27: =IF(C27="","",IF($A$1=1,'Saisie Budget-Investissement'!D33,IF($A$1=2,'Saisie Budget-Investissement'!J33,'Saisie Budget-Investissement'!Q33))) | G27: =IF(C27="","",IF($A$1=1,'Saisie Budget-Investissement'!E33,IF($A$1=2,'Saisie Budget-Investissement'!K33,'Saisie Budget-Investissement'!R33))) | J27: {=IFERROR(INDEX($C$1:$C$101,MATCH(0,COUNTIF($J$1:J26,$C$1:$C$101),0)),"")} | K27: =IF(J27="",NA(),IF(SUMIF(C:C,'Aide budget'!J27,F:F)=0,NA(),SUMIF(C:C,'Aide budget'!J27,F:F))) -> #N/A | N27: {=IFERROR(INDEX($E$1:$E$101,MATCH(0,COUNTIF($N$1:N26,$E$1:$E$101),0)),"")} | O27: =IF(N27="",#N/A,IF(SUMIF(E:E,N27,F:F)=0,0,SUMIF(E:E,N27,F:F))) -> #N/A | W27: =IF('Saisie Budget-Investissement'!M33="","",'Saisie Budget-Investissement'!M33) | X27: =INDEX('Liste Classe d''actifs'!$A$8:$A$37, MATCH(W27,'Liste Classe d''actifs'!$B$8:$B$37,0)) -> #N/A | Y27: =IF(W27="","",'Saisie Budget-Investissement'!Q33) | Z27: =IF(W27="","",'Saisie Budget-Investissement'!R33)
C28: =IF(AND($A$1=1,'Saisie Budget-Investissement'!A34<>""),'Saisie Budget-Investissement'!A34,IF(AND($A$1=2,'Saisie Budget-Investissement'!G34<>""),'Saisie Budget-Investissement'!G34,IF('Saisie Budget-Investissement'!M34<>"",'Saisie Budget-Investissement'!M34,""))) | D28: =IF(C28="","",IF($A$1=1,'Saisie Budget-Investissement'!B34,IF($A$1=2,'Saisie Budget-Investissement'!H34,'Saisie Budget-Investissement'!O34))) | E28: =IF(C28="","",IF($A$1=1,'Saisie Budget-Investissement'!C34,IF($A$1=2,'Saisie Budget-Investissement'!I34,'Saisie Budget-Investissement'!P34))) | F28: =IF(C28="","",IF($A$1=1,'Saisie Budget-Investissement'!D34,IF($A$1=2,'Saisie Budget-Investissement'!J34,'Saisie Budget-Investissement'!Q34))) | G28: =IF(C28="","",IF($A$1=1,'Saisie Budget-Investissement'!E34,IF($A$1=2,'Saisie Budget-Investissement'!K34,'Saisie Budget-Investissement'!R34))) | J28: {=IFERROR(INDEX($C$1:$C$101,MATCH(0,COUNTIF($J$1:J27,$C$1:$C$101),0)),"")} | K28: =IF(J28="",NA(),IF(SUMIF(C:C,'Aide budget'!J28,F:F)=0,NA(),SUMIF(C:C,'Aide budget'!J28,F:F))) -> #N/A | N28: {=IFERROR(INDEX($E$1:$E$101,MATCH(0,COUNTIF($N$1:N27,$E$1:$E$101),0)),"")} | O28: =IF(N28="",#N/A,IF(SUMIF(E:E,N28,F:F)=0,0,SUMIF(E:E,N28,F:F))) -> #N/A | W28: =IF('Saisie Budget-Investissement'!M34="","",'Saisie Budget-Investissement'!M34) | X28: =INDEX('Liste Classe d''actifs'!$A$8:$A$37, MATCH(W28,'Liste Classe d''actifs'!$B$8:$B$37,0)) -> #N/A | Y28: =IF(W28="","",'Saisie Budget-Investissement'!Q34) | Z28: =IF(W28="","",'Saisie Budget-Investissement'!R34)
C29: =IF(AND($A$1=1,'Saisie Budget-Investissement'!A35<>""),'Saisie Budget-Investissement'!A35,IF(AND($A$1=2,'Saisie Budget-Investissement'!G35<>""),'Saisie Budget-Investissement'!G35,IF('Saisie Budget-Investissement'!M35<>"",'Saisie Budget-Investissement'!M35,""))) | D29: =IF(C29="","",IF($A$1=1,'Saisie Budget-Investissement'!B35,IF($A$1=2,'Saisie Budget-Investissement'!H35,'Saisie Budget-Investissement'!O35))) | E29: =IF(C29="","",IF($A$1=1,'Saisie Budget-Investissement'!C35,IF($A$1=2,'Saisie Budget-Investissement'!I35,'Saisie Budget-Investissement'!P35))) | F29: =IF(C29="","",IF($A$1=1,'Saisie Budget-Investissement'!D35,IF($A$1=2,'Saisie Budget-Investissement'!J35,'Saisie Budget-Investissement'!Q35))) | G29: =IF(C29="","",IF($A$1=1,'Saisie Budget-Investissement'!E35,IF($A$1=2,'Saisie Budget-Investissement'!K35,'Saisie Budget-Investissement'!R35))) | J29: {=IFERROR(INDEX($C$1:$C$101,MATCH(0,COUNTIF($J$1:J28,$C$1:$C$101),0)),"")} | K29: =IF(J29="",NA(),IF(SUMIF(C:C,'Aide budget'!J29,F:F)=0,NA(),SUMIF(C:C,'Aide budget'!J29,F:F))) -> #N/A | N29: {=IFERROR(INDEX($E$1:$E$101,MATCH(0,COUNTIF($N$1:N28,$E$1:$E$101),0)),"")} | O29: =IF(N29="",#N/A,IF(SUMIF(E:E,N29,F:F)=0,0,SUMIF(E:E,N29,F:F))) -> #N/A | W29: =IF('Saisie Budget-Investissement'!M35="","",'Saisie Budget-Investissement'!M35) | X29: =INDEX('Liste Classe d''actifs'!$A$8:$A$37, MATCH(W29,'Liste Classe d''actifs'!$B$8:$B$37,0)) -> #N/A | Y29: =IF(W29="","",'Saisie Budget-Investissement'!Q35) | Z29: =IF(W29="","",'Saisie Budget-Investissement'!R35)
C30: =IF(AND($A$1=1,'Saisie Budget-Investissement'!A36<>""),'Saisie Budget-Investissement'!A36,IF(AND($A$1=2,'Saisie Budget-Investissement'!G36<>""),'Saisie Budget-Investissement'!G36,IF('Saisie Budget-Investissement'!M36<>"",'Saisie Budget-Investissement'!M36,""))) | D30: =IF(C30="","",IF($A$1=1,'Saisie Budget-Investissement'!B36,IF($A$1=2,'Saisie Budget-Investissement'!H36,'Saisie Budget-Investissement'!O36))) | E30: =IF(C30="","",IF($A$1=1,'Saisie Budget-Investissement'!C36,IF($A$1=2,'Saisie Budget-Investissement'!I36,'Saisie Budget-Investissement'!P36))) | F30: =IF(C30="","",IF($A$1=1,'Saisie Budget-Investissement'!D36,IF($A$1=2,'Saisie Budget-Investissement'!J36,'Saisie Budget-Investissement'!Q36))) | G30: =IF(C30="","",IF($A$1=1,'Saisie Budget-Investissement'!E36,IF($A$1=2,'Saisie Budget-Investissement'!K36,'Saisie Budget-Investissement'!R36))) | J30: {=IFERROR(INDEX($C$1:$C$101,MATCH(0,COUNTIF($J$1:J29,$C$1:$C$101),0)),"")} | K30: =IF(J30="",NA(),IF(SUMIF(C:C,'Aide budget'!J30,F:F)=0,NA(),SUMIF(C:C,'Aide budget'!J30,F:F))) -> #N/A | N30: {=IFERROR(INDEX($E$1:$E$101,MATCH(0,COUNTIF($N$1:N29,$E$1:$E$101),0)),"")} | O30: =IF(N30="",#N/A,IF(SUMIF(E:E,N30,F:F)=0,0,SUMIF(E:E,N30,F:F))) -> #N/A | W30: =IF('Saisie Budget-Investissement'!M36="","",'Saisie Budget-Investissement'!M36) | X30: =INDEX('Liste Classe d''actifs'!$A$8:$A$37, MATCH(W30,'Liste Classe d''actifs'!$B$8:$B$37,0)) -> #N/A | Y30: =IF(W30="","",'Saisie Budget-Investissement'!Q36) | Z30: =IF(W30="","",'Saisie Budget-Investissement'!R36)
C31: =IF(AND($A$1=1,'Saisie Budget-Investissement'!A37<>""),'Saisie Budget-Investissement'!A37,IF(AND($A$1=2,'Saisie Budget-Investissement'!G37<>""),'Saisie Budget-Investissement'!G37,IF('Saisie Budget-Investissement'!M37<>"",'Saisie Budget-Investissement'!M37,""))) | D31: =IF(C31="","",IF($A$1=1,'Saisie Budget-Investissement'!B37,IF($A$1=2,'Saisie Budget-Investissement'!H37,'Saisie Budget-Investissement'!O37))) | E31: =IF(C31="","",IF($A$1=1,'Saisie Budget-Investissement'!C37,IF($A$1=2,'Saisie Budget-Investissement'!I37,'Saisie Budget-Investissement'!P37))) | F31: =IF(C31="","",IF($A$1=1,'Saisie Budget-Investissement'!D37,IF($A$1=2,'Saisie Budget-Investissement'!J37,'Saisie Budget-Investissement'!Q37))) | G31: =IF(C31="","",IF($A$1=1,'Saisie Budget-Investissement'!E37,IF($A$1=2,'Saisie Budget-Investissement'!K37,'Saisie Budget-Investissement'!R37))) | J31: {=IFERROR(INDEX($C$1:$C$101,MATCH(0,COUNTIF($J$1:J30,$C$1:$C$101),0)),"")} | K31: =IF(J31="",NA(),IF(SUMIF(C:C,'Aide budget'!J31,F:F)=0,NA(),SUMIF(C:C,'Aide budget'!J31,F:F))) -> #N/A | N31: {=IFERROR(INDEX($E$1:$E$101,MATCH(0,COUNTIF($N$1:N30,$E$1:$E$101),0)),"")} | O31: =IF(N31="",#N/A,IF(SUMIF(E:E,N31,F:F)=0,0,SUMIF(E:E,N31,F:F))) -> #N/A | W31: =IF('Saisie Budget-Investissement'!M37="","",'Saisie Budget-Investissement'!M37) | X31: =INDEX('Liste Classe d''actifs'!$A$8:$A$37, MATCH(W31,'Liste Classe d''actifs'!$B$8:$B$37,0)) -> #N/A | Y31: =IF(W31="","",'Saisie Budget-Investissement'!Q37) | Z31: =IF(W31="","",'Saisie Budget-Investissement'!R37)
C32: =IF(AND($A$1=1,'Saisie Budget-Investissement'!A38<>""),'Saisie Budget-Investissement'!A38,IF(AND($A$1=2,'Saisie Budget-Investissement'!G38<>""),'Saisie Budget-Investissement'!G38,IF('Saisie Budget-Investissement'!M38<>"",'Saisie Budget-Investissement'!M38,""))) | D32: =IF(C32="","",IF($A$1=1,'Saisie Budget-Investissement'!B38,IF($A$1=2,'Saisie Budget-Investissement'!H38,'Saisie Budget-Investissement'!O38))) | E32: =IF(C32="","",IF($A$1=1,'Saisie Budget-Investissement'!C38,IF($A$1=2,'Saisie Budget-Investissement'!I38,'Saisie Budget-Investissement'!P38))) | F32: =IF(C32="","",IF($A$1=1,'Saisie Budget-Investissement'!D38,IF($A$1=2,'Saisie Budget-Investissement'!J38,'Saisie Budget-Investissement'!Q38))) | G32: =IF(C32="","",IF($A$1=1,'Saisie Budget-Investissement'!E38,IF($A$1=2,'Saisie Budget-Investissement'!K38,'Saisie Budget-Investissement'!R38))) | J32: {=IFERROR(INDEX($C$1:$C$101,MATCH(0,COUNTIF($J$1:J31,$C$1:$C$101),0)),"")} | K32: =IF(J32="",NA(),IF(SUMIF(C:C,'Aide budget'!J32,F:F)=0,NA(),SUMIF(C:C,'Aide budget'!J32,F:F))) -> #N/A | N32: {=IFERROR(INDEX($E$1:$E$101,MATCH(0,COUNTIF($N$1:N31,$E$1:$E$101),0)),"")} | O32: =IF(N32="",#N/A,IF(SUMIF(E:E,N32,F:F)=0,0,SUMIF(E:E,N32,F:F))) -> #N/A | W32: =IF('Saisie Budget-Investissement'!M38="","",'Saisie Budget-Investissement'!M38) | X32: =INDEX('Liste Classe d''actifs'!$A$8:$A$37, MATCH(W32,'Liste Classe d''actifs'!$B$8:$B$37,0)) -> #N/A | Y32: =IF(W32="","",'Saisie Budget-Investissement'!Q38) | Z32: =IF(W32="","",'Saisie Budget-Investissement'!R38)
... C101: =IF(AND($A$1=1,'Saisie Budget-Investissement'!A107<>""),'Saisie Budget-Investissement'!A107,IF(AND($A$1=2,'Saisie Budget-Investissement'!G107<>""),'Saisie Budget-Investissement'!G107,IF('Saisie Budget-Investissement'!M107<>"",'Saisie Budget-Investissement'!M107,""))) | D101: =IF(C101="","",IF($A$1=1,'Saisie Budget-Investissement'!B107,IF($A$1=2,'Saisie Budget-Investissement'!H107,'Saisie Budget-Investissement'!O107))) | E101: =IF(C101="","",IF($A$1=1,'Saisie Budget-Investissement'!C107,IF($A$1=2,'Saisie Budget-Investissement'!I107,'Saisie Budget-Investissement'!P107))) | F101: =IF(C101="","",IF($A$1=1,'Saisie Budget-Investissement'!D107,IF($A$1=2,'Saisie Budget-Investissement'!J107,'Saisie Budget-Investissement'!Q107))) | G101: =IF(C101="","",IF($A$1=1,'Saisie Budget-Investissement'!E107,IF($A$1=2,'Saisie Budget-Investissement'!K107,'Saisie Budget-Investissement'!R107))) | J101: {=IFERROR(INDEX($C$1:$C$101,MATCH(0,COUNTIF($J$1:J100,$C$1:$C$101),0)),"")} | K101: =IF(J101="",NA(),IF(SUMIF(C:C,'Aide budget'!J101,F:F)=0,NA(),SUMIF(C:C,'Aide budget'!J101,F:F))) -> #N/A | N101: {=IFERROR(INDEX($E$1:$E$101,MATCH(0,COUNTIF($N$1:N100,$E$1:$E$101),0)),"")} | O101: =IF(N101="",#N/A,IF(SUMIF(E:E,N101,F:F)=0,0,SUMIF(E:E,N101,F:F))) -> #N/A | W101: =IF('Saisie Budget-Investissement'!M107="","",'Saisie Budget-Investissement'!M107) | X101: =INDEX('Liste Classe d''actifs'!$A$8:$A$37, MATCH(W101,'Liste Classe d''actifs'!$B$8:$B$37,0)) -> #N/A | Y101: =IF(W101="","",'Saisie Budget-Investissement'!Q107) | Z101: =IF(W101="","",'Saisie Budget-Investissement'!R107)

Sheet Aide patrimoine
A1: Date | B1: Emplacement | C1: Banque/Plateforme | D1: Enveloppe | E1: Classe d'actifs | F1: Actifs | G1: Montant Net | H1: Montant Brut | I1: Commentaire | J1: Grande classe d'actifs | K1: Type de banque/plateforme | L1: Concaténation | M1: Montant2 | N1: Montant3 | O1: Pour Net/Brut1 | P1: Pour Net/Brut2 | Q1: Actifs 2 | R1: Classe 2 | S1: Banque 2 | V1: Année | AA1: Classe d'actifs | AB1: Somme montant | AC1: Top 5 | AD1: Classe 2 | AE1: Somme montant top5 | AG1: Grande classe d'actifs | AH1: Somme montant | AJ1: Gde classe | AK1: Classe d'actif2 | AL1: Actifs | AN1: Enveloppe | AO1: Somme montant | AQ1: Banque/plateforme | AR1: Somme montant | AS1: Top 5 | AT1: Banque 2 | AU1: Somme montant top5 | AW1: Emplacement | AX1: Orde Alpha emplacement | BB1: Actifs | BC1: Somme montant | BD1: TOP 5 | BE1: Actifs 2 | BF1: Somme montant top5 | BH1: Actifs | BI1: Orde Alpha actifs | BL1: Classe d'actifs | BM1: Orde Alpha classe
B2: ='Saisie Patrimoine'!B7 -> BoursoBank - PEA | C2: =IF(B2="","",IF(B2=0,0,LEFT(B2,FIND(" - ",B2)-1))) -> BoursoBank | D2: =IF(B2="","",IF(B2=0,0,RIGHT(B2,LEN(B2)-FIND(" - ",B2)-2))) -> PEA | E2: ='Saisie Patrimoine'!C7 -> ETF actions | G2: ='Saisie Patrimoine'!E7 -> 10850 | H2: ='Saisie Patrimoine'!F7 -> 0 | J2: =IF(E2=0,0,INDEX('Liste Classe d''actifs'!$A$8:$A$37,MATCH(E2,'Liste Classe d''actifs'!$B$8:$B$37,0))) -> Actions | K2: =IF(A2="","",IF(ISERROR(VLOOKUP(B2,'Liste Banque-Enveloppe'!A:D,2,FALSE)),0,VLOOKUP(B2,'Liste Banque-Enveloppe'!A:D,2,FALSE))) | L2: =J2&E2 -> ActionsETF actions | M2: =IF(AND($AZ$14="Toutes",$AZ$15="Toutes"),N2,IF(AND($AZ$14="Toutes",$AZ$15<>"Toutes"),IF($AZ$15=E2,N2,0),IF(AND($AZ$14<>"Toutes",$AZ$15="Toutes"),IF($AZ$14=J2,N2,0),IF($AZ$14&$AZ$15=L2,N2,0)))) -> 10850 | N2: =IF(AND($T$10=2,D2="Résidence principale"),0,IF($T$7="Net",G2,IF(H2=0,G2,H2))) -> 10850 | O2: =IF(AND($T$10=2,D2="Résidence principale"),0,IF(H2=0,G2,H2)) -> 10850 | P2: =IF(AND($AZ$14="Toutes",$AZ$15="Toutes"),O2,IF(AND($AZ$14="Toutes",$AZ$15<>"Toutes"),IF($AZ$15=E2,O2,0),IF(AND($AZ$14<>"Toutes",$AZ$15="Toutes"),IF($AZ$14=J2,O2,0),IF($AZ$14&$AZ$15=L2,O2,0)))) -> 10850 | R2: =IF(NOT(ISERROR(VLOOKUP(E2,$AC$2:$AC$6,1,FALSE))),E2,"Les autres classes d'actifs") -> ETF actions | S2: =IF(NOT(ISERROR(VLOOKUP(C2,$AS$2:$AS$6,1,FALSE))),C2,"Les autres banques") -> BoursoBank | V2: {=IFERROR(INDEX(YEAR('Saisie Patrimoine'!$A$7:$A$20000),MATCH(0,COUNTIF(V$1:V1,YEAR('Saisie Patrimoine'!$A$7:$A$20000)),0)),"")} -> 1900 | AA2: =IF('Liste Classe d''actifs'!B8="","",'Liste Classe d''actifs'!B8) -> Cash en banque | AB2: =IF(AA2="",#N/A,IF(ISERROR(VLOOKUP(AA2,E:E,1,FALSE)),#N/A,IF(SUMIF(E:E,AA2,M:M)=0,#N/A,SUMIF(E:E,AA2,M:M)))) -> 10550 | AC2: {=INDEX(AA2:AA31, SMALL(IF((IF(ISNA(AB2:AB31), "", AB2:AB31)) = LARGE(IF(ISNA(AB2:AB31), "", $AB2:AB31), 1), ROW(AB2:AB31) - ROW(AB2) + 1), 1))} -> ETF actions | AD2: {=IFERROR(INDEX($R$1:$R$501,MATCH(0,COUNTIF($AD$1:AD1,$R$1:$R$501),0)),"")} -> ETF actions | AE2: =IF(AD2="",NA(),IF(SUMIF(R:R,AD2,M:M)=0,NA(),SUMIF(R:R,AD2,M:M))) -> 31800 | AG2: Liquidités | AH2: =IF(AG2="",#N/A,IF(ISERROR(VLOOKUP(AG2,J:J,1,FALSE)),#N/A,IF(SUMIF(J:J,AG2,M:M)=0,#N/A,SUMIF(J:J,AG2,M:M)))) -> 23900 | AJ2: Toutes | AK2: Toutes | AN2: {=IFERROR(INDEX($D$1:$D$301,MATCH(0,COUNTIF($AN$1:AN1,$D$1:$D$301),0)),"")} -> PEA | AO2: =IF(AN2="",NA(),IF(SUMIF(D:D,AN2,M:M)=0,0,SUMIF(D:D,AN2,M:M))) -> 42350 | AQ2: {=IFERROR(INDEX($C$1:$C$301,MATCH(0,COUNTIF($AQ$1:AQ1,$C$1:$C$301),0)),"")} -> BoursoBank | AR2: =IF(AQ2="",NA(),IF(SUMIF(C:C,AQ2,M:M)=0,NA(),SUMIF(C:C,AQ2,M:M))) -> 42350 | AS2: {=INDEX(AQ2:AQ201, SMALL(IF((IF(ISNA(AR2:AR201), "", AR2:AR201)) = LARGE(IF(ISNA(AR2:AR201), "", $AR2:AR201), 1), ROW(AR2:AR201) - ROW(AR2) + 1), 1))} -> BoursoBank | AT2: {=IFERROR(INDEX($S$1:$S$501,MATCH(0,COUNTIF($AT$1:AT1,$S$1:$S$501),0)),"")} -> BoursoBank | AU2: =IF(AT2="",NA(),IF(SUMIF(S:S,AT2,M:M)=0,NA(),SUMIF(S:S,AT2,M:M))) -> 42350 | AW2: {=IFERROR(INDEX('Liste Banque-Enveloppe'!$C$7:$C$206,MATCH(0,COUNTIF(AW$1:AW1,'Liste Banque-Enveloppe'!$C$7:$C$206),0)),"")} -> Crédit Agricole - Compte courant | AX2: =IF(OR(AW2="",AW2=" - "),0,IFERROR(INDEX($AW$2:$AW$202,MATCH(SMALL($AY$2:$AY$202,ROW(AW1)),$AY$2:$AY$202,0)),"")) -> AuCoffre - Or en direct | AY2: =IF(OR(AW2="",AW2=" - "),201,COUNTIF($AW$2:$AW$201,"<="&AW2)) -> 193 | BL2: =IF('Liste Classe d''actifs'!B8="","",'Liste Classe d''actifs'!B8) -> Cash en banque | BM2: =IF(OR(BL2="",BL2=" - "),0,IFERROR(INDEX($BL$2:$BL$32,MATCH(SMALL($BN$2:$BN$32,ROW(BL1)),$BN$2:$BN$32,0)),"")) -> Capital Société privée | BN2: =IF(OR(BL2="",BL2=" - "),31,COUNTIF($BL$2:$BL$32,"<="&BL2)) -> 21
B3: ='Saisie Patrimoine'!B8 -> BoursoBank - PEA | C3: =IF(B3="","",IF(B3=0,0,LEFT(B3,FIND(" - ",B3)-1))) -> BoursoBank | D3: =IF(B3="","",IF(B3=0,0,RIGHT(B3,LEN(B3)-FIND(" - ",B3)-2))) -> PEA | E3: ='Saisie Patrimoine'!C8 -> ETF actions | G3: ='Saisie Patrimoine'!E8 -> 20950 | H3: ='Saisie Patrimoine'!F8 -> 0 | J3: =IF(E3=0,0,INDEX('Liste Classe d''actifs'!$A$8:$A$37,MATCH(E3,'Liste Classe d''actifs'!$B$8:$B$37,0))) -> Actions | K3: =IF(A3="","",IF(ISERROR(VLOOKUP(B3,'Liste Banque-Enveloppe'!A:D,2,FALSE)),0,VLOOKUP(B3,'Liste Banque-Enveloppe'!A:D,2,FALSE))) | L3: =J3&E3 -> ActionsETF actions | M3: =IF(AND($AZ$14="Toutes",$AZ$15="Toutes"),N3,IF(AND($AZ$14="Toutes",$AZ$15<>"Toutes"),IF($AZ$15=E3,N3,0),IF(AND($AZ$14<>"Toutes",$AZ$15="Toutes"),IF($AZ$14=J3,N3,0),IF($AZ$14&$AZ$15=L3,N3,0)))) -> 20950 | N3: =IF(AND($T$10=2,D3="Résidence principale"),0,IF($T$7="Net",G3,IF(H3=0,G3,H3))) -> 20950 | O3: =IF(AND($T$10=2,D3="Résidence principale"),0,IF(H3=0,G3,H3)) -> 20950 | P3: =IF(AND($AZ$14="Toutes",$AZ$15="Toutes"),O3,IF(AND($AZ$14="Toutes",$AZ$15<>"Toutes"),IF($AZ$15=E3,O3,0),IF(AND($AZ$14<>"Toutes",$AZ$15="Toutes"),IF($AZ$14=J3,O3,0),IF($AZ$14&$AZ$15=L3,O3,0)))) -> 20950 | R3: =IF(NOT(ISERROR(VLOOKUP(E3,$AC$2:$AC$6,1,FALSE))),E3,"Les autres classes d'actifs") -> ETF actions | S3: =IF(NOT(ISERROR(VLOOKUP(C3,$AS$2:$AS$6,1,FALSE))),C3,"Les autres banques") -> BoursoBank | V3: {=IFERROR(INDEX(YEAR('Saisie Patrimoine'!$A$7:$A$20000),MATCH(0,COUNTIF(V$1:V2,YEAR('Saisie Patrimoine'!$A$7:$A$20000)),0)),"")} | AA3: =IF('Liste Classe d''actifs'!B9="","",'Liste Classe d''actifs'!B9) -> Epargne | AB3: =IF(AA3="",#N/A,IF(ISERROR(VLOOKUP(AA3,E:E,1,FALSE)),#N/A,IF(SUMIF(E:E,AA3,M:M)=0,#N/A,SUMIF(E:E,AA3,M:M)))) -> 13350 | AC3: {=INDEX(AA2:AA31, SMALL(IF((IF(ISNA(AB2:AB31), "", AB2:AB31)) = LARGE(IF(ISNA(AB2:AB31), "", $AB2:AB31), 2), ROW(AB2:AB31) - ROW(AB2) + 1), 1))} -> Immo physique | AD3: {=IFERROR(INDEX($R$1:$R$501,MATCH(0,COUNTIF($AD$1:AD2,$R$1:$R$501),0)),"")} -> Les autres classes d'actifs | AE3: =IF(AD3="",NA(),IF(SUMIF(R:R,AD3,M:M)=0,NA(),SUMIF(R:R,AD3,M:M))) -> 25800 | AG3: Obligations | AH3: =IF(AG3="",#N/A,IF(ISERROR(VLOOKUP(AG3,J:J,1,FALSE)),#N/A,IF(SUMIF(J:J,AG3,M:M)=0,#N/A,SUMIF(J:J,AG3,M:M)))) -> 9100 | AJ3: {=IFERROR(INDEX('Liste Classe d''actifs'!$A$8:$A$37,MATCH(0,COUNTIF(AJ$2:AJ2,'Liste Classe d''actifs'!$A$8:$A$37),0)),"")} -> Liquidités | AK3: {=IF($AZ$14="Toutes",'Liste Classe d''actifs'!B8,IFERROR(INDEX('Liste Classe d''actifs'!$B$8:$B$37,_xlfn.AGGREGATE(15,6,(ROW('Liste Classe d''actifs'!$B$8:$B$37)-ROW('Liste Classe d''actifs'!$B$7))/('Liste Classe d''actifs'!A$8:A$37=$AZ$14),ROW('Liste Classe d''actifs'!A1))),""))} -> Cash en banque | AN3: {=IFERROR(INDEX($D$1:$D$301,MATCH(0,COUNTIF($AN$1:AN2,$D$1:$D$301),0)),"")} -> Compte courant | AO3: =IF(AN3="",NA(),IF(SUMIF(D:D,AN3,M:M)=0,0,SUMIF(D:D,AN3,M:M))) -> 10550 | AQ3: {=IFERROR(INDEX($C$1:$C$301,MATCH(0,COUNTIF($AQ$1:AQ2,$C$1:$C$301),0)),"")} -> Crédit Agricole | AR3: =IF(AQ3="",NA(),IF(SUMIF(C:C,AQ3,M:M)=0,NA(),SUMIF(C:C,AQ3,M:M))) -> 22650 | AS3: {=INDEX(AQ2:AQ201, SMALL(IF((IF(ISNA(AR2:AR201), "", AR2:AR201)) = LARGE(IF(ISNA(AR2:AR201), "", $AR2:AR201), 2), ROW(AR2:AR201) - ROW(AR2) + 1), 1))} -> Direct | AT3: {=IFERROR(INDEX($S$1:$S$301,MATCH(0,COUNTIF($AT$1:AT2,$S$1:$S$301),0)),"")} -> Crédit Agricole | AU3: =IF(AT3="",NA(),IF(SUMIF(S:S,AT3,M:M)=0,NA(),SUMIF(S:S,AT3,M:M))) -> 22650 | AW3: {=IFERROR(INDEX('Liste Banque-Enveloppe'!$C$7:$C$206,MATCH(0,COUNTIF(AW$1:AW2,'Liste Banque-Enveloppe'!$C$7:$C$206),0)),"")} -> Crédit Agricole - Livret A | AX3: =IF(OR(AW3="",AW3=" - "),0,IFERROR(INDEX($AW$2:$AW$202,MATCH(SMALL($AY$2:$AY$202,ROW(AW2)),$AY$2:$AY$202,0)),"")) -> Binance - CEX | AY3: =IF(OR(AW3="",AW3=" - "),201,COUNTIF($AW$2:$AW$201,"<="&AW3)) -> 194 | BL3: =IF('Liste Classe d''actifs'!B9="","",'Liste Classe d''actifs'!B9) -> Epargne | BM3: =IF(OR(BL3="",BL3=" - "),0,IFERROR(INDEX($BL$2:$BL$32,MATCH(SMALL($BN$2:$BN$32,ROW(BL2)),$BN$2:$BN$32,0)),"")) -> Cash en banque | BN3: =IF(OR(BL3="",BL3=" - "),31,COUNTIF($BL$2:$BL$32,"<="&BL3)) -> 24
B4: ='Saisie Patrimoine'!B9 -> BoursoBank - PEA | C4: =IF(B4="","",IF(B4=0,0,LEFT(B4,FIND(" - ",B4)-1))) -> BoursoBank | D4: =IF(B4="","",IF(B4=0,0,RIGHT(B4,LEN(B4)-FIND(" - ",B4)-2))) -> PEA | E4: ='Saisie Patrimoine'!C9 -> ETF Obligations | G4: ='Saisie Patrimoine'!E9 -> 9100 | H4: ='Saisie Patrimoine'!F9 -> 0 | J4: =IF(E4=0,0,INDEX('Liste Classe d''actifs'!$A$8:$A$37,MATCH(E4,'Liste Classe d''actifs'!$B$8:$B$37,0))) -> Obligations | K4: =IF(A4="","",IF(ISERROR(VLOOKUP(B4,'Liste Banque-Enveloppe'!A:D,2,FALSE)),0,VLOOKUP(B4,'Liste Banque-Enveloppe'!A:D,2,FALSE))) | L4: =J4&E4 -> ObligationsETF Obligations | M4: =IF(AND($AZ$14="Toutes",$AZ$15="Toutes"),N4,IF(AND($AZ$14="Toutes",$AZ$15<>"Toutes"),IF($AZ$15=E4,N4,0),IF(AND($AZ$14<>"Toutes",$AZ$15="Toutes"),IF($AZ$14=J4,N4,0),IF($AZ$14&$AZ$15=L4,N4,0)))) -> 9100 | N4: =IF(AND($T$10=2,D4="Résidence principale"),0,IF($T$7="Net",G4,IF(H4=0,G4,H4))) -> 9100 | O4: =IF(AND($T$10=2,D4="Résidence principale"),0,IF(H4=0,G4,H4)) -> 9100 | P4: =IF(AND($AZ$14="Toutes",$AZ$15="Toutes"),O4,IF(AND($AZ$14="Toutes",$AZ$15<>"Toutes"),IF($AZ$15=E4,O4,0),IF(AND($AZ$14<>"Toutes",$AZ$15="Toutes"),IF($AZ$14=J4,O4,0),IF($AZ$14&$AZ$15=L4,O4,0)))) -> 9100 | R4: =IF(NOT(ISERROR(VLOOKUP(E4,$AC$2:$AC$6,1,FALSE))),E4,"Les autres classes d'actifs") -> Les autres classes d'actifs | S4: =IF(NOT(ISERROR(VLOOKUP(C4,$AS$2:$AS$6,1,FALSE))),C4,"Les autres banques") -> BoursoBank | V4: {=IFERROR(INDEX(YEAR('Saisie Patrimoine'!$A$7:$A$20000),MATCH(0,COUNTIF(V$1:V3,YEAR('Saisie Patrimoine'!$A$7:$A$20000)),0)),"")} | AA4: =IF('Liste Classe d''actifs'!B10="","",'Liste Classe d''actifs'!B10) -> Stock Picking | AB4: =IF(AA4="",#N/A,IF(ISERROR(VLOOKUP(AA4,E:E,1,FALSE)),#N/A,IF(SUMIF(E:E,AA4,M:M)=0,#N/A,SUMIF(E:E,AA4,M:M)))) -> 1800 | AC4: {=INDEX(AA2:AA31, SMALL(IF((IF(ISNA(AB2:AB31), "", AB2:AB31)) = LARGE(IF(ISNA(AB2:AB31), "", $AB2:AB31), 3), ROW(AB2:AB31) - ROW(AB2) + 1), 1))} -> Epargne | AD4: {=IFERROR(INDEX($R$1:$R$501,MATCH(0,COUNTIF($AD$1:AD3,$R$1:$R$501),0)),"")} -> Cash en banque | AE4: =IF(AD4="",NA(),IF(SUMIF(R:R,AD4,M:M)=0,NA(),SUMIF(R:R,AD4,M:M))) -> 10550 | AG4: Immobilier | AH4: =IF(AG4="",#N/A,IF(ISERROR(VLOOKUP(AG4,J:J,1,FALSE)),#N/A,IF(SUMIF(J:J,AG4,M:M)=0,#N/A,SUMIF(J:J,AG4,M:M)))) -> 33500 | AJ4: {=IFERROR(INDEX('Liste Classe d''actifs'!$A$8:$A$37,MATCH(0,COUNTIF(AJ$2:AJ3,'Liste Classe d''actifs'!$A$8:$A$37),0)),"")} -> Actions | AK4: {=IF($AZ$14="Toutes",'Liste Classe d''actifs'!B9,IFERROR(INDEX('Liste Classe d''actifs'!$B$8:$B$37,_xlfn.AGGREGATE(15,6,(ROW('Liste Classe d''actifs'!$B$8:$B$37)-ROW('Liste Classe d''actifs'!$B$7))/('Liste Classe d''actifs'!A$8:A$37=$AZ$14),ROW('Liste Classe d''actifs'!A2))),""))} -> Epargne | AN4: {=IFERROR(INDEX($D$1:$D$301,MATCH(0,COUNTIF($AN$1:AN3,$D$1:$D$301),0)),"")} -> Livret A | AO4: =IF(AN4="",NA(),IF(SUMIF(D:D,AN4,M:M)=0,0,SUMIF(D:D,AN4,M:M))) -> 12100 | AQ4: {=IFERROR(INDEX($C$1:$C$301,MATCH(0,COUNTIF($AQ$1:AQ3,$C$1:$C$301),0)),"")} -> Linxea | AR4: =IF(AQ4="",NA(),IF(SUMIF(C:C,AQ4,M:M)=0,NA(),SUMIF(C:C,AQ4,M:M))) -> 3950 | AS4: {=INDEX(AQ2:AQ201, SMALL(IF((IF(ISNA(AR2:AR201), "", AR2:AR201)) = LARGE(IF(ISNA(AR2:AR201), "", $AR2:AR201), 3), ROW(AR2:AR201) - ROW(AR2) + 1), 1))} -> Crédit Agricole | AT4: {=IFERROR(INDEX($S$1:$S$301,MATCH(0,COUNTIF($AT$1:AT3,$S$1:$S$301),0)),"")} -> Les autres banques | AU4: =IF(AT4="",NA(),IF(SUMIF(S:S,AT4,M:M)=0,NA(),SUMIF(S:S,AT4,M:M))) -> 12010 | AW4: {=IFERROR(INDEX('Liste Banque-Enveloppe'!$C$7:$C$206,MATCH(0,COUNTIF(AW$1:AW3,'Liste Banque-Enveloppe'!$C$7:$C$206),0)),"")} -> Binance - CEX | AX4: =IF(OR(AW4="",AW4=" - "),0,IFERROR(INDEX($AW$2:$AW$202,MATCH(SMALL($AY$2:$AY$202,ROW(AW3)),$AY$2:$AY$202,0)),"")) -> BoursoBank - Assurance Vie | AY4: =IF(OR(AW4="",AW4=" - "),201,COUNTIF($AW$2:$AW$201,"<="&AW4)) -> 189 | BL4: =IF('Liste Classe d''actifs'!B10="","",'Liste Classe d''actifs'!B10) -> Stock Picking | BM4: =IF(OR(BL4="",BL4=" - "),0,IFERROR(INDEX($BL$2:$BL$32,MATCH(SMALL($BN$2:$BN$32,ROW(BL3)),$BN$2:$BN$32,0)),"")) -> Crowfunding immo | BN4: =IF(OR(BL4="",BL4=" - "),31,COUNTIF($BL$2:$BL$32,"<="&BL4)) -> 30
B5: ='Saisie Patrimoine'!B10 -> BoursoBank - PEA | C5: =IF(B5="","",IF(B5=0,0,LEFT(B5,FIND(" - ",B5)-1))) -> BoursoBank | D5: =IF(B5="","",IF(B5=0,0,RIGHT(B5,LEN(B5)-FIND(" - ",B5)-2))) -> PEA | E5: ='Saisie Patrimoine'!C10 -> Stock Picking | G5: ='Saisie Patrimoine'!E10 -> 1450 | H5: ='Saisie Patrimoine'!F10 -> 0 | J5: =IF(E5=0,0,INDEX('Liste Classe d''actifs'!$A$8:$A$37,MATCH(E5,'Liste Classe d''actifs'!$B$8:$B$37,0))) -> Actions | K5: =IF(A5="","",IF(ISERROR(VLOOKUP(B5,'Liste Banque-Enveloppe'!A:D,2,FALSE)),0,VLOOKUP(B5,'Liste Banque-Enveloppe'!A:D,2,FALSE))) | L5: =J5&E5 -> ActionsStock Picking | M5: =IF(AND($AZ$14="Toutes",$AZ$15="Toutes"),N5,IF(AND($AZ$14="Toutes",$AZ$15<>"Toutes"),IF($AZ$15=E5,N5,0),IF(AND($AZ$14<>"Toutes",$AZ$15="Toutes"),IF($AZ$14=J5,N5,0),IF($AZ$14&$AZ$15=L5,N5,0)))) -> 1450 | N5: =IF(AND($T$10=2,D5="Résidence principale"),0,IF($T$7="Net",G5,IF(H5=0,G5,H5))) -> 1450 | O5: =IF(AND($T$10=2,D5="Résidence principale"),0,IF(H5=0,G5,H5)) -> 1450 | P5: =IF(AND($AZ$14="Toutes",$AZ$15="Toutes"),O5,IF(AND($AZ$14="Toutes",$AZ$15<>"Toutes"),IF($AZ$15=E5,O5,0),IF(AND($AZ$14<>"Toutes",$AZ$15="Toutes"),IF($AZ$14=J5,O5,0),IF($AZ$14&$AZ$15=L5,O5,0)))) -> 1450 | R5: =IF(NOT(ISERROR(VLOOKUP(E5,$AC$2:$AC$6,1,FALSE))),E5,"Les autres classes d'actifs") -> Les autres classes d'actifs | S5: =IF(NOT(ISERROR(VLOOKUP(C5,$AS$2:$AS$6,1,FALSE))),C5,"Les autres banques") -> BoursoBank | V5: {=IFERROR(INDEX(YEAR('Saisie Patrimoine'!$A$7:$A$20000),MATCH(0,COUNTIF(V$1:V4,YEAR('Saisie Patrimoine'!$A$7:$A$20000)),0)),"")} | AA5: =IF('Liste Classe d''actifs'!B11="","",'Liste Classe d''actifs'!B11) -> ETF actions | AB5: =IF(AA5="",#N/A,IF(ISERROR(VLOOKUP(AA5,E:E,1,FALSE)),#N/A,IF(SUMIF(E:E,AA5,M:M)=0,#N/A,SUMIF(E:E,AA5,M:M)))) -> 31800 | AC5: {=INDEX(AA2:AA31, SMALL(IF((IF(ISNA(AB2:AB31), "", AB2:AB31)) = LARGE(IF(ISNA(AB2:AB31), "", $AB2:AB31), 4), ROW(AB2:AB31) - ROW(AB2) + 1), 1))} -> Cryptos | AD5: {=IFERROR(INDEX($R$1:$R$501,MATCH(0,COUNTIF($AD$1:AD4,$R$1:$R$501),0)),"")} -> Epargne | AE5: =IF(AD5="",NA(),IF(SUMIF(R:R,AD5,M:M)=0,NA(),SUMIF(R:R,AD5,M:M))) -> 13350 | AG5: Actions | AH5: =IF(AG5="",#N/A,IF(ISERROR(VLOOKUP(AG5,J:J,1,FALSE)),#N/A,IF(SUMIF(J:J,AG5,M:M)=0,#N/A,SUMIF(J:J,AG5,M:M)))) -> 33600 | AJ5: {=IFERROR(INDEX('Liste Classe d''actifs'!$A$8:$A$37,MATCH(0,COUNTIF(AJ$2:AJ4,'Liste Classe d''actifs'!$A$8:$A$37),0)),"")} -> Immobilier | AK5: {=IF($AZ$14="Toutes",'Liste Classe d''actifs'!B10,IFERROR(INDEX('Liste Classe d''actifs'!$B$8:$B$37,_xlfn.AGGREGATE(15,6,(ROW('Liste Classe d''actifs'!$B$8:$B$37)-ROW('Liste Classe d''actifs'!$B$7))/('Liste Classe d''actifs'!A$8:A$37=$AZ$14),ROW('Liste Classe d''actifs'!A3))),""))} -> Stock Picking | AN5: {=IFERROR(INDEX($D$1:$D$301,MATCH(0,COUNTIF($AN$1:AN4,$D$1:$D$301),0)),"")} -> Assurance Vie | AO5: =IF(AN5="",NA(),IF(SUMIF(D:D,AN5,M:M)=0,0,SUMIF(D:D,AN5,M:M))) -> 3950 | AQ5: {=IFERROR(INDEX($C$1:$C$301,MATCH(0,COUNTIF($AQ$1:AQ4,$C$1:$C$301),0)),"")} -> Corum | AR5: =IF(AQ5="",NA(),IF(SUMIF(C:C,AQ5,M:M)=0,NA(),SUMIF(C:C,AQ5,M:M))) -> 2000 | AS5: {=INDEX(AQ2:AQ201, SMALL(IF((IF(ISNA(AR2:AR201), "", AR2:AR201)) = LARGE(IF(ISNA(AR2:AR201), "", $AR2:AR201), 4), ROW(AR2:AR201) - ROW(AR2) + 1), 1))} -> Ledger | AT5: {=IFERROR(INDEX($S$1:$S$301,MATCH(0,COUNTIF($AT$1:AT4,$S$1:$S$301),0)),"")} -> Trade Republic | AU5: =IF(AT5="",NA(),IF(SUMIF(S:S,AT5,M:M)=0,NA(),SUMIF(S:S,AT5,M:M))) -> 7550 | AW5: {=IFERROR(INDEX('Liste Banque-Enveloppe'!$C$7:$C$206,MATCH(0,COUNTIF(AW$1:AW4,'Liste Banque-Enveloppe'!$C$7:$C$206),0)),"")} -> Ledger - Cold wallet | AX5: =IF(OR(AW5="",AW5=" - "),0,IFERROR(INDEX($AW$2:$AW$202,MATCH(SMALL($AY$2:$AY$202,ROW(AW4)),$AY$2:$AY$202,0)),"")) -> BoursoBank - PEA | AY5: =IF(OR(AW5="",AW5=" - "),201,COUNTIF($AW$2:$AW$201,"<="&AW5)) -> 198 | BL5: =IF('Liste Classe d''actifs'!B11="","",'Liste Classe d''actifs'!B11) -> ETF actions | BM5: =IF(OR(BL5="",BL5=" - "),0,IFERROR(INDEX($BL$2:$BL$32,MATCH(SMALL($BN$2:$BN$32,ROW(BL4)),$BN$2:$BN$32,0)),"")) -> Cryptos | BN5: =IF(OR(BL5="",BL5=" - "),31,COUNTIF($BL$2:$BL$32,"<="&BL5)) -> 25
B6: ='Saisie Patrimoine'!B11 -> Crédit Agricole - Compte courant | C6: =IF(B6="","",IF(B6=0,0,LEFT(B6,FIND(" - ",B6)-1))) -> Crédit Agricole | D6: =IF(B6="","",IF(B6=0,0,RIGHT(B6,LEN(B6)-FIND(" - ",B6)-2))) -> Compte courant | E6: ='Saisie Patrimoine'!C11 -> Cash en banque | G6: ='Saisie Patrimoine'!E11 -> 10550 | H6: ='Saisie Patrimoine'!F11 -> 0 | J6: =IF(E6=0,0,INDEX('Liste Classe d''actifs'!$A$8:$A$37,MATCH(E6,'Liste Classe d''actifs'!$B$8:$B$37,0))) -> Liquidités | K6: =IF(A6="","",IF(ISERROR(VLOOKUP(B6,'Liste Banque-Enveloppe'!A:D,2,FALSE)),0,VLOOKUP(B6,'Liste Banque-Enveloppe'!A:D,2,FALSE))) | L6: =J6&E6 -> LiquiditésCash en banque | M6: =IF(AND($AZ$14="Toutes",$AZ$15="Toutes"),N6,IF(AND($AZ$14="Toutes",$AZ$15<>"Toutes"),IF($AZ$15=E6,N6,0),IF(AND($AZ$14<>"Toutes",$AZ$15="Toutes"),IF($AZ$14=J6,N6,0),IF($AZ$14&$AZ$15=L6,N6,0)))) -> 10550 | N6: =IF(AND($T$10=2,D6="Résidence principale"),0,IF($T$7="Net",G6,IF(H6=0,G6,H6))) -> 10550 | O6: =IF(AND($T$10=2,D6="Résidence principale"),0,IF(H6=0,G6,H6)) -> 10550 | P6: =IF(AND($AZ$14="Toutes",$AZ$15="Toutes"),O6,IF(AND($AZ$14="Toutes",$AZ$15<>"Toutes"),IF($AZ$15=E6,O6,0),IF(AND($AZ$14<>"Toutes",$AZ$15="Toutes"),IF($AZ$14=J6,O6,0),IF($AZ$14&$AZ$15=L6,O6,0)))) -> 10550 | R6: =IF(NOT(ISERROR(VLOOKUP(E6,$AC$2:$AC$6,1,FALSE))),E6,"Les autres classes d'actifs") -> Cash en banque | S6: =IF(NOT(ISERROR(VLOOKUP(C6,$AS$2:$AS$6,1,FALSE))),C6,"Les autres banques") -> Crédit Agricole | V6: {=IFERROR(INDEX(YEAR('Saisie Patrimoine'!$A$7:$A$20000),MATCH(0,COUNTIF(V$1:V5,YEAR('Saisie Patrimoine'!$A$7:$A$20000)),0)),"")} | AA6: =IF('Liste Classe d''actifs'!B12="","",'Liste Classe d''actifs'!B12) -> Immo physique | AB6: =IF(AA6="",#N/A,IF(ISERROR(VLOOKUP(AA6,E:E,1,FALSE)),#N/A,IF(SUMIF(E:E,AA6,M:M)=0,#N/A,SUMIF(E:E,AA6,M:M)))) -> 28800 | AC6: {=INDEX(AA2:AA31, SMALL(IF((IF(ISNA(AB2:AB31), "", AB2:AB31)) = LARGE(IF(ISNA(AB2:AB31), "", $AB2:AB31), 5), ROW(AB2:AB31) - ROW(AB2) + 1), 1))} -> Cash en banque | AD6: {=IFERROR(INDEX($R$1:$R$501,MATCH(0,COUNTIF($AD$1:AD5,$R$1:$R$501),0)),"")} -> Cryptos | AE6: =IF(AD6="",NA(),IF(SUMIF(R:R,AD6,M:M)=0,NA(),SUMIF(R:R,AD6,M:M))) -> 11010 | AG6: Alternatifs/Exotiques | AH6: =IF(AG6="",#N/A,IF(ISERROR(VLOOKUP(AG6,J:J,1,FALSE)),#N/A,IF(SUMIF(J:J,AG6,M:M)=0,#N/A,SUMIF(J:J,AG6,M:M)))) -> 21210 | AJ6: {=IFERROR(INDEX('Liste Classe d''actifs'!$A$8:$A$37,MATCH(0,COUNTIF(AJ$2:AJ5,'Liste Classe d''actifs'!$A$8:$A$37),0)),"")} -> Alternatifs/Exotiques | AK6: {=IF($AZ$14="Toutes",'Liste Classe d''actifs'!B11,IFERROR(INDEX('Liste Classe d''actifs'!$B$8:$B$37,_xlfn.AGGREGATE(15,6,(ROW('Liste Classe d''actifs'!$B$8:$B$37)-ROW('Liste Classe d''actifs'!$B$7))/('Liste Classe d''actifs'!A$8:A$37=$AZ$14),ROW('Liste Classe d''actifs'!A4))),""))} -> ETF actions | AN6: {=IFERROR(INDEX($D$1:$D$301,MATCH(0,COUNTIF($AN$1:AN5,$D$1:$D$301),0)),"")} -> SCPI en direct | AO6: =IF(AN6="",NA(),IF(SUMIF(D:D,AN6,M:M)=0,0,SUMIF(D:D,AN6,M:M))) -> 2000 | AQ6: {=IFERROR(INDEX($C$1:$C$301,MATCH(0,COUNTIF($AQ$1:AQ5,$C$1:$C$301),0)),"")} -> Trade Republic | AR6: =IF(AQ6="",NA(),IF(SUMIF(C:C,AQ6,M:M)=0,NA(),SUMIF(C:C,AQ6,M:M))) -> 7550 | AS6: {=INDEX(AQ2:AQ201, SMALL(IF((IF(ISNA(AR2:AR201), "", AR2:AR201)) = LARGE(IF(ISNA(AR2:AR201), "", $AR2:AR201), 5), ROW(AR2:AR201) - ROW(AR2) + 1), 1))} -> Trade Republic | AT6: {=IFERROR(INDEX($S$1:$S$301,MATCH(0,COUNTIF($AT$1:AT5,$S$1:$S$301),0)),"")} -> Ledger | AU6: =IF(AT6="",NA(),IF(SUMIF(S:S,AT6,M:M)=0,NA(),SUMIF(S:S,AT6,M:M))) -> 7950 | AW6: {=IFERROR(INDEX('Liste Banque-Enveloppe'!$C$7:$C$206,MATCH(0,COUNTIF(AW$1:AW5,'Liste Banque-Enveloppe'!$C$7:$C$206),0)),"")} -> Trade Republic - CTO | AX6: =IF(OR(AW6="",AW6=" - "),0,IFERROR(INDEX($AW$2:$AW$202,MATCH(SMALL($AY$2:$AY$202,ROW(AW5)),$AY$2:$AY$202,0)),"")) -> Corum - SCPI en direct | AY6: =IF(OR(AW6="",AW6=" - "),201,COUNTIF($AW$2:$AW$201,"<="&AW6)) -> 200 | BL6: =IF('Liste Classe d''actifs'!B12="","",'Liste Classe d''actifs'!B12) -> Immo physique | BM6: =IF(OR(BL6="",BL6=" - "),0,IFERROR(INDEX($BL$2:$BL$32,MATCH(SMALL($BN$2:$BN$32,ROW(BL5)),$BN$2:$BN$32,0)),"")) -> Epargne | BN6: =IF(OR(BL6="",BL6=" - "),31,COUNTIF($BL$2:$BL$32,"<="&BL6)) -> 28
B7: ='Saisie Patrimoine'!B12 -> Crédit Agricole - Livret A | C7: =IF(B7="","",IF(B7=0,0,LEFT(B7,FIND(" - ",B7)-1))) -> Crédit Agricole | D7: =IF(B7="","",IF(B7=0,0,RIGHT(B7,LEN(B7)-FIND(" - ",B7)-2))) -> Livret A | E7: ='Saisie Patrimoine'!C12 -> Epargne | G7: ='Saisie Patrimoine'!E12 -> 12100 | H7: ='Saisie Patrimoine'!F12 -> 0 | J7: =IF(E7=0,0,INDEX('Liste Classe d''actifs'!$A$8:$A$37,MATCH(E7,'Liste Classe d''actifs'!$B$8:$B$37,0))) -> Liquidités | K7: =IF(A7="","",IF(ISERROR(VLOOKUP(B7,'Liste Banque-Enveloppe'!A:D,2,FALSE)),0,VLOOKUP(B7,'Liste Banque-Enveloppe'!A:D,2,FALSE))) | L7: =J7&E7 -> LiquiditésEpargne | M7: =IF(AND($AZ$14="Toutes",$AZ$15="Toutes"),N7,IF(AND($AZ$14="Toutes",$AZ$15<>"Toutes"),IF($AZ$15=E7,N7,0),IF(AND($AZ$14<>"Toutes",$AZ$15="Toutes"),IF($AZ$14=J7,N7,0),IF($AZ$14&$AZ$15=L7,N7,0)))) -> 12100 | N7: =IF(AND($T$10=2,D7="Résidence principale"),0,IF($T$7="Net",G7,IF(H7=0,G7,H7))) -> 12100 | O7: =IF(AND($T$10=2,D7="Résidence principale"),0,IF(H7=0,G7,H7)) -> 12100 | P7: =IF(AND($AZ$14="Toutes",$AZ$15="Toutes"),O7,IF(AND($AZ$14="Toutes",$AZ$15<>"Toutes"),IF($AZ$15=E7,O7,0),IF(AND($AZ$14<>"Toutes",$AZ$15="Toutes"),IF($AZ$14=J7,O7,0),IF($AZ$14&$AZ$15=L7,O7,0)))) -> 12100 | R7: =IF(NOT(ISERROR(VLOOKUP(E7,$AC$2:$AC$6,1,FALSE))),E7,"Les autres classes d'actifs") -> Epargne | S7: =IF(NOT(ISERROR(VLOOKUP(C7,$AS$2:$AS$6,1,FALSE))),C7,"Les autres banques") -> Crédit Agricole | T7: =IF(T8=1,"Net","Brut") -> Net | V7: {=IFERROR(INDEX(YEAR('Saisie Patrimoine'!$A$7:$A$20000),MATCH(0,COUNTIF(V$1:V6,YEAR('Saisie Patrimoine'!$A$7:$A$20000)),0)),"")} | AA7: =IF('Liste Classe d''actifs'!B13="","",'Liste Classe d''actifs'!B13) -> Immo papier | AB7: =IF(AA7="",#N/A,IF(ISERROR(VLOOKUP(AA7,E:E,1,FALSE)),#N/A,IF(SUMIF(E:E,AA7,M:M)=0,#N/A,SUMIF(E:E,AA7,M:M)))) -> 4700 | AD7: {=IFERROR(INDEX($R$1:$R$501,MATCH(0,COUNTIF($AD$1:AD6,$R$1:$R$501),0)),"")} -> Immo physique | AE7: =IF(AD7="",NA(),IF(SUMIF(R:R,AD7,M:M)=0,NA(),SUMIF(R:R,AD7,M:M))) -> 28800 | AG7: Autres | AH7: =IF(AG7="",#N/A,IF(ISERROR(VLOOKUP(AG7,J:J,1,FALSE)),#N/A,IF(SUMIF(J:J,AG7,M:M)=0,#N/A,SUMIF(J:J,AG7,M:M)))) -> #N/A | AJ7: {=IFERROR(INDEX('Liste Classe d''actifs'!$A$8:$A$37,MATCH(0,COUNTIF(AJ$2:AJ6,'Liste Classe d''actifs'!$A$8:$A$37),0)),"")} -> Autres | AK7: {=IF($AZ$14="Toutes",'Liste Classe d''actifs'!B12,IFERROR(INDEX('Liste Classe d''actifs'!$B$8:$B$37,_xlfn.AGGREGATE(15,6,(ROW('Liste Classe d''actifs'!$B$8:$B$37)-ROW('Liste Classe d''actifs'!$B$7))/('Liste Classe d''actifs'!A$8:A$37=$AZ$14),ROW('Liste Classe d''actifs'!A5))),""))} -> Immo physique | AN7: {=IFERROR(INDEX($D$1:$D$301,MATCH(0,COUNTIF($AN$1:AN6,$D$1:$D$301),0)),"")} -> CTO | AO7: =IF(AN7="",NA(),IF(SUMIF(D:D,AN7,M:M)=0,0,SUMIF(D:D,AN7,M:M))) -> 7550 | AQ7: {=IFERROR(INDEX($C$1:$C$301,MATCH(0,COUNTIF($AQ$1:AQ6,$C$1:$C$301),0)),"")} -> AuCoffre | AR7: =IF(AQ7="",NA(),IF(SUMIF(C:C,AQ7,M:M)=0,NA(),SUMIF(C:C,AQ7,M:M))) -> 3000 | AT7: {=IFERROR(INDEX($S$1:$S$301,MATCH(0,COUNTIF($AT$1:AT6,$S$1:$S$301),0)),"")} -> Direct | AU7: =IF(AT7="",NA(),IF(SUMIF(S:S,AT7,M:M)=0,NA(),SUMIF(S:S,AT7,M:M))) -> 28800 | AW7: {=IFERROR(INDEX('Liste Banque-Enveloppe'!$C$7:$C$206,MATCH(0,COUNTIF(AW$1:AW6,'Liste Banque-Enveloppe'!$C$7:$C$206),0)),"")} -> Linxea - Assurance Vie | AX7: =IF(OR(AW7="",AW7=" - "),0,IFERROR(INDEX($AW$2:$AW$202,MATCH(SMALL($AY$2:$AY$202,ROW(AW6)),$AY$2:$AY$202,0)),"")) -> Crédit Agricole - Compte courant | AY7: =IF(OR(AW7="",AW7=" - "),201,COUNTIF($AW$2:$AW$201,"<="&AW7)) -> 199 | BL7: =IF('Liste Classe d''actifs'!B13="","",'Liste Classe d''actifs'!B13) -> Immo papier | BM7: =IF(OR(BL7="",BL7=" - "),0,IFERROR(INDEX($BL$2:$BL$32,MATCH(SMALL($BN$2:$BN$32,ROW(BL6)),$BN$2:$BN$32,0)),"")) -> ETF actions | BN7: =IF(OR(BL7="",BL7=" - "),31,COUNTIF($BL$2:$BL$32,"<="&BL7)) -> 27
B8: ='Saisie Patrimoine'!B13 -> Linxea - Assurance Vie | C8: =IF(B8="","",IF(B8=0,0,LEFT(B8,FIND(" - ",B8)-1))) -> Linxea | D8: =IF(B8="","",IF(B8=0,0,RIGHT(B8,LEN(B8)-FIND(" - ",B8)-2))) -> Assurance Vie | E8: ='Saisie Patrimoine'!C13 -> Epargne | G8: ='Saisie Patrimoine'!E13 -> 1250 | H8: ='Saisie Patrimoine'!F13 -> 0 | J8: =IF(E8=0,0,INDEX('Liste Classe d''actifs'!$A$8:$A$37,MATCH(E8,'Liste Classe d''actifs'!$B$8:$B$37,0))) -> Liquidités | K8: =IF(A8="","",IF(ISERROR(VLOOKUP(B8,'Liste Banque-Enveloppe'!A:D,2,FALSE)),0,VLOOKUP(B8,'Liste Banque-Enveloppe'!A:D,2,FALSE))) | L8: =J8&E8 -> LiquiditésEpargne | M8: =IF(AND($AZ$14="Toutes",$AZ$15="Toutes"),N8,IF(AND($AZ$14="Toutes",$AZ$15<>"Toutes"),IF($AZ$15=E8,N8,0),IF(AND($AZ$14<>"Toutes",$AZ$15="Toutes"),IF($AZ$14=J8,N8,0),IF($AZ$14&$AZ$15=L8,N8,0)))) -> 1250 | N8: =IF(AND($T$10=2,D8="Résidence principale"),0,IF($T$7="Net",G8,IF(H8=0,G8,H8))) -> 1250 | O8: =IF(AND($T$10=2,D8="Résidence principale"),0,IF(H8=0,G8,H8)) -> 1250 | P8: =IF(AND($AZ$14="Toutes",$AZ$15="Toutes"),O8,IF(AND($AZ$14="Toutes",$AZ$15<>"Toutes"),IF($AZ$15=E8,O8,0),IF(AND($AZ$14<>"Toutes",$AZ$15="Toutes"),IF($AZ$14=J8,O8,0),IF($AZ$14&$AZ$15=L8,O8,0)))) -> 1250 | R8: =IF(NOT(ISERROR(VLOOKUP(E8,$AC$2:$AC$6,1,FALSE))),E8,"Les autres classes d'actifs") -> Epargne | S8: =IF(NOT(ISERROR(VLOOKUP(C8,$AS$2:$AS$6,1,FALSE))),C8,"Les autres banques") -> Les autres banques | T8: 1 | V8: {=IFERROR(INDEX(YEAR('Saisie Patrimoine'!$A$7:$A$20000),MATCH(0,COUNTIF(V$1:V7,YEAR('Saisie Patrimoine'!$A$7:$A$20000)),0)),"")} | AA8: =IF('Liste Classe d''actifs'!B14="","",'Liste Classe d''actifs'!B14) -> Crowfunding immo | AB8: =IF(AA8="",#N/A,IF(ISERROR(VLOOKUP(AA8,E:E,1,FALSE)),#N/A,IF(SUMIF(E:E,AA8,M:M)=0,#N/A,SUMIF(E:E,AA8,M:M)))) -> #N/A | AG8: 0 | AH8: =IF(AG8="",#N/A,IF(ISERROR(VLOOKUP(AG8,J:J,1,FALSE)),#N/A,IF(SUMIF(J:J,AG8,M:M)=0,#N/A,SUMIF(J:J,AG8,M:M)))) -> #N/A | AJ8: {=IFERROR(INDEX('Liste Classe d''actifs'!$A$8:$A$37,MATCH(0,COUNTIF(AJ$2:AJ7,'Liste Classe d''actifs'!$A$8:$A$37),0)),"")} -> Obligations | AK8: {=IF($AZ$14="Toutes",'Liste Classe d''actifs'!B13,IFERROR(INDEX('Liste Classe d''actifs'!$B$8:$B$37,_xlfn.AGGREGATE(15,6,(ROW('Liste Classe d''actifs'!$B$8:$B$37)-ROW('Liste Classe d''actifs'!$B$7))/('Liste Classe d''actifs'!A$8:A$37=$AZ$14),ROW('Liste Classe d''actifs'!A6))),""))} -> Immo papier | AN8: {=IFERROR(INDEX($D$1:$D$301,MATCH(0,COUNTIF($AN$1:AN7,$D$1:$D$301),0)),"")} -> Or en direct | AO8: =IF(AN8="",NA(),IF(SUMIF(D:D,AN8,M:M)=0,0,SUMIF(D:D,AN8,M:M))) -> 3000 | AQ8: {=IFERROR(INDEX($C$1:$C$301,MATCH(0,COUNTIF($AQ$1:AQ7,$C$1:$C$301),0)),"")} -> Ledger | AR8: =IF(AQ8="",NA(),IF(SUMIF(C:C,AQ8,M:M)=0,NA(),SUMIF(C:C,AQ8,M:M))) -> 7950 | AW8: {=IFERROR(INDEX('Liste Banque-Enveloppe'!$C$7:$C$206,MATCH(0,COUNTIF(AW$1:AW7,'Liste Banque-Enveloppe'!$C$7:$C$206),0)),"")} -> BoursoBank - Assurance Vie | AX8: =IF(OR(AW8="",AW8=" - "),0,IFERROR(INDEX($AW$2:$AW$202,MATCH(SMALL($AY$2:$AY$202,ROW(AW7)),$AY$2:$AY$202,0)),"")) -> Crédit Agricole - Livret A | AY8: =IF(OR(AW8="",AW8=" - "),201,COUNTIF($AW$2:$AW$201,"<="&AW8)) -> 190 | BL8: =IF('Liste Classe d''actifs'!B14="","",'Liste Classe d''actifs'!B14) -> Crowfunding immo | BM8: =IF(OR(BL8="",BL8=" - "),0,IFERROR(INDEX($BL$2:$BL$32,MATCH(SMALL($BN$2:$BN$32,ROW(BL7)),$BN$2:$BN$32,0)),"")) -> ETF Obligations | BN8: =IF(OR(BL8="",BL8=" - "),31,COUNTIF($BL$2:$BL$32,"<="&BL8)) -> 22
B9: ='Saisie Patrimoine'!B14 -> Linxea - Assurance Vie | C9: =IF(B9="","",IF(B9=0,0,LEFT(B9,FIND(" - ",B9)-1))) -> Linxea | D9: =IF(B9="","",IF(B9=0,0,RIGHT(B9,LEN(B9)-FIND(" - ",B9)-2))) -> Assurance Vie | E9: ='Saisie Patrimoine'!C14 -> Immo papier | G9: ='Saisie Patrimoine'!E14 -> 2700 | H9: ='Saisie Patrimoine'!F14 -> 0 | J9: =IF(E9=0,0,INDEX('Liste Classe d''actifs'!$A$8:$A$37,MATCH(E9,'Liste Classe d''actifs'!$B$8:$B$37,0))) -> Immobilier | K9: =IF(A9="","",IF(ISERROR(VLOOKUP(B9,'Liste Banque-Enveloppe'!A:D,2,FALSE)),0,VLOOKUP(B9,'Liste Banque-Enveloppe'!A:D,2,FALSE))) | L9: =J9&E9 -> ImmobilierImmo papier | M9: =IF(AND($AZ$14="Toutes",$AZ$15="Toutes"),N9,IF(AND($AZ$14="Toutes",$AZ$15<>"Toutes"),IF($AZ$15=E9,N9,0),IF(AND($AZ$14<>"Toutes",$AZ$15="Toutes"),IF($AZ$14=J9,N9,0),IF($AZ$14&$AZ$15=L9,N9,0)))) -> 2700 | N9: =IF(AND($T$10=2,D9="Résidence principale"),0,IF($T$7="Net",G9,IF(H9=0,G9,H9))) -> 2700 | O9: =IF(AND($T$10=2,D9="Résidence principale"),0,IF(H9=0,G9,H9)) -> 2700 | P9: =IF(AND($AZ$14="Toutes",$AZ$15="Toutes"),O9,IF(AND($AZ$14="Toutes",$AZ$15<>"Toutes"),IF($AZ$15=E9,O9,0),IF(AND($AZ$14<>"Toutes",$AZ$15="Toutes"),IF($AZ$14=J9,O9,0),IF($AZ$14&$AZ$15=L9,O9,0)))) -> 2700 | R9: =IF(NOT(ISERROR(VLOOKUP(E9,$AC$2:$AC$6,1,FALSE))),E9,"Les autres classes d'actifs") -> Les autres classes d'actifs | S9: =IF(NOT(ISERROR(VLOOKUP(C9,$AS$2:$AS$6,1,FALSE))),C9,"Les autres banques") -> Les autres banques | T9: *Résidence principale | U9: =VLOOKUP(T9,'Saisie Patrimoine'!B:C,2,FALSE) -> Immo physique | V9: {=IFERROR(INDEX(YEAR('Saisie Patrimoine'!$A$7:$A$20000),MATCH(0,COUNTIF(V$1:V8,YEAR('Saisie Patrimoine'!$A$7:$A$20000)),0)),"")} | AA9: =IF('Liste Classe d''actifs'!B15="","",'Liste Classe d''actifs'!B15) -> Cryptos | AB9: =IF(AA9="",#N/A,IF(ISERROR(VLOOKUP(AA9,E:E,1,FALSE)),#N/A,IF(SUMIF(E:E,AA9,M:M)=0,#N/A,SUMIF(E:E,AA9,M:M)))) -> 11010 | AJ9: {=IFERROR(INDEX('Liste Classe d''actifs'!$A$8:$A$37,MATCH(0,COUNTIF(AJ$2:AJ8,'Liste Classe d''actifs'!$A$8:$A$37),0)),"")} -> 0 | AK9: {=IF($AZ$14="Toutes",'Liste Classe d''actifs'!B14,IFERROR(INDEX('Liste Classe d''actifs'!$B$8:$B$37,_xlfn.AGGREGATE(15,6,(ROW('Liste Classe d''actifs'!$B$8:$B$37)-ROW('Liste Classe d''actifs'!$B$7))/('Liste Classe d''actifs'!A$8:A$37=$AZ$14),ROW('Liste Classe d''actifs'!A7))),""))} -> Crowfunding immo | AN9: {=IFERROR(INDEX($D$1:$D$301,MATCH(0,COUNTIF($AN$1:AN8,$D$1:$D$301),0)),"")} -> Cold wallet | AO9: =IF(AN9="",NA(),IF(SUMIF(D:D,AN9,M:M)=0,0,SUMIF(D:D,AN9,M:M))) -> 7950 | AQ9: {=IFERROR(INDEX($C$1:$C$301,MATCH(0,COUNTIF($AQ$1:AQ8,$C$1:$C$301),0)),"")} -> Binance | AR9: =IF(AQ9="",NA(),IF(SUMIF(C:C,AQ9,M:M)=0,NA(),SUMIF(C:C,AQ9,M:M))) -> 3060 | AW9: {=IFERROR(INDEX('Liste Banque-Enveloppe'!$C$7:$C$206,MATCH(0,COUNTIF(AW$1:AW8,'Liste Banque-Enveloppe'!$C$7:$C$206),0)),"")} -> BoursoBank - PEA | AX9: =IF(OR(AW9="",AW9=" - "),0,IFERROR(INDEX($AW$2:$AW$202,MATCH(SMALL($AY$2:$AY$202,ROW(AW8)),$AY$2:$AY$202,0)),"")) -> Crédit Mutuel - Compte Pro | AY9: =IF(OR(AW9="",AW9=" - "),201,COUNTIF($AW$2:$AW$201,"<="&AW9)) -> 191 | BL9: =IF('Liste Classe d''actifs'!B15="","",'Liste Classe d''actifs'!B15) -> Cryptos | BM9: =IF(OR(BL9="",BL9=" - "),0,IFERROR(INDEX($BL$2:$BL$32,MATCH(SMALL($BN$2:$BN$32,ROW(BL8)),$BN$2:$BN$32,0)),"")) -> Immo papier | BN9: =IF(OR(BL9="",BL9=" - "),31,COUNTIF($BL$2:$BL$32,"<="&BL9)) -> 23
B10: ='Saisie Patrimoine'!B15 -> Corum - SCPI en direct | C10: =IF(B10="","",IF(B10=0,0,LEFT(B10,FIND(" - ",B10)-1))) -> Corum | D10: =IF(B10="","",IF(B10=0,0,RIGHT(B10,LEN(B10)-FIND(" - ",B10)-2))) -> SCPI en direct | E10: ='Saisie Patrimoine'!C15 -> Immo papier | G10: ='Saisie Patrimoine'!E15 -> 2000 | H10: ='Saisie Patrimoine'!F15 -> 0 | J10: =IF(E10=0,0,INDEX('Liste Classe d''actifs'!$A$8:$A$37,MATCH(E10,'Liste Classe d''actifs'!$B$8:$B$37,0))) -> Immobilier | K10: =IF(A10="","",IF(ISERROR(VLOOKUP(B10,'Liste Banque-Enveloppe'!A:D,2,FALSE)),0,VLOOKUP(B10,'Liste Banque-Enveloppe'!A:D,2,FALSE))) | L10: =J10&E10 -> ImmobilierImmo papier | M10: =IF(AND($AZ$14="Toutes",$AZ$15="Toutes"),N10,IF(AND($AZ$14="Toutes",$AZ$15<>"Toutes"),IF($AZ$15=E10,N10,0),IF(AND($AZ$14<>"Toutes",$AZ$15="Toutes"),IF($AZ$14=J10,N10,0),IF($AZ$14&$AZ$15=L10,N10,0)))) -> 2000 | N10: =IF(AND($T$10=2,D10="Résidence principale"),0,IF($T$7="Net",G10,IF(H10=0,G10,H10))) -> 2000 | O10: =IF(AND($T$10=2,D10="Résidence principale"),0,IF(H10=0,G10,H10)) -> 2000 | P10: =IF(AND($AZ$14="Toutes",$AZ$15="Toutes"),O10,IF(AND($AZ$14="Toutes",$AZ$15<>"Toutes"),IF($AZ$15=E10,O10,0),IF(AND($AZ$14<>"Toutes",$AZ$15="Toutes"),IF($AZ$14=J10,O10,0),IF($AZ$14&$AZ$15=L10,O10,0)))) -> 2000 | R10: =IF(NOT(ISERROR(VLOOKUP(E10,$AC$2:$AC$6,1,FALSE))),E10,"Les autres classes d'actifs") -> Les autres classes d'actifs | S10: =IF(NOT(ISERROR(VLOOKUP(C10,$AS$2:$AS$6,1,FALSE))),C10,"Les autres banques") -> Les autres banques | T10: 1 | V10: {=IFERROR(INDEX(YEAR('Saisie Patrimoine'!$A$7:$A$20000),MATCH(0,COUNTIF(V$1:V9,YEAR('Saisie Patrimoine'!$A$7:$A$20000)),0)),"")} | AA10: =IF('Liste Classe d''actifs'!B16="","",'Liste Classe d''actifs'!B16) -> Or | AB10: =IF(AA10="",#N/A,IF(ISERROR(VLOOKUP(AA10,E:E,1,FALSE)),#N/A,IF(SUMIF(E:E,AA10,M:M)=0,#N/A,SUMIF(E:E,AA10,M:M)))) -> 10200 | AJ10: {=IFERROR(INDEX('Liste Classe d''actifs'!$A$8:$A$37,MATCH(0,COUNTIF(AJ$2:AJ9,'Liste Classe d''actifs'!$A$8:$A$37),0)),"")} | AK10: {=IF($AZ$14="Toutes",'Liste Classe d''actifs'!B15,IFERROR(INDEX('Liste Classe d''actifs'!$B$8:$B$37,_xlfn.AGGREGATE(15,6,(ROW('Liste Classe d''actifs'!$B$8:$B$37)-ROW('Liste Classe d''actifs'!$B$7))/('Liste Classe d''actifs'!A$8:A$37=$AZ$14),ROW('Liste Classe d''actifs'!A8))),""))} -> Cryptos | AN10: {=IFERROR(INDEX($D$1:$D$301,MATCH(0,COUNTIF($AN$1:AN9,$D$1:$D$301),0)),"")} -> CEX | AO10: =IF(AN10="",NA(),IF(SUMIF(D:D,AN10,M:M)=0,0,SUMIF(D:D,AN10,M:M))) -> 3060 | AQ10: {=IFERROR(INDEX($C$1:$C$301,MATCH(0,COUNTIF($AQ$1:AQ9,$C$1:$C$301),0)),"")} -> Direct | AR10: =IF(AQ10="",NA(),IF(SUMIF(C:C,AQ10,M:M)=0,NA(),SUMIF(C:C,AQ10,M:M))) -> 28800 | AW10: {=IFERROR(INDEX('Liste Banque-Enveloppe'!$C$7:$C$206,MATCH(0,COUNTIF(AW$1:AW9,'Liste Banque-Enveloppe'!$C$7:$C$206),0)),"")} -> Direct - Résidence principale | AX10: =IF(OR(AW10="",AW10=" - "),0,IFERROR(INDEX($AW$2:$AW$202,MATCH(SMALL($AY$2:$AY$202,ROW(AW9)),$AY$2:$AY$202,0)),"")) -> Direct - LMNP | AY10: =IF(OR(AW10="",AW10=" - "),201,COUNTIF($AW$2:$AW$201,"<="&AW10)) -> 197 | BL10: =IF('Liste Classe d''actifs'!B16="","",'Liste Classe d''actifs'!B16) -> Or | BM10: =IF(OR(BL10="",BL10=" - "),0,IFERROR(INDEX($BL$2:$BL$32,MATCH(SMALL($BN$2:$BN$32,ROW(BL9)),$BN$2:$BN$32,0)),"")) -> Immo physique | BN10: =IF(OR(BL10="",BL10=" - "),31,COUNTIF($BL$2:$BL$32,"<="&BL10)) -> 29
B11: ='Saisie Patrimoine'!B16 -> Trade Republic - CTO | C11: =IF(B11="","",IF(B11=0,0,LEFT(B11,FIND(" - ",B11)-1))) -> Trade Republic | D11: =IF(B11="","",IF(B11=0,0,RIGHT(B11,LEN(B11)-FIND(" - ",B11)-2))) -> CTO | E11: ='Saisie Patrimoine'!C16 -> Or | G11: ='Saisie Patrimoine'!E16 -> 7200 | H11: ='Saisie Patrimoine'!F16 -> 0 | J11: =IF(E11=0,0,INDEX('Liste Classe d''actifs'!$A$8:$A$37,MATCH(E11,'Liste Classe d''actifs'!$B$8:$B$37,0))) -> Alternatifs/Exotiques | K11: =IF(A11="","",IF(ISERROR(VLOOKUP(B11,'Liste Banque-Enveloppe'!A:D,2,FALSE)),0,VLOOKUP(B11,'Liste Banque-Enveloppe'!A:D,2,FALSE))) | L11: =J11&E11 -> Alternatifs/ExotiquesOr | M11: =IF(AND($AZ$14="Toutes",$AZ$15="Toutes"),N11,IF(AND($AZ$14="Toutes",$AZ$15<>"Toutes"),IF($AZ$15=E11,N11,0),IF(AND($AZ$14<>"Toutes",$AZ$15="Toutes"),IF($AZ$14=J11,N11,0),IF($AZ$14&$AZ$15=L11,N11,0)))) -> 7200 | N11: =IF(AND($T$10=2,D11="Résidence principale"),0,IF($T$7="Net",G11,IF(H11=0,G11,H11))) -> 7200 | O11: =IF(AND($T$10=2,D11="Résidence principale"),0,IF(H11=0,G11,H11)) -> 7200 | P11: =IF(AND($AZ$14="Toutes",$AZ$15="Toutes"),O11,IF(AND($AZ$14="Toutes",$AZ$15<>"Toutes"),IF($AZ$15=E11,O11,0),IF(AND($AZ$14<>"Toutes",$AZ$15="Toutes"),IF($AZ$14=J11,O11,0),IF($AZ$14&$AZ$15=L11,O11,0)))) -> 7200 | R11: =IF(NOT(ISERROR(VLOOKUP(E11,$AC$2:$AC$6,1,FALSE))),E11,"Les autres classes d'actifs") -> Les autres classes d'actifs | S11: =IF(NOT(ISERROR(VLOOKUP(C11,$AS$2:$AS$6,1,FALSE))),C11,"Les autres banques") -> Trade Republic | V11: {=IFERROR(INDEX(YEAR('Saisie Patrimoine'!$A$7:$A$20000),MATCH(0,COUNTIF(V$1:V10,YEAR('Saisie Patrimoine'!$A$7:$A$20000)),0)),"")} | AA11: =IF('Liste Classe d''actifs'!B17="","",'Liste Classe d''actifs'!B17) -> Capital Société privée | AB11: =IF(AA11="",#N/A,IF(ISERROR(VLOOKUP(AA11,E:E,1,FALSE)),#N/A,IF(SUMIF(E:E,AA11,M:M)=0,#N/A,SUMIF(E:E,AA11,M:M)))) -> #N/A | AJ11: {=IFERROR(INDEX('Liste Classe d''actifs'!$A$8:$A$37,MATCH(0,COUNTIF(AJ$2:AJ10,'Liste Classe d''actifs'!$A$8:$A$37),0)),"")} | AK11: {=IF($AZ$14="Toutes",'Liste Classe d''actifs'!B16,IFERROR(INDEX('Liste Classe d''actifs'!$B$8:$B$37,_xlfn.AGGREGATE(15,6,(ROW('Liste Classe d''actifs'!$B$8:$B$37)-ROW('Liste Classe d''actifs'!$B$7))/('Liste Classe d''actifs'!A$8:A$37=$AZ$14),ROW('Liste Classe d''actifs'!A9))),""))} -> Or | AN11: {=IFERROR(INDEX($D$1:$D$301,MATCH(0,COUNTIF($AN$1:AN10,$D$1:$D$301),0)),"")} -> Résidence principale | AO11: =IF(AN11="",NA(),IF(SUMIF(D:D,AN11,M:M)=0,0,SUMIF(D:D,AN11,M:M))) -> 28600 | AQ11: {=IFERROR(INDEX($C$1:$C$301,MATCH(0,COUNTIF($AQ$1:AQ10,$C$1:$C$301),0)),"")} -> 0 | AR11: =IF(AQ11="",NA(),IF(SUMIF(C:C,AQ11,M:M)=0,NA(),SUMIF(C:C,AQ11,M:M))) -> #N/A | AW11: {=IFERROR(INDEX('Liste Banque-Enveloppe'!$C$7:$C$206,MATCH(0,COUNTIF(AW$1:AW10,'Liste Banque-Enveloppe'!$C$7:$C$206),0)),"")} -> Crédit Mutuel - Compte Pro | AX11: =IF(OR(AW11="",AW11=" - "),0,IFERROR(INDEX($AW$2:$AW$202,MATCH(SMALL($AY$2:$AY$202,ROW(AW10)),$AY$2:$AY$202,0)),"")) -> Direct - Résidence principale | AY11: =IF(OR(AW11="",AW11=" - "),201,COUNTIF($AW$2:$AW$201,"<="&AW11)) -> 195 | BL11: =IF('Liste Classe d''actifs'!B17="","",'Liste Classe d''actifs'!B17) -> Capital Société privée | BM11: =IF(OR(BL11="",BL11=" - "),0,IFERROR(INDEX($BL$2:$BL$32,MATCH(SMALL($BN$2:$BN$32,ROW(BL10)),$BN$2:$BN$32,0)),"")) -> Or | BN11: =IF(OR(BL11="",BL11=" - "),31,COUNTIF($BL$2:$BL$32,"<="&BL11)) -> 20
B12: ='Saisie Patrimoine'!B17 -> AuCoffre - Or en direct | C12: =IF(B12="","",IF(B12=0,0,LEFT(B12,FIND(" - ",B12)-1))) -> AuCoffre | D12: =IF(B12="","",IF(B12=0,0,RIGHT(B12,LEN(B12)-FIND(" - ",B12)-2))) -> Or en direct | E12: ='Saisie Patrimoine'!C17 -> Or | G12: ='Saisie Patrimoine'!E17 -> 3000 | H12: ='Saisie Patrimoine'!F17 -> 0 | J12: =IF(E12=0,0,INDEX('Liste Classe d''actifs'!$A$8:$A$37,MATCH(E12,'Liste Classe d''actifs'!$B$8:$B$37,0))) -> Alternatifs/Exotiques | K12: =IF(A12="","",IF(ISERROR(VLOOKUP(B12,'Liste Banque-Enveloppe'!A:D,2,FALSE)),0,VLOOKUP(B12,'Liste Banque-Enveloppe'!A:D,2,FALSE))) | L12: =J12&E12 -> Alternatifs/ExotiquesOr | M12: =IF(AND($AZ$14="Toutes",$AZ$15="Toutes"),N12,IF(AND($AZ$14="Toutes",$AZ$15<>"Toutes"),IF($AZ$15=E12,N12,0),IF(AND($AZ$14<>"Toutes",$AZ$15="Toutes"),IF($AZ$14=J12,N12,0),IF($AZ$14&$AZ$15=L12,N12,0)))) -> 3000 | N12: =IF(AND($T$10=2,D12="Résidence principale"),0,IF($T$7="Net",G12,IF(H12=0,G12,H12))) -> 3000 | O12: =IF(AND($T$10=2,D12="Résidence principale"),0,IF(H12=0,G12,H12)) -> 3000 | P12: =IF(AND($AZ$14="Toutes",$AZ$15="Toutes"),O12,IF(AND($AZ$14="Toutes",$AZ$15<>"Toutes"),IF($AZ$15=E12,O12,0),IF(AND($AZ$14<>"Toutes",$AZ$15="Toutes"),IF($AZ$14=J12,O12,0),IF($AZ$14&$AZ$15=L12,O12,0)))) -> 3000 | R12: =IF(NOT(ISERROR(VLOOKUP(E12,$AC$2:$AC$6,1,FALSE))),E12,"Les autres classes d'actifs") -> Les autres classes d'actifs | S12: =IF(NOT(ISERROR(VLOOKUP(C12,$AS$2:$AS$6,1,FALSE))),C12,"Les autres banques") -> Les autres banques | V12: {=IFERROR(INDEX(YEAR('Saisie Patrimoine'!$A$7:$A$20000),MATCH(0,COUNTIF(V$1:V11,YEAR('Saisie Patrimoine'!$A$7:$A$20000)),0)),"")} | AA12: =IF('Liste Classe d''actifs'!B18="","",'Liste Classe d''actifs'!B18) -> ETF Obligations | AB12: =IF(AA12="",#N/A,IF(ISERROR(VLOOKUP(AA12,E:E,1,FALSE)),#N/A,IF(SUMIF(E:E,AA12,M:M)=0,#N/A,SUMIF(E:E,AA12,M:M)))) -> 9100 | AJ12: {=IFERROR(INDEX('Liste Classe d''actifs'!$A$8:$A$37,MATCH(0,COUNTIF(AJ$2:AJ11,'Liste Classe d''actifs'!$A$8:$A$37),0)),"")} | AK12: {=IF($AZ$14="Toutes",'Liste Classe d''actifs'!B17,IFERROR(INDEX('Liste Classe d''actifs'!$B$8:$B$37,_xlfn.AGGREGATE(15,6,(ROW('Liste Classe d''actifs'!$B$8:$B$37)-ROW('Liste Classe d''actifs'!$B$7))/('Liste Classe d''actifs'!A$8:A$37=$AZ$14),ROW('Liste Classe d''actifs'!A10))),""))} -> Capital Société privée | AN12: {=IFERROR(INDEX($D$1:$D$301,MATCH(0,COUNTIF($AN$1:AN11,$D$1:$D$301),0)),"")} -> LMNP | AO12: =IF(AN12="",NA(),IF(SUMIF(D:D,AN12,M:M)=0,0,SUMIF(D:D,AN12,M:M))) -> 200 | AQ12: {=IFERROR(INDEX($C$1:$C$301,MATCH(0,COUNTIF($AQ$1:AQ11,$C$1:$C$301),0)),"")} | AR12: =IF(AQ12="",NA(),IF(SUMIF(C:C,AQ12,M:M)=0,NA(),SUMIF(C:C,AQ12,M:M))) -> #N/A | AW12: {=IFERROR(INDEX('Liste Banque-Enveloppe'!$C$7:$C$206,MATCH(0,COUNTIF(AW$1:AW11,'Liste Banque-Enveloppe'!$C$7:$C$206),0)),"")} -> Direct - LMNP | AX12: =IF(OR(AW12="",AW12=" - "),0,IFERROR(INDEX($AW$2:$AW$202,MATCH(SMALL($AY$2:$AY$202,ROW(AW11)),$AY$2:$AY$202,0)),"")) -> Ledger - Cold wallet | AY12: =IF(OR(AW12="",AW12=" - "),201,COUNTIF($AW$2:$AW$201,"<="&AW12)) -> 196 | BL12: =IF('Liste Classe d''actifs'!B18="","",'Liste Classe d''actifs'!B18) -> ETF Obligations | BM12: =IF(OR(BL12="",BL12=" - "),0,IFERROR(INDEX($BL$2:$BL$32,MATCH(SMALL($BN$2:$BN$32,ROW(BL11)),$BN$2:$BN$32,0)),"")) -> Stock Picking | BN12: =IF(OR(BL12="",BL12=" - "),31,COUNTIF($BL$2:$BL$32,"<="&BL12)) -> 26
B13: ='Saisie Patrimoine'!B18 -> Trade Republic - CTO | C13: =IF(B13="","",IF(B13=0,0,LEFT(B13,FIND(" - ",B13)-1))) -> Trade Republic | D13: =IF(B13="","",IF(B13=0,0,RIGHT(B13,LEN(B13)-FIND(" - ",B13)-2))) -> CTO | E13: ='Saisie Patrimoine'!C18 -> Stock Picking | G13: ='Saisie Patrimoine'!E18 -> 350 | H13: ='Saisie Patrimoine'!F18 -> 0 | J13: =IF(E13=0,0,INDEX('Liste Classe d''actifs'!$A$8:$A$37,MATCH(E13,'Liste Classe d''actifs'!$B$8:$B$37,0))) -> Actions | K13: =IF(A13="","",IF(ISERROR(VLOOKUP(B13,'Liste Banque-Enveloppe'!A:D,2,FALSE)),0,VLOOKUP(B13,'Liste Banque-Enveloppe'!A:D,2,FALSE))) | L13: =J13&E13 -> ActionsStock Picking | M13: =IF(AND($AZ$14="Toutes",$AZ$15="Toutes"),N13,IF(AND($AZ$14="Toutes",$AZ$15<>"Toutes"),IF($AZ$15=E13,N13,0),IF(AND($AZ$14<>"Toutes",$AZ$15="Toutes"),IF($AZ$14=J13,N13,0),IF($AZ$14&$AZ$15=L13,N13,0)))) -> 350 | N13: =IF(AND($T$10=2,D13="Résidence principale"),0,IF($T$7="Net",G13,IF(H13=0,G13,H13))) -> 350 | O13: =IF(AND($T$10=2,D13="Résidence principale"),0,IF(H13=0,G13,H13)) -> 350 | P13: =IF(AND($AZ$14="Toutes",$AZ$15="Toutes"),O13,IF(AND($AZ$14="Toutes",$AZ$15<>"Toutes"),IF($AZ$15=E13,O13,0),IF(AND($AZ$14<>"Toutes",$AZ$15="Toutes"),IF($AZ$14=J13,O13,0),IF($AZ$14&$AZ$15=L13,O13,0)))) -> 350 | R13: =IF(NOT(ISERROR(VLOOKUP(E13,$AC$2:$AC$6,1,FALSE))),E13,"Les autres classes d'actifs") -> Les autres classes d'actifs | S13: =IF(NOT(ISERROR(VLOOKUP(C13,$AS$2:$AS$6,1,FALSE))),C13,"Les autres banques") -> Trade Republic | V13: {=IFERROR(INDEX(YEAR('Saisie Patrimoine'!$A$7:$A$20000),MATCH(0,COUNTIF(V$1:V12,YEAR('Saisie Patrimoine'!$A$7:$A$20000)),0)),"")} | AA13: =IF('Liste Classe d''actifs'!B19="","",'Liste Classe d''actifs'!B19) | AB13: =IF(AA13="",#N/A,IF(ISERROR(VLOOKUP(AA13,E:E,1,FALSE)),#N/A,IF(SUMIF(E:E,AA13,M:M)=0,#N/A,SUMIF(E:E,AA13,M:M)))) -> #N/A | AJ13: {=IFERROR(INDEX('Liste Classe d''actifs'!$A$8:$A$37,MATCH(0,COUNTIF(AJ$2:AJ12,'Liste Classe d''actifs'!$A$8:$A$37),0)),"")} | AK13: {=IF($AZ$14="Toutes",'Liste Classe d''actifs'!B18,IFERROR(INDEX('Liste Classe d''actifs'!$B$8:$B$37,_xlfn.AGGREGATE(15,6,(ROW('Liste Classe d''actifs'!$B$8:$B$37)-ROW('Liste Classe d''actifs'!$B$7))/('Liste Classe d''actifs'!A$8:A$37=$AZ$14),ROW('Liste Classe d''actifs'!A11))),""))} -> ETF Obligations | AN13: {=IFERROR(INDEX($D$1:$D$301,MATCH(0,COUNTIF($AN$1:AN12,$D$1:$D$301),0)),"")} -> 0 | AO13: =IF(AN13="",NA(),IF(SUMIF(D:D,AN13,M:M)=0,0,SUMIF(D:D,AN13,M:M))) -> 0 | AQ13: {=IFERROR(INDEX($C$1:$C$301,MATCH(0,COUNTIF($AQ$1:AQ12,$C$1:$C$301),0)),"")} | AR13: =IF(AQ13="",NA(),IF(SUMIF(C:C,AQ13,M:M)=0,NA(),SUMIF(C:C,AQ13,M:M))) -> #N/A | AW13: {=IFERROR(INDEX('Liste Banque-Enveloppe'!$C$7:$C$206,MATCH(0,COUNTIF(AW$1:AW12,'Liste Banque-Enveloppe'!$C$7:$C$206),0)),"")} -> Corum - SCPI en direct | AX13: =IF(OR(AW13="",AW13=" - "),0,IFERROR(INDEX($AW$2:$AW$202,MATCH(SMALL($AY$2:$AY$202,ROW(AW12)),$AY$2:$AY$202,0)),"")) -> Linxea - Assurance Vie | AY13: =IF(OR(AW13="",AW13=" - "),201,COUNTIF($AW$2:$AW$201,"<="&AW13)) -> 192 | BL13: =IF('Liste Classe d''actifs'!B19="","",'Liste Classe d''actifs'!B19) | BM13: =IF(OR(BL13="",BL13=" - "),0,IFERROR(INDEX($BL$2:$BL$32,MATCH(SMALL($BN$2:$BN$32,ROW(BL12)),$BN$2:$BN$32,0)),"")) -> 0 | BN13: =IF(OR(BL13="",BL13=" - "),31,COUNTIF($BL$2:$BL$32,"<="&BL13)) -> 31
B14: ='Saisie Patrimoine'!B19 -> Ledger - Cold wallet | C14: =IF(B14="","",IF(B14=0,0,LEFT(B14,FIND(" - ",B14)-1))) -> Ledger | D14: =IF(B14="","",IF(B14=0,0,RIGHT(B14,LEN(B14)-FIND(" - ",B14)-2))) -> Cold wallet | E14: ='Saisie Patrimoine'!C19 -> Cryptos | G14: ='Saisie Patrimoine'!E19 -> 7950 | H14: ='Saisie Patrimoine'!F19 -> 0 | J14: =IF(E14=0,0,INDEX('Liste Classe d''actifs'!$A$8:$A$37,MATCH(E14,'Liste Classe d''actifs'!$B$8:$B$37,0))) -> Alternatifs/Exotiques | K14: =IF(A14="","",IF(ISERROR(VLOOKUP(B14,'Liste Banque-Enveloppe'!A:D,2,FALSE)),0,VLOOKUP(B14,'Liste Banque-Enveloppe'!A:D,2,FALSE))) | L14: =J14&E14 -> Alternatifs/ExotiquesCryptos | M14: =IF(AND($AZ$14="Toutes",$AZ$15="Toutes"),N14,IF(AND($AZ$14="Toutes",$AZ$15<>"Toutes"),IF($AZ$15=E14,N14,0),IF(AND($AZ$14<>"Toutes",$AZ$15="Toutes"),IF($AZ$14=J14,N14,0),IF($AZ$14&$AZ$15=L14,N14,0)))) -> 7950 | N14: =IF(AND($T$10=2,D14="Résidence principale"),0,IF($T$7="Net",G14,IF(H14=0,G14,H14))) -> 7950 | O14: =IF(AND($T$10=2,D14="Résidence principale"),0,IF(H14=0,G14,H14)) -> 7950 | P14: =IF(AND($AZ$14="Toutes",$AZ$15="Toutes"),O14,IF(AND($AZ$14="Toutes",$AZ$15<>"Toutes"),IF($AZ$15=E14,O14,0),IF(AND($AZ$14<>"Toutes",$AZ$15="Toutes"),IF($AZ$14=J14,O14,0),IF($AZ$14&$AZ$15=L14,O14,0)))) -> 7950 | R14: =IF(NOT(ISERROR(VLOOKUP(E14,$AC$2:$AC$6,1,FALSE))),E14,"Les autres classes d'actifs") -> Cryptos | S14: =IF(NOT(ISERROR(VLOOKUP(C14,$AS$2:$AS$6,1,FALSE))),C14,"Les autres banques") -> Ledger | V14: {=IFERROR(INDEX(YEAR('Saisie Patrimoine'!$A$7:$A$20000),MATCH(0,COUNTIF(V$1:V13,YEAR('Saisie Patrimoine'!$A$7:$A$20000)),0)),"")} | AA14: =IF('Liste Classe d''actifs'!B20="","",'Liste Classe d''actifs'!B20) | AB14: =IF(AA14="",#N/A,IF(ISERROR(VLOOKUP(AA14,E:E,1,FALSE)),#N/A,IF(SUMIF(E:E,AA14,M:M)=0,#N/A,SUMIF(E:E,AA14,M:M)))) -> #N/A | AJ14: {=IFERROR(INDEX('Liste Classe d''actifs'!$A$8:$A$37,MATCH(0,COUNTIF(AJ$2:AJ13,'Liste Classe d''actifs'!$A$8:$A$37),0)),"")} | AK14: {=IF($AZ$14="Toutes",'Liste Classe d''actifs'!B19,IFERROR(INDEX('Liste Classe d''actifs'!$B$8:$B$37,_xlfn.AGGREGATE(15,6,(ROW('Liste Classe d''actifs'!$B$8:$B$37)-ROW('Liste Classe d''actifs'!$B$7))/('Liste Classe d''actifs'!A$8:A$37=$AZ$14),ROW('Liste Classe d''actifs'!A12))),""))} -> 0 | AN14: {=IFERROR(INDEX($D$1:$D$301,MATCH(0,COUNTIF($AN$1:AN13,$D$1:$D$301),0)),"")} | AO14: =IF(AN14="",NA(),IF(SUMIF(D:D,AN14,M:M)=0,0,SUMIF(D:D,AN14,M:M))) -> #N/A | AQ14: {=IFERROR(INDEX($C$1:$C$301,MATCH(0,COUNTIF($AQ$1:AQ13,$C$1:$C$301),0)),"")} | AR14: =IF(AQ14="",NA(),IF(SUMIF(C:C,AQ14,M:M)=0,NA(),SUMIF(C:C,AQ14,M:M))) -> #N/A | AW14: {=IFERROR(INDEX('Liste Banque-Enveloppe'!$C$7:$C$206,MATCH(0,COUNTIF(AW$1:AW13,'Liste Banque-Enveloppe'!$C$7:$C$206),0)),"")} -> AuCoffre - Or en direct | AX14: =IF(OR(AW14="",AW14=" - "),0,IFERROR(INDEX($AW$2:$AW$202,MATCH(SMALL($AY$2:$AY$202,ROW(AW13)),$AY$2:$AY$202,0)),"")) -> Trade Republic - CTO | AY14: =IF(OR(AW14="",AW14=" - "),201,COUNTIF($AW$2:$AW$201,"<="&AW14)) -> 188 | AZ14: ='Visuel Patrimoine'!$B$9 -> Toutes | BL14: =IF('Liste Classe d''actifs'!B20="","",'Liste Classe d''actifs'!B20) | BM14: =IF(OR(BL14="",BL14=" - "),0,IFERROR(INDEX($BL$2:$BL$32,MATCH(SMALL($BN$2:$BN$32,ROW(BL13)),$BN$2:$BN$32,0)),"")) -> 0 | BN14: =IF(OR(BL14="",BL14=" - "),31,COUNTIF($BL$2:$BL$32,"<="&BL14)) -> 31
B15: ='Saisie Patrimoine'!B20 -> Binance - CEX | C15: =IF(B15="","",IF(B15=0,0,LEFT(B15,FIND(" - ",B15)-1))) -> Binance | D15: =IF(B15="","",IF(B15=0,0,RIGHT(B15,LEN(B15)-FIND(" - ",B15)-2))) -> CEX | E15: ='Saisie Patrimoine'!C20 -> Cryptos | G15: ='Saisie Patrimoine'!E20 -> 2750 | H15: ='Saisie Patrimoine'!F20 -> 0 | J15: =IF(E15=0,0,INDEX('Liste Classe d''actifs'!$A$8:$A$37,MATCH(E15,'Liste Classe d''actifs'!$B$8:$B$37,0))) -> Alternatifs/Exotiques | K15: =IF(A15="","",IF(ISERROR(VLOOKUP(B15,'Liste Banque-Enveloppe'!A:D,2,FALSE)),0,VLOOKUP(B15,'Liste Banque-Enveloppe'!A:D,2,FALSE))) | L15: =J15&E15 -> Alternatifs/ExotiquesCryptos | M15: =IF(AND($AZ$14="Toutes",$AZ$15="Toutes"),N15,IF(AND($AZ$14="Toutes",$AZ$15<>"Toutes"),IF($AZ$15=E15,N15,0),IF(AND($AZ$14<>"Toutes",$AZ$15="Toutes"),IF($AZ$14=J15,N15,0),IF($AZ$14&$AZ$15=L15,N15,0)))) -> 2750 | N15: =IF(AND($T$10=2,D15="Résidence principale"),0,IF($T$7="Net",G15,IF(H15=0,G15,H15))) -> 2750 | O15: =IF(AND($T$10=2,D15="Résidence principale"),0,IF(H15=0,G15,H15)) -> 2750 | P15: =IF(AND($AZ$14="Toutes",$AZ$15="Toutes"),O15,IF(AND($AZ$14="Toutes",$AZ$15<>"Toutes"),IF($AZ$15=E15,O15,0),IF(AND($AZ$14<>"Toutes",$AZ$15="Toutes"),IF($AZ$14=J15,O15,0),IF($AZ$14&$AZ$15=L15,O15,0)))) -> 2750 | R15: =IF(NOT(ISERROR(VLOOKUP(E15,$AC$2:$AC$6,1,FALSE))),E15,"Les autres classes d'actifs") -> Cryptos | S15: =IF(NOT(ISERROR(VLOOKUP(C15,$AS$2:$AS$6,1,FALSE))),C15,"Les autres banques") -> Les autres banques | T15: Total Net | V15: {=IFERROR(INDEX(YEAR('Saisie Patrimoine'!$A$7:$A$20000),MATCH(0,COUNTIF(V$1:V14,YEAR('Saisie Patrimoine'!$A$7:$A$20000)),0)),"")} | AA15: =IF('Liste Classe d''actifs'!B21="","",'Liste Classe d''actifs'!B21) | AB15: =IF(AA15="",#N/A,IF(ISERROR(VLOOKUP(AA15,E:E,1,FALSE)),#N/A,IF(SUMIF(E:E,AA15,M:M)=0,#N/A,SUMIF(E:E,AA15,M:M)))) -> #N/A | AJ15: {=IFERROR(INDEX('Liste Classe d''actifs'!$A$8:$A$37,MATCH(0,COUNTIF(AJ$2:AJ14,'Liste Classe d''actifs'!$A$8:$A$37),0)),"")} | AK15: {=IF($AZ$14="Toutes",'Liste Classe d''actifs'!B20,IFERROR(INDEX('Liste Classe d''actifs'!$B$8:$B$37,_xlfn.AGGREGATE(15,6,(ROW('Liste Classe d''actifs'!$B$8:$B$37)-ROW('Liste Classe d''actifs'!$B$7))/('Liste Classe d''actifs'!A$8:A$37=$AZ$14),ROW('Liste Classe d''actifs'!A13))),""))} -> 0 | AN15: {=IFERROR(INDEX($D$1:$D$301,MATCH(0,COUNTIF($AN$1:AN14,$D$1:$D$301),0)),"")} | AO15: =IF(AN15="",NA(),IF(SUMIF(D:D,AN15,M:M)=0,0,SUMIF(D:D,AN15,M:M))) -> #N/A | AQ15: {=IFERROR(INDEX($C$1:$C$301,MATCH(0,COUNTIF($AQ$1:AQ14,$C$1:$C$301),0)),"")} | AR15: =IF(AQ15="",NA(),IF(SUMIF(C:C,AQ15,M:M)=0,NA(),SUMIF(C:C,AQ15,M:M))) -> #N/A | AW15: {=IFERROR(INDEX('Liste Banque-Enveloppe'!$C$7:$C$206,MATCH(0,COUNTIF(AW$1:AW14,'Liste Banque-Enveloppe'!$C$7:$C$206),0)),"")} -> - | AX15: =IF(OR(AW15="",AW15=" - "),0,IFERROR(INDEX($AW$2:$AW$202,MATCH(SMALL($AY$2:$AY$202,ROW(AW14)),$AY$2:$AY$202,0)),"")) -> 0 | AY15: =IF(OR(AW15="",AW15=" - "),201,COUNTIF($AW$2:$AW$201,"<="&AW15)) -> 201 | AZ15: ='Visuel Patrimoine'!$B$13 -> Toutes | BL15: =IF('Liste Classe d''actifs'!B21="","",'Liste Classe d''actifs'!B21) | BM15: =IF(OR(BL15="",BL15=" - "),0,IFERROR(INDEX($BL$2:$BL$32,MATCH(SMALL($BN$2:$BN$32,ROW(BL14)),$BN$2:$BN$32,0)),"")) -> 0 | BN15: =IF(OR(BL15="",BL15=" - "),31,COUNTIF($BL$2:$BL$32,"<="&BL15)) -> 31
B16: ='Saisie Patrimoine'!B21 -> Binance - CEX | C16: =IF(B16="","",IF(B16=0,0,LEFT(B16,FIND(" - ",B16)-1))) -> Binance | D16: =IF(B16="","",IF(B16=0,0,RIGHT(B16,LEN(B16)-FIND(" - ",B16)-2))) -> CEX | E16: ='Saisie Patrimoine'!C21 -> Cryptos | G16: ='Saisie Patrimoine'!E21 -> 310 | H16: ='Saisie Patrimoine'!F21 -> 0 | J16: =IF(E16=0,0,INDEX('Liste Classe d''actifs'!$A$8:$A$37,MATCH(E16,'Liste Classe d''actifs'!$B$8:$B$37,0))) -> Alternatifs/Exotiques | K16: =IF(A16="","",IF(ISERROR(VLOOKUP(B16,'Liste Banque-Enveloppe'!A:D,2,FALSE)),0,VLOOKUP(B16,'Liste Banque-Enveloppe'!A:D,2,FALSE))) | L16: =J16&E16 -> Alternatifs/ExotiquesCryptos | M16: =IF(AND($AZ$14="Toutes",$AZ$15="Toutes"),N16,IF(AND($AZ$14="Toutes",$AZ$15<>"Toutes"),IF($AZ$15=E16,N16,0),IF(AND($AZ$14<>"Toutes",$AZ$15="Toutes"),IF($AZ$14=J16,N16,0),IF($AZ$14&$AZ$15=L16,N16,0)))) -> 310 | N16: =IF(AND($T$10=2,D16="Résidence principale"),0,IF($T$7="Net",G16,IF(H16=0,G16,H16))) -> 310 | O16: =IF(AND($T$10=2,D16="Résidence principale"),0,IF(H16=0,G16,H16)) -> 310 | P16: =IF(AND($AZ$14="Toutes",$AZ$15="Toutes"),O16,IF(AND($AZ$14="Toutes",$AZ$15<>"Toutes"),IF($AZ$15=E16,O16,0),IF(AND($AZ$14<>"Toutes",$AZ$15="Toutes"),IF($AZ$14=J16,O16,0),IF($AZ$14&$AZ$15=L16,O16,0)))) -> 310 | R16: =IF(NOT(ISERROR(VLOOKUP(E16,$AC$2:$AC$6,1,FALSE))),E16,"Les autres classes d'actifs") -> Cryptos | S16: =IF(NOT(ISERROR(VLOOKUP(C16,$AS$2:$AS$6,1,FALSE))),C16,"Les autres banques") -> Les autres banques | T16: =IF(T10=1,SUM(G:G),SUM(G:G)-T11) -> 121310 | V16: {=IFERROR(INDEX(YEAR('Saisie Patrimoine'!$A$7:$A$20000),MATCH(0,COUNTIF(V$1:V15,YEAR('Saisie Patrimoine'!$A$7:$A$20000)),0)),"")} | AA16: =IF('Liste Classe d''actifs'!B22="","",'Liste Classe d''actifs'!B22) | AB16: =IF(AA16="",#N/A,IF(ISERROR(VLOOKUP(AA16,E:E,1,FALSE)),#N/A,IF(SUMIF(E:E,AA16,M:M)=0,#N/A,SUMIF(E:E,AA16,M:M)))) -> #N/A | AJ16: {=IFERROR(INDEX('Liste Classe d''actifs'!$A$8:$A$37,MATCH(0,COUNTIF(AJ$2:AJ15,'Liste Classe d''actifs'!$A$8:$A$37),0)),"")} | AK16: {=IF($AZ$14="Toutes",'Liste Classe d''actifs'!B21,IFERROR(INDEX('Liste Classe d''actifs'!$B$8:$B$37,_xlfn.AGGREGATE(15,6,(ROW('Liste Classe d''actifs'!$B$8:$B$37)-ROW('Liste Classe d''actifs'!$B$7))/('Liste Classe d''actifs'!A$8:A$37=$AZ$14),ROW('Liste Classe d''actifs'!A14))),""))} -> 0 | AN16: {=IFERROR(INDEX($D$1:$D$301,MATCH(0,COUNTIF($AN$1:AN15,$D$1:$D$301),0)),"")} | AO16: =IF(AN16="",NA(),IF(SUMIF(D:D,AN16,M:M)=0,0,SUMIF(D:D,AN16,M:M))) -> #N/A | AQ16: {=IFERROR(INDEX($C$1:$C$301,MATCH(0,COUNTIF($AQ$1:AQ15,$C$1:$C$301),0)),"")} | AR16: =IF(AQ16="",NA(),IF(SUMIF(C:C,AQ16,M:M)=0,NA(),SUMIF(C:C,AQ16,M:M))) -> #N/A | AW16: {=IFERROR(INDEX('Liste Banque-Enveloppe'!$C$7:$C$206,MATCH(0,COUNTIF(AW$1:AW15,'Liste Banque-Enveloppe'!$C$7:$C$206),0)),"")} | AX16: =IF(OR(AW16="",AW16=" - "),0,IFERROR(INDEX($AW$2:$AW$202,MATCH(SMALL($AY$2:$AY$202,ROW(AW15)),$AY$2:$AY$202,0)),"")) -> 0 | AY16: =IF(OR(AW16="",AW16=" - "),201,COUNTIF($AW$2:$AW$201,"<="&AW16)) -> 201 | BL16: =IF('Liste Classe d''actifs'!B22="","",'Liste Classe d''actifs'!B22) | BM16: =IF(OR(BL16="",BL16=" - "),0,IFERROR(INDEX($BL$2:$BL$32,MATCH(SMALL($BN$2:$BN$32,ROW(BL15)),$BN$2:$BN$32,0)),"")) -> 0 | BN16: =IF(OR(BL16="",BL16=" - "),31,COUNTIF($BL$2:$BL$32,"<="&BL16)) -> 31
B17: ='Saisie Patrimoine'!B22 -> Direct - Résidence principale | C17: =IF(B17="","",IF(B17=0,0,LEFT(B17,FIND(" - ",B17)-1))) -> Direct | D17: =IF(B17="","",IF(B17=0,0,RIGHT(B17,LEN(B17)-FIND(" - ",B17)-2))) -> Résidence principale | E17: ='Saisie Patrimoine'!C22 -> Immo physique | G17: ='Saisie Patrimoine'!E22 -> 28600 | H17: ='Saisie Patrimoine'!F22 -> 160000 | J17: =IF(E17=0,0,INDEX('Liste Classe d''actifs'!$A$8:$A$37,MATCH(E17,'Liste Classe d''actifs'!$B$8:$B$37,0))) -> Immobilier | K17: =IF(A17="","",IF(ISERROR(VLOOKUP(B17,'Liste Banque-Enveloppe'!A:D,2,FALSE)),0,VLOOKUP(B17,'Liste Banque-Enveloppe'!A:D,2,FALSE))) | L17: =J17&E17 -> ImmobilierImmo physique | M17: =IF(AND($AZ$14="Toutes",$AZ$15="Toutes"),N17,IF(AND($AZ$14="Toutes",$AZ$15<>"Toutes"),IF($AZ$15=E17,N17,0),IF(AND($AZ$14<>"Toutes",$AZ$15="Toutes"),IF($AZ$14=J17,N17,0),IF($AZ$14&$AZ$15=L17,N17,0)))) -> 28600 | N17: =IF(AND($T$10=2,D17="Résidence principale"),0,IF($T$7="Net",G17,IF(H17=0,G17,H17))) -> 28600 | O17: =IF(AND($T$10=2,D17="Résidence principale"),0,IF(H17=0,G17,H17)) -> 160000 | P17: =IF(AND($AZ$14="Toutes",$AZ$15="Toutes"),O17,IF(AND($AZ$14="Toutes",$AZ$15<>"Toutes"),IF($AZ$15=E17,O17,0),IF(AND($AZ$14<>"Toutes",$AZ$15="Toutes"),IF($AZ$14=J17,O17,0),IF($AZ$14&$AZ$15=L17,O17,0)))) -> 160000 | R17: =IF(NOT(ISERROR(VLOOKUP(E17,$AC$2:$AC$6,1,FALSE))),E17,"Les autres classes d'actifs") -> Immo physique | S17: =IF(NOT(ISERROR(VLOOKUP(C17,$AS$2:$AS$6,1,FALSE))),C17,"Les autres banques") -> Direct | T17: Total Brut | V17: {=IFERROR(INDEX(YEAR('Saisie Patrimoine'!$A$7:$A$20000),MATCH(0,COUNTIF(V$1:V16,YEAR('Saisie Patrimoine'!$A$7:$A$20000)),0)),"")} | AA17: =IF('Liste Classe d''actifs'!B23="","",'Liste Classe d''actifs'!B23) | AB17: =IF(AA17="",#N/A,IF(ISERROR(VLOOKUP(AA17,E:E,1,FALSE)),#N/A,IF(SUMIF(E:E,AA17,M:M)=0,#N/A,SUMIF(E:E,AA17,M:M)))) -> #N/A | AJ17: {=IFERROR(INDEX('Liste Classe d''actifs'!$A$8:$A$37,MATCH(0,COUNTIF(AJ$2:AJ16,'Liste Classe d''actifs'!$A$8:$A$37),0)),"")} | AK17: {=IF($AZ$14="Toutes",'Liste Classe d''actifs'!B22,IFERROR(INDEX('Liste Classe d''actifs'!$B$8:$B$37,_xlfn.AGGREGATE(15,6,(ROW('Liste Classe d''actifs'!$B$8:$B$37)-ROW('Liste Classe d''actifs'!$B$7))/('Liste Classe d''actifs'!A$8:A$37=$AZ$14),ROW('Liste Classe d''actifs'!A15))),""))} -> 0 | AN17: {=IFERROR(INDEX($D$1:$D$301,MATCH(0,COUNTIF($AN$1:AN16,$D$1:$D$301),0)),"")} | AO17: =IF(AN17="",NA(),IF(SUMIF(D:D,AN17,M:M)=0,0,SUMIF(D:D,AN17,M:M))) -> #N/A | AQ17: {=IFERROR(INDEX($C$1:$C$301,MATCH(0,COUNTIF($AQ$1:AQ16,$C$1:$C$301),0)),"")} | AR17: =IF(AQ17="",NA(),IF(SUMIF(C:C,AQ17,M:M)=0,NA(),SUMIF(C:C,AQ17,M:M))) -> #N/A | AW17: {=IFERROR(INDEX('Liste Banque-Enveloppe'!$C$7:$C$206,MATCH(0,COUNTIF(AW$1:AW16,'Liste Banque-Enveloppe'!$C$7:$C$206),0)),"")} | AX17: =IF(OR(AW17="",AW17=" - "),0,IFERROR(INDEX($AW$2:$AW$202,MATCH(SMALL($AY$2:$AY$202,ROW(AW16)),$AY$2:$AY$202,0)),"")) -> 0 | AY17: =IF(OR(AW17="",AW17=" - "),201,COUNTIF($AW$2:$AW$201,"<="&AW17)) -> 201 | BL17: =IF('Liste Classe d''actifs'!B23="","",'Liste Classe d''actifs'!B23) | BM17: =IF(OR(BL17="",BL17=" - "),0,IFERROR(INDEX($BL$2:$BL$32,MATCH(SMALL($BN$2:$BN$32,ROW(BL16)),$BN$2:$BN$32,0)),"")) -> 0 | BN17: =IF(OR(BL17="",BL17=" - "),31,COUNTIF($BL$2:$BL$32,"<="&BL17)) -> 31
B18: ='Saisie Patrimoine'!B23 -> Direct - LMNP | C18: =IF(B18="","",IF(B18=0,0,LEFT(B18,FIND(" - ",B18)-1))) -> Direct | D18: =IF(B18="","",IF(B18=0,0,RIGHT(B18,LEN(B18)-FIND(" - ",B18)-2))) -> LMNP | E18: ='Saisie Patrimoine'!C23 -> Immo physique | G18: ='Saisie Patrimoine'!E23 -> 200 | H18: ='Saisie Patrimoine'!F23 -> 35000 | J18: =IF(E18=0,0,INDEX('Liste Classe d''actifs'!$A$8:$A$37,MATCH(E18,'Liste Classe d''actifs'!$B$8:$B$37,0))) -> Immobilier | K18: =IF(A18="","",IF(ISERROR(VLOOKUP(B18,'Liste Banque-Enveloppe'!A:D,2,FALSE)),0,VLOOKUP(B18,'Liste Banque-Enveloppe'!A:D,2,FALSE))) | L18: =J18&E18 -> ImmobilierImmo physique | M18: =IF(AND($AZ$14="Toutes",$AZ$15="Toutes"),N18,IF(AND($AZ$14="Toutes",$AZ$15<>"Toutes"),IF($AZ$15=E18,N18,0),IF(AND($AZ$14<>"Toutes",$AZ$15="Toutes"),IF($AZ$14=J18,N18,0),IF($AZ$14&$AZ$15=L18,N18,0)))) -> 200 | N18: =IF(AND($T$10=2,D18="Résidence principale"),0,IF($T$7="Net",G18,IF(H18=0,G18,H18))) -> 200 | O18: =IF(AND($T$10=2,D18="Résidence principale"),0,IF(H18=0,G18,H18)) -> 35000 | P18: =IF(AND($AZ$14="Toutes",$AZ$15="Toutes"),O18,IF(AND($AZ$14="Toutes",$AZ$15<>"Toutes"),IF($AZ$15=E18,O18,0),IF(AND($AZ$14<>"Toutes",$AZ$15="Toutes"),IF($AZ$14=J18,O18,0),IF($AZ$14&$AZ$15=L18,O18,0)))) -> 35000 | R18: =IF(NOT(ISERROR(VLOOKUP(E18,$AC$2:$AC$6,1,FALSE))),E18,"Les autres classes d'actifs") -> Immo physique | S18: =IF(NOT(ISERROR(VLOOKUP(C18,$AS$2:$AS$6,1,FALSE))),C18,"Les autres banques") -> Direct | T18: =IF(T10=1,SUMIF(H:H,0,G:G)+SUM(H:H),SUMIF(H:H,0,G:G)+SUM(H:H)-T12) -> 287510 | V18: {=IFERROR(INDEX(YEAR('Saisie Patrimoine'!$A$7:$A$20000),MATCH(0,COUNTIF(V$1:V17,YEAR('Saisie Patrimoine'!$A$7:$A$20000)),0)),"")} | AA18: =IF('Liste Classe d''actifs'!B24="","",'Liste Classe d''actifs'!B24) | AB18: =IF(AA18="",#N/A,IF(ISERROR(VLOOKUP(AA18,E:E,1,FALSE)),#N/A,IF(SUMIF(E:E,AA18,M:M)=0,#N/A,SUMIF(E:E,AA18,M:M)))) -> #N/A | AJ18: {=IFERROR(INDEX('Liste Classe d''actifs'!$A$8:$A$37,MATCH(0,COUNTIF(AJ$2:AJ17,'Liste Classe d''actifs'!$A$8:$A$37),0)),"")} | AK18: {=IF($AZ$14="Toutes",'Liste Classe d''actifs'!B23,IFERROR(INDEX('Liste Classe d''actifs'!$B$8:$B$37,_xlfn.AGGREGATE(15,6,(ROW('Liste Classe d''actifs'!$B$8:$B$37)-ROW('Liste Classe d''actifs'!$B$7))/('Liste Classe d''actifs'!A$8:A$37=$AZ$14),ROW('Liste Classe d''actifs'!A16))),""))} -> 0 | AN18: {=IFERROR(INDEX($D$1:$D$301,MATCH(0,COUNTIF($AN$1:AN17,$D$1:$D$301),0)),"")} | AO18: =IF(AN18="",NA(),IF(SUMIF(D:D,AN18,M:M)=0,0,SUMIF(D:D,AN18,M:M))) -> #N/A | AQ18: {=IFERROR(INDEX($C$1:$C$301,MATCH(0,COUNTIF($AQ$1:AQ17,$C$1:$C$301),0)),"")} | AR18: =IF(AQ18="",NA(),IF(SUMIF(C:C,AQ18,M:M)=0,NA(),SUMIF(C:C,AQ18,M:M))) -> #N/A | AW18: {=IFERROR(INDEX('Liste Banque-Enveloppe'!$C$7:$C$206,MATCH(0,COUNTIF(AW$1:AW17,'Liste Banque-Enveloppe'!$C$7:$C$206),0)),"")} | AX18: =IF(OR(AW18="",AW18=" - "),0,IFERROR(INDEX($AW$2:$AW$202,MATCH(SMALL($AY$2:$AY$202,ROW(AW17)),$AY$2:$AY$202,0)),"")) -> 0 | AY18: =IF(OR(AW18="",AW18=" - "),201,COUNTIF($AW$2:$AW$201,"<="&AW18)) -> 201 | BL18: =IF('Liste Classe d''actifs'!B24="","",'Liste Classe d''actifs'!B24) | BM18: =IF(OR(BL18="",BL18=" - "),0,IFERROR(INDEX($BL$2:$BL$32,MATCH(SMALL($BN$2:$BN$32,ROW(BL17)),$BN$2:$BN$32,0)),"")) -> 0 | BN18: =IF(OR(BL18="",BL18=" - "),31,COUNTIF($BL$2:$BL$32,"<="&BL18)) -> 31
B19: ='Saisie Patrimoine'!B24 -> 0 | C19: =IF(B19="","",IF(B19=0,0,LEFT(B19,FIND(" - ",B19)-1))) -> 0 | D19: =IF(B19="","",IF(B19=0,0,RIGHT(B19,LEN(B19)-FIND(" - ",B19)-2))) -> 0 | E19: ='Saisie Patrimoine'!C24 -> 0 | G19: ='Saisie Patrimoine'!E24 -> 0 | H19: ='Saisie Patrimoine'!F24 -> 0 | J19: =IF(E19=0,0,INDEX('Liste Classe d''actifs'!$A$8:$A$37,MATCH(E19,'Liste Classe d''actifs'!$B$8:$B$37,0))) -> 0 | K19: =IF(A19="","",IF(ISERROR(VLOOKUP(B19,'Liste Banque-Enveloppe'!A:D,2,FALSE)),0,VLOOKUP(B19,'Liste Banque-Enveloppe'!A:D,2,FALSE))) | L19: =J19&E19 -> 00 | M19: =IF(AND($AZ$14="Toutes",$AZ$15="Toutes"),N19,IF(AND($AZ$14="Toutes",$AZ$15<>"Toutes"),IF($AZ$15=E19,N19,0),IF(AND($AZ$14<>"Toutes",$AZ$15="Toutes"),IF($AZ$14=J19,N19,0),IF($AZ$14&$AZ$15=L19,N19,0)))) -> 0 | N19: =IF(AND($T$10=2,D19="Résidence principale"),0,IF($T$7="Net",G19,IF(H19=0,G19,H19))) -> 0 | O19: =IF(AND($T$10=2,D19="Résidence principale"),0,IF(H19=0,G19,H19)) -> 0 | P19: =IF(AND($AZ$14="Toutes",$AZ$15="Toutes"),O19,IF(AND($AZ$14="Toutes",$AZ$15<>"Toutes"),IF($AZ$15=E19,O19,0),IF(AND($AZ$14<>"Toutes",$AZ$15="Toutes"),IF($AZ$14=J19,O19,0),IF($AZ$14&$AZ$15=L19,O19,0)))) -> 0 | R19: =IF(NOT(ISERROR(VLOOKUP(E19,$AC$2:$AC$6,1,FALSE))),E19,"Les autres classes d'actifs") -> Les autres classes d'actifs | S19: =IF(NOT(ISERROR(VLOOKUP(C19,$AS$2:$AS$6,1,FALSE))),C19,"Les autres banques") -> Les autres banques | T19: Ratio | V19: {=IFERROR(INDEX(YEAR('Saisie Patrimoine'!$A$7:$A$20000),MATCH(0,COUNTIF(V$1:V18,YEAR('Saisie Patrimoine'!$A$7:$A$20000)),0)),"")} | AA19: =IF('Liste Classe d''actifs'!B25="","",'Liste Classe d''actifs'!B25) | AB19: =IF(AA19="",#N/A,IF(ISERROR(VLOOKUP(AA19,E:E,1,FALSE)),#N/A,IF(SUMIF(E:E,AA19,M:M)=0,#N/A,SUMIF(E:E,AA19,M:M)))) -> #N/A | AJ19: {=IFERROR(INDEX('Liste Classe d''actifs'!$A$8:$A$37,MATCH(0,COUNTIF(AJ$2:AJ18,'Liste Classe d''actifs'!$A$8:$A$37),0)),"")} | AK19: {=IF($AZ$14="Toutes",'Liste Classe d''actifs'!B24,IFERROR(INDEX('Liste Classe d''actifs'!$B$8:$B$37,_xlfn.AGGREGATE(15,6,(ROW('Liste Classe d''actifs'!$B$8:$B$37)-ROW('Liste Classe d''actifs'!$B$7))/('Liste Classe d''actifs'!A$8:A$37=$AZ$14),ROW('Liste Classe d''actifs'!A17))),""))} -> 0 | AN19: {=IFERROR(INDEX($D$1:$D$301,MATCH(0,COUNTIF($AN$1:AN18,$D$1:$D$301),0)),"")} | AO19: =IF(AN19="",NA(),IF(SUMIF(D:D,AN19,M:M)=0,0,SUMIF(D:D,AN19,M:M))) -> #N/A | AQ19: {=IFERROR(INDEX($C$1:$C$301,MATCH(0,COUNTIF($AQ$1:AQ18,$C$1:$C$301),0)),"")} | AR19: =IF(AQ19="",NA(),IF(SUMIF(C:C,AQ19,M:M)=0,NA(),SUMIF(C:C,AQ19,M:M))) -> #N/A | AW19: {=IFERROR(INDEX('Liste Banque-Enveloppe'!$C$7:$C$206,MATCH(0,COUNTIF(AW$1:AW18,'Liste Banque-Enveloppe'!$C$7:$C$206),0)),"")} | AX19: =IF(OR(AW19="",AW19=" - "),0,IFERROR(INDEX($AW$2:$AW$202,MATCH(SMALL($AY$2:$AY$202,ROW(AW18)),$AY$2:$AY$202,0)),"")) -> 0 | AY19: =IF(OR(AW19="",AW19=" - "),201,COUNTIF($AW$2:$AW$201,"<="&AW19)) -> 201 | BL19: =IF('Liste Classe d''actifs'!B25="","",'Liste Classe d''actifs'!B25) | BM19: =IF(OR(BL19="",BL19=" - "),0,IFERROR(INDEX($BL$2:$BL$32,MATCH(SMALL($BN$2:$BN$32,ROW(BL18)),$BN$2:$BN$32,0)),"")) -> 0 | BN19: =IF(OR(BL19="",BL19=" - "),31,COUNTIF($BL$2:$BL$32,"<="&BL19)) -> 31
B20: ='Saisie Patrimoine'!B25 -> 0 | C20: =IF(B20="","",IF(B20=0,0,LEFT(B20,FIND(" - ",B20)-1))) -> 0 | D20: =IF(B20="","",IF(B20=0,0,RIGHT(B20,LEN(B20)-FIND(" - ",B20)-2))) -> 0 | E20: ='Saisie Patrimoine'!C25 -> 0 | G20: ='Saisie Patrimoine'!E25 -> 0 | H20: ='Saisie Patrimoine'!F25 -> 0 | J20: =IF(E20=0,0,INDEX('Liste Classe d''actifs'!$A$8:$A$37,MATCH(E20,'Liste Classe d''actifs'!$B$8:$B$37,0))) -> 0 | K20: =IF(A20="","",IF(ISERROR(VLOOKUP(B20,'Liste Banque-Enveloppe'!A:D,2,FALSE)),0,VLOOKUP(B20,'Liste Banque-Enveloppe'!A:D,2,FALSE))) | L20: =J20&E20 -> 00 | M20: =IF(AND($AZ$14="Toutes",$AZ$15="Toutes"),N20,IF(AND($AZ$14="Toutes",$AZ$15<>"Toutes"),IF($AZ$15=E20,N20,0),IF(AND($AZ$14<>"Toutes",$AZ$15="Toutes"),IF($AZ$14=J20,N20,0),IF($AZ$14&$AZ$15=L20,N20,0)))) -> 0 | N20: =IF(AND($T$10=2,D20="Résidence principale"),0,IF($T$7="Net",G20,IF(H20=0,G20,H20))) -> 0 | O20: =IF(AND($T$10=2,D20="Résidence principale"),0,IF(H20=0,G20,H20)) -> 0 | P20: =IF(AND($AZ$14="Toutes",$AZ$15="Toutes"),O20,IF(AND($AZ$14="Toutes",$AZ$15<>"Toutes"),IF($AZ$15=E20,O20,0),IF(AND($AZ$14<>"Toutes",$AZ$15="Toutes"),IF($AZ$14=J20,O20,0),IF($AZ$14&$AZ$15=L20,O20,0)))) -> 0 | R20: =IF(NOT(ISERROR(VLOOKUP(E20,$AC$2:$AC$6,1,FALSE))),E20,"Les autres classes d'actifs") -> Les autres classes d'actifs | S20: =IF(NOT(ISERROR(VLOOKUP(C20,$AS$2:$AS$6,1,FALSE))),C20,"Les autres banques") -> Les autres banques | T20: =IF(T8=2,"",IF(AND(T16=0,T18=0),"",T16/T18)) -> 0.42193315 | V20: {=IFERROR(INDEX(YEAR('Saisie Patrimoine'!$A$7:$A$20000),MATCH(0,COUNTIF(V$1:V19,YEAR('Saisie Patrimoine'!$A$7:$A$20000)),0)),"")} | AA20: =IF('Liste Classe d''actifs'!B26="","",'Liste Classe d''actifs'!B26) | AB20: =IF(AA20="",#N/A,IF(ISERROR(VLOOKUP(AA20,E:E,1,FALSE)),#N/A,IF(SUMIF(E:E,AA20,M:M)=0,#N/A,SUMIF(E:E,AA20,M:M)))) -> #N/A | AJ20: {=IFERROR(INDEX('Liste Classe d''actifs'!$A$8:$A$37,MATCH(0,COUNTIF(AJ$2:AJ19,'Liste Classe d''actifs'!$A$8:$A$37),0)),"")} | AK20: {=IF($AZ$14="Toutes",'Liste Classe d''actifs'!B25,IFERROR(INDEX('Liste Classe d''actifs'!$B$8:$B$37,_xlfn.AGGREGATE(15,6,(ROW('Liste Classe d''actifs'!$B$8:$B$37)-ROW('Liste Classe d''actifs'!$B$7))/('Liste Classe d''actifs'!A$8:A$37=$AZ$14),ROW('Liste Classe d''actifs'!A18))),""))} -> 0 | AN20: {=IFERROR(INDEX($D$1:$D$301,MATCH(0,COUNTIF($AN$1:AN19,$D$1:$D$301),0)),"")} | AO20: =IF(AN20="",NA(),IF(SUMIF(D:D,AN20,M:M)=0,0,SUMIF(D:D,AN20,M:M))) -> #N/A | AQ20: {=IFERROR(INDEX($C$1:$C$301,MATCH(0,COUNTIF($AQ$1:AQ19,$C$1:$C$301),0)),"")} | AR20: =IF(AQ20="",NA(),IF(SUMIF(C:C,AQ20,M:M)=0,NA(),SUMIF(C:C,AQ20,M:M))) -> #N/A | AW20: {=IFERROR(INDEX('Liste Banque-Enveloppe'!$C$7:$C$206,MATCH(0,COUNTIF(AW$1:AW19,'Liste Banque-Enveloppe'!$C$7:$C$206),0)),"")} | AX20: =IF(OR(AW20="",AW20=" - "),0,IFERROR(INDEX($AW$2:$AW$202,MATCH(SMALL($AY$2:$AY$202,ROW(AW19)),$AY$2:$AY$202,0)),"")) -> 0 | AY20: =IF(OR(AW20="",AW20=" - "),201,COUNTIF($AW$2:$AW$201,"<="&AW20)) -> 201 | BL20: =IF('Liste Classe d''actifs'!B26="","",'Liste Classe d''actifs'!B26) | BM20: =IF(OR(BL20="",BL20=" - "),0,IFERROR(INDEX($BL$2:$BL$32,MATCH(SMALL($BN$2:$BN$32,ROW(BL19)),$BN$2:$BN$32,0)),"")) -> 0 | BN20: =IF(OR(BL20="",BL20=" - "),31,COUNTIF($BL$2:$BL$32,"<="&BL20)) -> 31
B21: ='Saisie Patrimoine'!B26 -> 0 | C21: =IF(B21="","",IF(B21=0,0,LEFT(B21,FIND(" - ",B21)-1))) -> 0 | D21: =IF(B21="","",IF(B21=0,0,RIGHT(B21,LEN(B21)-FIND(" - ",B21)-2))) -> 0 | E21: ='Saisie Patrimoine'!C26 -> 0 | G21: ='Saisie Patrimoine'!E26 -> 0 | H21: ='Saisie Patrimoine'!F26 -> 0 | J21: =IF(E21=0,0,INDEX('Liste Classe d''actifs'!$A$8:$A$37,MATCH(E21,'Liste Classe d''actifs'!$B$8:$B$37,0))) -> 0 | K21: =IF(A21="","",IF(ISERROR(VLOOKUP(B21,'Liste Banque-Enveloppe'!A:D,2,FALSE)),0,VLOOKUP(B21,'Liste Banque-Enveloppe'!A:D,2,FALSE))) | L21: =J21&E21 -> 00 | M21: =IF(AND($AZ$14="Toutes",$AZ$15="Toutes"),N21,IF(AND($AZ$14="Toutes",$AZ$15<>"Toutes"),IF($AZ$15=E21,N21,0),IF(AND($AZ$14<>"Toutes",$AZ$15="Toutes"),IF($AZ$14=J21,N21,0),IF($AZ$14&$AZ$15=L21,N21,0)))) -> 0 | N21: =IF(AND($T$10=2,D21="Résidence principale"),0,IF($T$7="Net",G21,IF(H21=0,G21,H21))) -> 0 | O21: =IF(AND($T$10=2,D21="Résidence principale"),0,IF(H21=0,G21,H21)) -> 0 | P21: =IF(AND($AZ$14="Toutes",$AZ$15="Toutes"),O21,IF(AND($AZ$14="Toutes",$AZ$15<>"Toutes"),IF($AZ$15=E21,O21,0),IF(AND($AZ$14<>"Toutes",$AZ$15="Toutes"),IF($AZ$14=J21,O21,0),IF($AZ$14&$AZ$15=L21,O21,0)))) -> 0 | R21: =IF(NOT(ISERROR(VLOOKUP(E21,$AC$2:$AC$6,1,FALSE))),E21,"Les autres classes d'actifs") -> Les autres classes d'actifs | S21: =IF(NOT(ISERROR(VLOOKUP(C21,$AS$2:$AS$6,1,FALSE))),C21,"Les autres banques") -> Les autres banques | T21: =IF(T8=2,"",IF(AND(SUM(M:M)=0,SUM(P:P)=0),"",SUM(M:M)/SUM(P:P))) -> 0.42193315 | V21: {=IFERROR(INDEX(YEAR('Saisie Patrimoine'!$A$7:$A$20000),MATCH(0,COUNTIF(V$1:V20,YEAR('Saisie Patrimoine'!$A$7:$A$20000)),0)),"")} | AA21: =IF('Liste Classe d''actifs'!B27="","",'Liste Classe d''actifs'!B27) | AB21: =IF(AA21="",#N/A,IF(ISERROR(VLOOKUP(AA21,E:E,1,FALSE)),#N/A,IF(SUMIF(E:E,AA21,M:M)=0,#N/A,SUMIF(E:E,AA21,M:M)))) -> #N/A | AJ21: {=IFERROR(INDEX('Liste Classe d''actifs'!$A$8:$A$37,MATCH(0,COUNTIF(AJ$2:AJ20,'Liste Classe d''actifs'!$A$8:$A$37),0)),"")} | AK21: {=IF($AZ$14="Toutes",'Liste Classe d''actifs'!B26,IFERROR(INDEX('Liste Classe d''actifs'!$B$8:$B$37,_xlfn.AGGREGATE(15,6,(ROW('Liste Classe d''actifs'!$B$8:$B$37)-ROW('Liste Classe d''actifs'!$B$7))/('Liste Classe d''actifs'!A$8:A$37=$AZ$14),ROW('Liste Classe d''actifs'!A19))),""))} -> 0 | AN21: {=IFERROR(INDEX($D$1:$D$301,MATCH(0,COUNTIF($AN$1:AN20,$D$1:$D$301),0)),"")} | AO21: =IF(AN21="",NA(),IF(SUMIF(D:D,AN21,M:M)=0,0,SUMIF(D:D,AN21,M:M))) -> #N/A | AQ21: {=IFERROR(INDEX($C$1:$C$301,MATCH(0,COUNTIF($AQ$1:AQ20,$C$1:$C$301),0)),"")} | AR21: =IF(AQ21="",NA(),IF(SUMIF(C:C,AQ21,M:M)=0,NA(),SUMIF(C:C,AQ21,M:M))) -> #N/A | AW21: {=IFERROR(INDEX('Liste Banque-Enveloppe'!$C$7:$C$206,MATCH(0,COUNTIF(AW$1:AW20,'Liste Banque-Enveloppe'!$C$7:$C$206),0)),"")} | AX21: =IF(OR(AW21="",AW21=" - "),0,IFERROR(INDEX($AW$2:$AW$202,MATCH(SMALL($AY$2:$AY$202,ROW(AW20)),$AY$2:$AY$202,0)),"")) -> 0 | AY21: =IF(OR(AW21="",AW21=" - "),201,COUNTIF($AW$2:$AW$201,"<="&AW21)) -> 201 | BL21: =IF('Liste Classe d''actifs'!B27="","",'Liste Classe d''actifs'!B27) | BM21: =IF(OR(BL21="",BL21=" - "),0,IFERROR(INDEX($BL$2:$BL$32,MATCH(SMALL($BN$2:$BN$32,ROW(BL20)),$BN$2:$BN$32,0)),"")) -> 0 | BN21: =IF(OR(BL21="",BL21=" - "),31,COUNTIF($BL$2:$BL$32,"<="&BL21)) -> 31
B22: ='Saisie Patrimoine'!B27 -> 0 | C22: =IF(B22="","",IF(B22=0,0,LEFT(B22,FIND(" - ",B22)-1))) -> 0 | D22: =IF(B22="","",IF(B22=0,0,RIGHT(B22,LEN(B22)-FIND(" - ",B22)-2))) -> 0 | E22: ='Saisie Patrimoine'!C27 -> 0 | G22: ='Saisie Patrimoine'!E27 -> 0 | H22: ='Saisie Patrimoine'!F27 -> 0 | J22: =IF(E22=0,0,INDEX('Liste Classe d''actifs'!$A$8:$A$37,MATCH(E22,'Liste Classe d''actifs'!$B$8:$B$37,0))) -> 0 | K22: =IF(A22="","",IF(ISERROR(VLOOKUP(B22,'Liste Banque-Enveloppe'!A:D,2,FALSE)),0,VLOOKUP(B22,'Liste Banque-Enveloppe'!A:D,2,FALSE))) | L22: =J22&E22 -> 00 | M22: =IF(AND($AZ$14="Toutes",$AZ$15="Toutes"),N22,IF(AND($AZ$14="Toutes",$AZ$15<>"Toutes"),IF($AZ$15=E22,N22,0),IF(AND($AZ$14<>"Toutes",$AZ$15="Toutes"),IF($AZ$14=J22,N22,0),IF($AZ$14&$AZ$15=L22,N22,0)))) -> 0 | N22: =IF(AND($T$10=2,D22="Résidence principale"),0,IF($T$7="Net",G22,IF(H22=0,G22,H22))) -> 0 | O22: =IF(AND($T$10=2,D22="Résidence principale"),0,IF(H22=0,G22,H22)) -> 0 | P22: =IF(AND($AZ$14="Toutes",$AZ$15="Toutes"),O22,IF(AND($AZ$14="Toutes",$AZ$15<>"Toutes"),IF($AZ$15=E22,O22,0),IF(AND($AZ$14<>"Toutes",$AZ$15="Toutes"),IF($AZ$14=J22,O22,0),IF($AZ$14&$AZ$15=L22,O22,0)))) -> 0 | R22: =IF(NOT(ISERROR(VLOOKUP(E22,$AC$2:$AC$6,1,FALSE))),E22,"Les autres classes d'actifs") -> Les autres classes d'actifs | S22: =IF(NOT(ISERROR(VLOOKUP(C22,$AS$2:$AS$6,1,FALSE))),C22,"Les autres banques") -> Les autres banques | T22: =SUM(M2:M201) -> 121310 | V22: {=IFERROR(INDEX(YEAR('Saisie Patrimoine'!$A$7:$A$20000),MATCH(0,COUNTIF(V$1:V21,YEAR('Saisie Patrimoine'!$A$7:$A$20000)),0)),"")} | AA22: =IF('Liste Classe d''actifs'!B28="","",'Liste Classe d''actifs'!B28) | AB22: =IF(AA22="",#N/A,IF(ISERROR(VLOOKUP(AA22,E:E,1,FALSE)),#N/A,IF(SUMIF(E:E,AA22,M:M)=0,#N/A,SUMIF(E:E,AA22,M:M)))) -> #N/A | AJ22: {=IFERROR(INDEX('Liste Classe d''actifs'!$A$8:$A$37,MATCH(0,COUNTIF(AJ$2:AJ21,'Liste Classe d''actifs'!$A$8:$A$37),0)),"")} | AK22: {=IF($AZ$14="Toutes",'Liste Classe d''actifs'!B27,IFERROR(INDEX('Liste Classe d''actifs'!$B$8:$B$37,_xlfn.AGGREGATE(15,6,(ROW('Liste Classe d''actifs'!$B$8:$B$37)-ROW('Liste Classe d''actifs'!$B$7))/('Liste Classe d''actifs'!A$8:A$37=$AZ$14),ROW('Liste Classe d''actifs'!A20))),""))} -> 0 | AN22: {=IFERROR(INDEX($D$1:$D$301,MATCH(0,COUNTIF($AN$1:AN21,$D$1:$D$301),0)),"")} | AO22: =IF(AN22="",NA(),IF(SUMIF(D:D,AN22,M:M)=0,0,SUMIF(D:D,AN22,M:M))) -> #N/A | AQ22: {=IFERROR(INDEX($C$1:$C$301,MATCH(0,COUNTIF($AQ$1:AQ21,$C$1:$C$301),0)),"")} | AR22: =IF(AQ22="",NA(),IF(SUMIF(C:C,AQ22,M:M)=0,NA(),SUMIF(C:C,AQ22,M:M))) -> #N/A | AW22: {=IFERROR(INDEX('Liste Banque-Enveloppe'!$C$7:$C$206,MATCH(0,COUNTIF(AW$1:AW21,'Liste Banque-Enveloppe'!$C$7:$C$206),0)),"")} | AX22: =IF(OR(AW22="",AW22=" - "),0,IFERROR(INDEX($AW$2:$AW$202,MATCH(SMALL($AY$2:$AY$202,ROW(AW21)),$AY$2:$AY$202,0)),"")) -> 0 | AY22: =IF(OR(AW22="",AW22=" - "),201,COUNTIF($AW$2:$AW$201,"<="&AW22)) -> 201 | BL22: =IF('Liste Classe d''actifs'!B28="","",'Liste Classe d''actifs'!B28) | BM22: =IF(OR(BL22="",BL22=" - "),0,IFERROR(INDEX($BL$2:$BL$32,MATCH(SMALL($BN$2:$BN$32,ROW(BL21)),$BN$2:$BN$32,0)),"")) -> 0 | BN22: =IF(OR(BL22="",BL22=" - "),31,COUNTIF($BL$2:$BL$32,"<="&BL22)) -> 31
B23: ='Saisie Patrimoine'!B28 -> 0 | C23: =IF(B23="","",IF(B23=0,0,LEFT(B23,FIND(" - ",B23)-1))) -> 0 | D23: =IF(B23="","",IF(B23=0,0,RIGHT(B23,LEN(B23)-FIND(" - ",B23)-2))) -> 0 | E23: ='Saisie Patrimoine'!C28 -> 0 | G23: ='Saisie Patrimoine'!E28 -> 0 | H23: ='Saisie Patrimoine'!F28 -> 0 | J23: =IF(E23=0,0,INDEX('Liste Classe d''actifs'!$A$8:$A$37,MATCH(E23,'Liste Classe d''actifs'!$B$8:$B$37,0))) -> 0 | K23: =IF(A23="","",IF(ISERROR(VLOOKUP(B23,'Liste Banque-Enveloppe'!A:D,2,FALSE)),0,VLOOKUP(B23,'Liste Banque-Enveloppe'!A:D,2,FALSE))) | L23: =J23&E23 -> 00 | M23: =IF(AND($AZ$14="Toutes",$AZ$15="Toutes"),N23,IF(AND($AZ$14="Toutes",$AZ$15<>"Toutes"),IF($AZ$15=E23,N23,0),IF(AND($AZ$14<>"Toutes",$AZ$15="Toutes"),IF($AZ$14=J23,N23,0),IF($AZ$14&$AZ$15=L23,N23,0)))) -> 0 | N23: =IF(AND($T$10=2,D23="Résidence principale"),0,IF($T$7="Net",G23,IF(H23=0,G23,H23))) -> 0 | O23: =IF(AND($T$10=2,D23="Résidence principale"),0,IF(H23=0,G23,H23)) -> 0 | P23: =IF(AND($AZ$14="Toutes",$AZ$15="Toutes"),O23,IF(AND($AZ$14="Toutes",$AZ$15<>"Toutes"),IF($AZ$15=E23,O23,0),IF(AND($AZ$14<>"Toutes",$AZ$15="Toutes"),IF($AZ$14=J23,O23,0),IF($AZ$14&$AZ$15=L23,O23,0)))) -> 0 | R23: =IF(NOT(ISERROR(VLOOKUP(E23,$AC$2:$AC$6,1,FALSE))),E23,"Les autres classes d'actifs") -> Les autres classes d'actifs | S23: =IF(NOT(ISERROR(VLOOKUP(C23,$AS$2:$AS$6,1,FALSE))),C23,"Les autres banques") -> Les autres banques | AA23: =IF('Liste Classe d''actifs'!B29="","",'Liste Classe d''actifs'!B29) | AB23: =IF(AA23="",#N/A,IF(ISERROR(VLOOKUP(AA23,E:E,1,FALSE)),#N/A,IF(SUMIF(E:E,AA23,M:M)=0,#N/A,SUMIF(E:E,AA23,M:M)))) -> #N/A | AJ23: {=IFERROR(INDEX('Liste Classe d''actifs'!$A$8:$A$37,MATCH(0,COUNTIF(AJ$2:AJ22,'Liste Classe d''actifs'!$A$8:$A$37),0)),"")} | AK23: {=IF($AZ$14="Toutes",'Liste Classe d''actifs'!B28,IFERROR(INDEX('Liste Classe d''actifs'!$B$8:$B$37,_xlfn.AGGREGATE(15,6,(ROW('Liste Classe d''actifs'!$B$8:$B$37)-ROW('Liste Classe d''actifs'!$B$7))/('Liste Classe d''actifs'!A$8:A$37=$AZ$14),ROW('Liste Classe d''actifs'!A21))),""))} -> 0 | AN23: {=IFERROR(INDEX($D$1:$D$301,MATCH(0,COUNTIF($AN$1:AN22,$D$1:$D$301),0)),"")} | AO23: =IF(AN23="",NA(),IF(SUMIF(D:D,AN23,M:M)=0,0,SUMIF(D:D,AN23,M:M))) -> #N/A | AQ23: {=IFERROR(INDEX($C$1:$C$301,MATCH(0,COUNTIF($AQ$1:AQ22,$C$1:$C$301),0)),"")} | AR23: =IF(AQ23="",NA(),IF(SUMIF(C:C,AQ23,M:M)=0,NA(),SUMIF(C:C,AQ23,M:M))) -> #N/A | AW23: {=IFERROR(INDEX('Liste Banque-Enveloppe'!$C$7:$C$206,MATCH(0,COUNTIF(AW$1:AW22,'Liste Banque-Enveloppe'!$C$7:$C$206),0)),"")} | AX23: =IF(OR(AW23="",AW23=" - "),0,IFERROR(INDEX($AW$2:$AW$202,MATCH(SMALL($AY$2:$AY$202,ROW(AW22)),$AY$2:$AY$202,0)),"")) -> 0 | AY23: =IF(OR(AW23="",AW23=" - "),201,COUNTIF($AW$2:$AW$201,"<="&AW23)) -> 201 | BL23: =IF('Liste Classe d''actifs'!B29="","",'Liste Classe d''actifs'!B29) | BM23: =IF(OR(BL23="",BL23=" - "),0,IFERROR(INDEX($BL$2:$BL$32,MATCH(SMALL($BN$2:$BN$32,ROW(BL22)),$BN$2:$BN$32,0)),"")) -> 0 | BN23: =IF(OR(BL23="",BL23=" - "),31,COUNTIF($BL$2:$BL$32,"<="&BL23)) -> 31
B24: ='Saisie Patrimoine'!B29 -> 0 | C24: =IF(B24="","",IF(B24=0,0,LEFT(B24,FIND(" - ",B24)-1))) -> 0 | D24: =IF(B24="","",IF(B24=0,0,RIGHT(B24,LEN(B24)-FIND(" - ",B24)-2))) -> 0 | E24: ='Saisie Patrimoine'!C29 -> 0 | G24: ='Saisie Patrimoine'!E29 -> 0 | H24: ='Saisie Patrimoine'!F29 -> 0 | J24: =IF(E24=0,0,INDEX('Liste Classe d''actifs'!$A$8:$A$37,MATCH(E24,'Liste Classe d''actifs'!$B$8:$B$37,0))) -> 0 | K24: =IF(A24="","",IF(ISERROR(VLOOKUP(B24,'Liste Banque-Enveloppe'!A:D,2,FALSE)),0,VLOOKUP(B24,'Liste Banque-Enveloppe'!A:D,2,FALSE))) | L24: =J24&E24 -> 00 | M24: =IF(AND($AZ$14="Toutes",$AZ$15="Toutes"),N24,IF(AND($AZ$14="Toutes",$AZ$15<>"Toutes"),IF($AZ$15=E24,N24,0),IF(AND($AZ$14<>"Toutes",$AZ$15="Toutes"),IF($AZ$14=J24,N24,0),IF($AZ$14&$AZ$15=L24,N24,0)))) -> 0 | N24: =IF(AND($T$10=2,D24="Résidence principale"),0,IF($T$7="Net",G24,IF(H24=0,G24,H24))) -> 0 | O24: =IF(AND($T$10=2,D24="Résidence principale"),0,IF(H24=0,G24,H24)) -> 0 | P24: =IF(AND($AZ$14="Toutes",$AZ$15="Toutes"),O24,IF(AND($AZ$14="Toutes",$AZ$15<>"Toutes"),IF($AZ$15=E24,O24,0),IF(AND($AZ$14<>"Toutes",$AZ$15="Toutes"),IF($AZ$14=J24,O24,0),IF($AZ$14&$AZ$15=L24,O24,0)))) -> 0 | R24: =IF(NOT(ISERROR(VLOOKUP(E24,$AC$2:$AC$6,1,FALSE))),E24,"Les autres classes d'actifs") -> Les autres classes d'actifs | S24: =IF(NOT(ISERROR(VLOOKUP(C24,$AS$2:$AS$6,1,FALSE))),C24,"Les autres banques") -> Les autres banques | AA24: =IF('Liste Classe d''actifs'!B30="","",'Liste Classe d''actifs'!B30) | AB24: =IF(AA24="",#N/A,IF(ISERROR(VLOOKUP(AA24,E:E,1,FALSE)),#N/A,IF(SUMIF(E:E,AA24,M:M)=0,#N/A,SUMIF(E:E,AA24,M:M)))) -> #N/A | AJ24: {=IFERROR(INDEX('Liste Classe d''actifs'!$A$8:$A$37,MATCH(0,COUNTIF(AJ$2:AJ23,'Liste Classe d''actifs'!$A$8:$A$37),0)),"")} | AK24: {=IF($AZ$14="Toutes",'Liste Classe d''actifs'!B29,IFERROR(INDEX('Liste Classe d''actifs'!$B$8:$B$37,_xlfn.AGGREGATE(15,6,(ROW('Liste Classe d''actifs'!$B$8:$B$37)-ROW('Liste Classe d''actifs'!$B$7))/('Liste Classe d''actifs'!A$8:A$37=$AZ$14),ROW('Liste Classe d''actifs'!A22))),""))} -> 0 | AN24: {=IFERROR(INDEX($D$1:$D$301,MATCH(0,COUNTIF($AN$1:AN23,$D$1:$D$301),0)),"")} | AO24: =IF(AN24="",NA(),IF(SUMIF(D:D,AN24,M:M)=0,0,SUMIF(D:D,AN24,M:M))) -> #N/A | AQ24: {=IFERROR(INDEX($C$1:$C$301,MATCH(0,COUNTIF($AQ$1:AQ23,$C$1:$C$301),0)),"")} | AR24: =IF(AQ24="",NA(),IF(SUMIF(C:C,AQ24,M:M)=0,NA(),SUMIF(C:C,AQ24,M:M))) -> #N/A | AW24: {=IFERROR(INDEX('Liste Banque-Enveloppe'!$C$7:$C$206,MATCH(0,COUNTIF(AW$1:AW23,'Liste Banque-Enveloppe'!$C$7:$C$206),0)),"")} | AX24: =IF(OR(AW24="",AW24=" - "),0,IFERROR(INDEX($AW$2:$AW$202,MATCH(SMALL($AY$2:$AY$202,ROW(AW23)),$AY$2:$AY$202,0)),"")) -> 0 | AY24: =IF(OR(AW24="",AW24=" - "),201,COUNTIF($AW$2:$AW$201,"<="&AW24)) -> 201 | BL24: =IF('Liste Classe d''actifs'!B30="","",'Liste Classe d''actifs'!B30) | BM24: =IF(OR(BL24="",BL24=" - "),0,IFERROR(INDEX($BL$2:$BL$32,MATCH(SMALL($BN$2:$BN$32,ROW(BL23)),$BN$2:$BN$32,0)),"")) -> 0 | BN24: =IF(OR(BL24="",BL24=" - "),31,COUNTIF($BL$2:$BL$32,"<="&BL24)) -> 31
B25: ='Saisie Patrimoine'!B30 -> 0 | C25: =IF(B25="","",IF(B25=0,0,LEFT(B25,FIND(" - ",B25)-1))) -> 0 | D25: =IF(B25="","",IF(B25=0,0,RIGHT(B25,LEN(B25)-FIND(" - ",B25)-2))) -> 0 | E25: ='Saisie Patrimoine'!C30 -> 0 | G25: ='Saisie Patrimoine'!E30 -> 0 | H25: ='Saisie Patrimoine'!F30 -> 0 | J25: =IF(E25=0,0,INDEX('Liste Classe d''actifs'!$A$8:$A$37,MATCH(E25,'Liste Classe d''actifs'!$B$8:$B$37,0))) -> 0 | K25: =IF(A25="","",IF(ISERROR(VLOOKUP(B25,'Liste Banque-Enveloppe'!A:D,2,FALSE)),0,VLOOKUP(B25,'Liste Banque-Enveloppe'!A:D,2,FALSE))) | L25: =J25&E25 -> 00 | M25: =IF(AND($AZ$14="Toutes",$AZ$15="Toutes"),N25,IF(AND($AZ$14="Toutes",$AZ$15<>"Toutes"),IF($AZ$15=E25,N25,0),IF(AND($AZ$14<>"Toutes",$AZ$15="Toutes"),IF($AZ$14=J25,N25,0),IF($AZ$14&$AZ$15=L25,N25,0)))) -> 0 | N25: =IF(AND($T$10=2,D25="Résidence principale"),0,IF($T$7="Net",G25,IF(H25=0,G25,H25))) -> 0 | O25: =IF(AND($T$10=2,D25="Résidence principale"),0,IF(H25=0,G25,H25)) -> 0 | P25: =IF(AND($AZ$14="Toutes",$AZ$15="Toutes"),O25,IF(AND($AZ$14="Toutes",$AZ$15<>"Toutes"),IF($AZ$15=E25,O25,0),IF(AND($AZ$14<>"Toutes",$AZ$15="Toutes"),IF($AZ$14=J25,O25,0),IF($AZ$14&$AZ$15=L25,O25,0)))) -> 0 | R25: =IF(NOT(ISERROR(VLOOKUP(E25,$AC$2:$AC$6,1,FALSE))),E25,"Les autres classes d'actifs") -> Les autres classes d'actifs | S25: =IF(NOT(ISERROR(VLOOKUP(C25,$AS$2:$AS$6,1,FALSE))),C25,"Les autres banques") -> Les autres banques | AA25: =IF('Liste Classe d''actifs'!B31="","",'Liste Classe d''actifs'!B31) | AB25: =IF(AA25="",#N/A,IF(ISERROR(VLOOKUP(AA25,E:E,1,FALSE)),#N/A,IF(SUMIF(E:E,AA25,M:M)=0,#N/A,SUMIF(E:E,AA25,M:M)))) -> #N/A | AJ25: {=IFERROR(INDEX('Liste Classe d''actifs'!$A$8:$A$37,MATCH(0,COUNTIF(AJ$2:AJ24,'Liste Classe d''actifs'!$A$8:$A$37),0)),"")} | AK25: {=IF($AZ$14="Toutes",'Liste Classe d''actifs'!B30,IFERROR(INDEX('Liste Classe d''actifs'!$B$8:$B$37,_xlfn.AGGREGATE(15,6,(ROW('Liste Classe d''actifs'!$B$8:$B$37)-ROW('Liste Classe d''actifs'!$B$7))/('Liste Classe d''actifs'!A$8:A$37=$AZ$14),ROW('Liste Classe d''actifs'!A23))),""))} -> 0 | AN25: {=IFERROR(INDEX($D$1:$D$301,MATCH(0,COUNTIF($AN$1:AN24,$D$1:$D$301),0)),"")} | AO25: =IF(AN25="",NA(),IF(SUMIF(D:D,AN25,M:M)=0,0,SUMIF(D:D,AN25,M:M))) -> #N/A | AQ25: {=IFERROR(INDEX($C$1:$C$301,MATCH(0,COUNTIF($AQ$1:AQ24,$C$1:$C$301),0)),"")} | AR25: =IF(AQ25="",NA(),IF(SUMIF(C:C,AQ25,M:M)=0,NA(),SUMIF(C:C,AQ25,M:M))) -> #N/A | AW25: {=IFERROR(INDEX('Liste Banque-Enveloppe'!$C$7:$C$206,MATCH(0,COUNTIF(AW$1:AW24,'Liste Banque-Enveloppe'!$C$7:$C$206),0)),"")} | AX25: =IF(OR(AW25="",AW25=" - "),0,IFERROR(INDEX($AW$2:$AW$202,MATCH(SMALL($AY$2:$AY$202,ROW(AW24)),$AY$2:$AY$202,0)),"")) -> 0 | AY25: =IF(OR(AW25="",AW25=" - "),201,COUNTIF($AW$2:$AW$201,"<="&AW25)) -> 201 | BL25: =IF('Liste Classe d''actifs'!B31="","",'Liste Classe d''actifs'!B31) | BM25: =IF(OR(BL25="",BL25=" - "),0,IFERROR(INDEX($BL$2:$BL$32,MATCH(SMALL($BN$2:$BN$32,ROW(BL24)),$BN$2:$BN$32,0)),"")) -> 0 | BN25: =IF(OR(BL25="",BL25=" - "),31,COUNTIF($BL$2:$BL$32,"<="&BL25)) -> 31
B26: ='Saisie Patrimoine'!B31 -> 0 | C26: =IF(B26="","",IF(B26=0,0,LEFT(B26,FIND(" - ",B26)-1))) -> 0 | D26: =IF(B26="","",IF(B26=0,0,RIGHT(B26,LEN(B26)-FIND(" - ",B26)-2))) -> 0 | E26: ='Saisie Patrimoine'!C31 -> 0 | G26: ='Saisie Patrimoine'!E31 -> 0 | H26: ='Saisie Patrimoine'!F31 -> 0 | J26: =IF(E26=0,0,INDEX('Liste Classe d''actifs'!$A$8:$A$37,MATCH(E26,'Liste Classe d''actifs'!$B$8:$B$37,0))) -> 0 | K26: =IF(A26="","",IF(ISERROR(VLOOKUP(B26,'Liste Banque-Enveloppe'!A:D,2,FALSE)),0,VLOOKUP(B26,'Liste Banque-Enveloppe'!A:D,2,FALSE))) | L26: =J26&E26 -> 00 | M26: =IF(AND($AZ$14="Toutes",$AZ$15="Toutes"),N26,IF(AND($AZ$14="Toutes",$AZ$15<>"Toutes"),IF($AZ$15=E26,N26,0),IF(AND($AZ$14<>"Toutes",$AZ$15="Toutes"),IF($AZ$14=J26,N26,0),IF($AZ$14&$AZ$15=L26,N26,0)))) -> 0 | N26: =IF(AND($T$10=2,D26="Résidence principale"),0,IF($T$7="Net",G26,IF(H26=0,G26,H26))) -> 0 | O26: =IF(AND($T$10=2,D26="Résidence principale"),0,IF(H26=0,G26,H26)) -> 0 | P26: =IF(AND($AZ$14="Toutes",$AZ$15="Toutes"),O26,IF(AND($AZ$14="Toutes",$AZ$15<>"Toutes"),IF($AZ$15=E26,O26,0),IF(AND($AZ$14<>"Toutes",$AZ$15="Toutes"),IF($AZ$14=J26,O26,0),IF($AZ$14&$AZ$15=L26,O26,0)))) -> 0 | R26: =IF(NOT(ISERROR(VLOOKUP(E26,$AC$2:$AC$6,1,FALSE))),E26,"Les autres classes d'actifs") -> Les autres classes d'actifs | S26: =IF(NOT(ISERROR(VLOOKUP(C26,$AS$2:$AS$6,1,FALSE))),C26,"Les autres banques") -> Les autres banques | AA26: =IF('Liste Classe d''actifs'!B32="","",'Liste Classe d''actifs'!B32) | AB26: =IF(AA26="",#N/A,IF(ISERROR(VLOOKUP(AA26,E:E,1,FALSE)),#N/A,IF(SUMIF(E:E,AA26,M:M)=0,#N/A,SUMIF(E:E,AA26,M:M)))) -> #N/A | AJ26: {=IFERROR(INDEX('Liste Classe d''actifs'!$A$8:$A$37,MATCH(0,COUNTIF(AJ$2:AJ25,'Liste Classe d''actifs'!$A$8:$A$37),0)),"")} | AK26: {=IF($AZ$14="Toutes",'Liste Classe d''actifs'!B31,IFERROR(INDEX('Liste Classe d''actifs'!$B$8:$B$37,_xlfn.AGGREGATE(15,6,(ROW('Liste Classe d''actifs'!$B$8:$B$37)-ROW('Liste Classe d''actifs'!$B$7))/('Liste Classe d''actifs'!A$8:A$37=$AZ$14),ROW('Liste Classe d''actifs'!A24))),""))} -> 0 | AN26: {=IFERROR(INDEX($D$1:$D$301,MATCH(0,COUNTIF($AN$1:AN25,$D$1:$D$301),0)),"")} | AO26: =IF(AN26="",NA(),IF(SUMIF(D:D,AN26,M:M)=0,0,SUMIF(D:D,AN26,M:M))) -> #N/A | AQ26: {=IFERROR(INDEX($C$1:$C$301,MATCH(0,COUNTIF($AQ$1:AQ25,$C$1:$C$301),0)),"")} | AR26: =IF(AQ26="",NA(),IF(SUMIF(C:C,AQ26,M:M)=0,NA(),SUMIF(C:C,AQ26,M:M))) -> #N/A | AW26: {=IFERROR(INDEX('Liste Banque-Enveloppe'!$C$7:$C$206,MATCH(0,COUNTIF(AW$1:AW25,'Liste Banque-Enveloppe'!$C$7:$C$206),0)),"")} | AX26: =IF(OR(AW26="",AW26=" - "),0,IFERROR(INDEX($AW$2:$AW$202,MATCH(SMALL($AY$2:$AY$202,ROW(AW25)),$AY$2:$AY$202,0)),"")) -> 0 | AY26: =IF(OR(AW26="",AW26=" - "),201,COUNTIF($AW$2:$AW$201,"<="&AW26)) -> 201 | BL26: =IF('Liste Classe d''actifs'!B32="","",'Liste Classe d''actifs'!B32) | BM26: =IF(OR(BL26="",BL26=" - "),0,IFERROR(INDEX($BL$2:$BL$32,MATCH(SMALL($BN$2:$BN$32,ROW(BL25)),$BN$2:$BN$32,0)),"")) -> 0 | BN26: =IF(OR(BL26="",BL26=" - "),31,COUNTIF($BL$2:$BL$32,"<="&BL26)) -> 31
B27: ='Saisie Patrimoine'!B32 -> 0 | C27: =IF(B27="","",IF(B27=0,0,LEFT(B27,FIND(" - ",B27)-1))) -> 0 | D27: =IF(B27="","",IF(B27=0,0,RIGHT(B27,LEN(B27)-FIND(" - ",B27)-2))) -> 0 | E27: ='Saisie Patrimoine'!C32 -> 0 | G27: ='Saisie Patrimoine'!E32 -> 0 | H27: ='Saisie Patrimoine'!F32 -> 0 | J27: =IF(E27=0,0,INDEX('Liste Classe d''actifs'!$A$8:$A$37,MATCH(E27,'Liste Classe d''actifs'!$B$8:$B$37,0))) -> 0 | K27: =IF(A27="","",IF(ISERROR(VLOOKUP(B27,'Liste Banque-Enveloppe'!A:D,2,FALSE)),0,VLOOKUP(B27,'Liste Banque-Enveloppe'!A:D,2,FALSE))) | L27: =J27&E27 -> 00 | M27: =IF(AND($AZ$14="Toutes",$AZ$15="Toutes"),N27,IF(AND($AZ$14="Toutes",$AZ$15<>"Toutes"),IF($AZ$15=E27,N27,0),IF(AND($AZ$14<>"Toutes",$AZ$15="Toutes"),IF($AZ$14=J27,N27,0),IF($AZ$14&$AZ$15=L27,N27,0)))) -> 0 | N27: =IF(AND($T$10=2,D27="Résidence principale"),0,IF($T$7="Net",G27,IF(H27=0,G27,H27))) -> 0 | O27: =IF(AND($T$10=2,D27="Résidence principale"),0,IF(H27=0,G27,H27)) -> 0 | P27: =IF(AND($AZ$14="Toutes",$AZ$15="Toutes"),O27,IF(AND($AZ$14="Toutes",$AZ$15<>"Toutes"),IF($AZ$15=E27,O27,0),IF(AND($AZ$14<>"Toutes",$AZ$15="Toutes"),IF($AZ$14=J27,O27,0),IF($AZ$14&$AZ$15=L27,O27,0)))) -> 0 | R27: =IF(NOT(ISERROR(VLOOKUP(E27,$AC$2:$AC$6,1,FALSE))),E27,"Les autres classes d'actifs") -> Les autres classes d'actifs | S27: =IF(NOT(ISERROR(VLOOKUP(C27,$AS$2:$AS$6,1,FALSE))),C27,"Les autres banques") -> Les autres banques | U27: =IF(MAX('Saisie Patrimoine'!A:A)=0,"","ETAT AU "&TEXT(MAX('Saisie Patrimoine'!A:A),"jj/mm/aaaa")) | AA27: =IF('Liste Classe d''actifs'!B33="","",'Liste Classe d''actifs'!B33) | AB27: =IF(AA27="",#N/A,IF(ISERROR(VLOOKUP(AA27,E:E,1,FALSE)),#N/A,IF(SUMIF(E:E,AA27,M:M)=0,#N/A,SUMIF(E:E,AA27,M:M)))) -> #N/A | AJ27: {=IFERROR(INDEX('Liste Classe d''actifs'!$A$8:$A$37,MATCH(0,COUNTIF(AJ$2:AJ26,'Liste Classe d''actifs'!$A$8:$A$37),0)),"")} | AK27: {=IF($AZ$14="Toutes",'Liste Classe d''actifs'!B32,IFERROR(INDEX('Liste Classe d''actifs'!$B$8:$B$37,_xlfn.AGGREGATE(15,6,(ROW('Liste Classe d''actifs'!$B$8:$B$37)-ROW('Liste Classe d''actifs'!$B$7))/('Liste Classe d''actifs'!A$8:A$37=$AZ$14),ROW('Liste Classe d''actifs'!A25))),""))} -> 0 | AN27: {=IFERROR(INDEX($D$1:$D$301,MATCH(0,COUNTIF($AN$1:AN26,$D$1:$D$301),0)),"")} | AO27: =IF(AN27="",NA(),IF(SUMIF(D:D,AN27,M:M)=0,0,SUMIF(D:D,AN27,M:M))) -> #N/A | AQ27: {=IFERROR(INDEX($C$1:$C$301,MATCH(0,COUNTIF($AQ$1:AQ26,$C$1:$C$301),0)),"")} | AR27: =IF(AQ27="",NA(),IF(SUMIF(C:C,AQ27,M:M)=0,NA(),SUMIF(C:C,AQ27,M:M))) -> #N/A | AW27: {=IFERROR(INDEX('Liste Banque-Enveloppe'!$C$7:$C$206,MATCH(0,COUNTIF(AW$1:AW26,'Liste Banque-Enveloppe'!$C$7:$C$206),0)),"")} | AX27: =IF(OR(AW27="",AW27=" - "),0,IFERROR(INDEX($AW$2:$AW$202,MATCH(SMALL($AY$2:$AY$202,ROW(AW26)),$AY$2:$AY$202,0)),"")) -> 0 | AY27: =IF(OR(AW27="",AW27=" - "),201,COUNTIF($AW$2:$AW$201,"<="&AW27)) -> 201 | BL27: =IF('Liste Classe d''actifs'!B33="","",'Liste Classe d''actifs'!B33) | BM27: =IF(OR(BL27="",BL27=" - "),0,IFERROR(INDEX($BL$2:$BL$32,MATCH(SMALL($BN$2:$BN$32,ROW(BL26)),$BN$2:$BN$32,0)),"")) -> 0 | BN27: =IF(OR(BL27="",BL27=" - "),31,COUNTIF($BL$2:$BL$32,"<="&BL27)) -> 31
B28: ='Saisie Patrimoine'!B33 -> 0 | C28: =IF(B28="","",IF(B28=0,0,LEFT(B28,FIND(" - ",B28)-1))) -> 0 | D28: =IF(B28="","",IF(B28=0,0,RIGHT(B28,LEN(B28)-FIND(" - ",B28)-2))) -> 0 | E28: ='Saisie Patrimoine'!C33 -> 0 | G28: ='Saisie Patrimoine'!E33 -> 0 | H28: ='Saisie Patrimoine'!F33 -> 0 | J28: =IF(E28=0,0,INDEX('Liste Classe d''actifs'!$A$8:$A$37,MATCH(E28,'Liste Classe d''actifs'!$B$8:$B$37,0))) -> 0 | K28: =IF(A28="","",IF(ISERROR(VLOOKUP(B28,'Liste Banque-Enveloppe'!A:D,2,FALSE)),0,VLOOKUP(B28,'Liste Banque-Enveloppe'!A:D,2,FALSE))) | L28: =J28&E28 -> 00 | M28: =IF(AND($AZ$14="Toutes",$AZ$15="Toutes"),N28,IF(AND($AZ$14="Toutes",$AZ$15<>"Toutes"),IF($AZ$15=E28,N28,0),IF(AND($AZ$14<>"Toutes",$AZ$15="Toutes"),IF($AZ$14=J28,N28,0),IF($AZ$14&$AZ$15=L28,N28,0)))) -> 0 | N28: =IF(AND($T$10=2,D28="Résidence principale"),0,IF($T$7="Net",G28,IF(H28=0,G28,H28))) -> 0 | O28: =IF(AND($T$10=2,D28="Résidence principale"),0,IF(H28=0,G28,H28)) -> 0 | P28: =IF(AND($AZ$14="Toutes",$AZ$15="Toutes"),O28,IF(AND($AZ$14="Toutes",$AZ$15<>"Toutes"),IF($AZ$15=E28,O28,0),IF(AND($AZ$14<>"Toutes",$AZ$15="Toutes"),IF($AZ$14=J28,O28,0),IF($AZ$14&$AZ$15=L28,O28,0)))) -> 0 | R28: =IF(NOT(ISERROR(VLOOKUP(E28,$AC$2:$AC$6,1,FALSE))),E28,"Les autres classes d'actifs") -> Les autres classes d'actifs | S28: =IF(NOT(ISERROR(VLOOKUP(C28,$AS$2:$AS$6,1,FALSE))),C28,"Les autres banques") -> Les autres banques | AA28: =IF('Liste Classe d''actifs'!B34="","",'Liste Classe d''actifs'!B34) | AB28: =IF(AA28="",#N/A,IF(ISERROR(VLOOKUP(AA28,E:E,1,FALSE)),#N/A,IF(SUMIF(E:E,AA28,M:M)=0,#N/A,SUMIF(E:E,AA28,M:M)))) -> #N/A | AJ28: {=IFERROR(INDEX('Liste Classe d''actifs'!$A$8:$A$37,MATCH(0,COUNTIF(AJ$2:AJ27,'Liste Classe d''actifs'!$A$8:$A$37),0)),"")} | AK28: {=IF($AZ$14="Toutes",'Liste Classe d''actifs'!B33,IFERROR(INDEX('Liste Classe d''actifs'!$B$8:$B$37,_xlfn.AGGREGATE(15,6,(ROW('Liste Classe d''actifs'!$B$8:$B$37)-ROW('Liste Classe d''actifs'!$B$7))/('Liste Classe d''actifs'!A$8:A$37=$AZ$14),ROW('Liste Classe d''actifs'!A26))),""))} -> 0 | AN28: {=IFERROR(INDEX($D$1:$D$301,MATCH(0,COUNTIF($AN$1:AN27,$D$1:$D$301),0)),"")} | AO28: =IF(AN28="",NA(),IF(SUMIF(D:D,AN28,M:M)=0,0,SUMIF(D:D,AN28,M:M))) -> #N/A | AQ28: {=IFERROR(INDEX($C$1:$C$301,MATCH(0,COUNTIF($AQ$1:AQ27,$C$1:$C$301),0)),"")} | AR28: =IF(AQ28="",NA(),IF(SUMIF(C:C,AQ28,M:M)=0,NA(),SUMIF(C:C,AQ28,M:M))) -> #N/A | AW28: {=IFERROR(INDEX('Liste Banque-Enveloppe'!$C$7:$C$206,MATCH(0,COUNTIF(AW$1:AW27,'Liste Banque-Enveloppe'!$C$7:$C$206),0)),"")} | AX28: =IF(OR(AW28="",AW28=" - "),0,IFERROR(INDEX($AW$2:$AW$202,MATCH(SMALL($AY$2:$AY$202,ROW(AW27)),$AY$2:$AY$202,0)),"")) -> 0 | AY28: =IF(OR(AW28="",AW28=" - "),201,COUNTIF($AW$2:$AW$201,"<="&AW28)) -> 201 | BL28: =IF('Liste Classe d''actifs'!B34="","",'Liste Classe d''actifs'!B34) | BM28: =IF(OR(BL28="",BL28=" - "),0,IFERROR(INDEX($BL$2:$BL$32,MATCH(SMALL($BN$2:$BN$32,ROW(BL27)),$BN$2:$BN$32,0)),"")) -> 0 | BN28: =IF(OR(BL28="",BL28=" - "),31,COUNTIF($BL$2:$BL$32,"<="&BL28)) -> 31
B29: ='Saisie Patrimoine'!B34 -> 0 | C29: =IF(B29="","",IF(B29=0,0,LEFT(B29,FIND(" - ",B29)-1))) -> 0 | D29: =IF(B29="","",IF(B29=0,0,RIGHT(B29,LEN(B29)-FIND(" - ",B29)-2))) -> 0 | E29: ='Saisie Patrimoine'!C34 -> 0 | G29: ='Saisie Patrimoine'!E34 -> 0 | H29: ='Saisie Patrimoine'!F34 -> 0 | J29: =IF(E29=0,0,INDEX('Liste Classe d''actifs'!$A$8:$A$37,MATCH(E29,'Liste Classe d''actifs'!$B$8:$B$37,0))) -> 0 | K29: =IF(A29="","",IF(ISERROR(VLOOKUP(B29,'Liste Banque-Enveloppe'!A:D,2,FALSE)),0,VLOOKUP(B29,'Liste Banque-Enveloppe'!A:D,2,FALSE))) | L29: =J29&E29 -> 00 | M29: =IF(AND($AZ$14="Toutes",$AZ$15="Toutes"),N29,IF(AND($AZ$14="Toutes",$AZ$15<>"Toutes"),IF($AZ$15=E29,N29,0),IF(AND($AZ$14<>"Toutes",$AZ$15="Toutes"),IF($AZ$14=J29,N29,0),IF($AZ$14&$AZ$15=L29,N29,0)))) -> 0 | N29: =IF(AND($T$10=2,D29="Résidence principale"),0,IF($T$7="Net",G29,IF(H29=0,G29,H29))) -> 0 | O29: =IF(AND($T$10=2,D29="Résidence principale"),0,IF(H29=0,G29,H29)) -> 0 | P29: =IF(AND($AZ$14="Toutes",$AZ$15="Toutes"),O29,IF(AND($AZ$14="Toutes",$AZ$15<>"Toutes"),IF($AZ$15=E29,O29,0),IF(AND($AZ$14<>"Toutes",$AZ$15="Toutes"),IF($AZ$14=J29,O29,0),IF($AZ$14&$AZ$15=L29,O29,0)))) -> 0 | R29: =IF(NOT(ISERROR(VLOOKUP(E29,$AC$2:$AC$6,1,FALSE))),E29,"Les autres classes d'actifs") -> Les autres classes d'actifs | S29: =IF(NOT(ISERROR(VLOOKUP(C29,$AS$2:$AS$6,1,FALSE))),C29,"Les autres banques") -> Les autres banques | AA29: =IF('Liste Classe d''actifs'!B35="","",'Liste Classe d''actifs'!B35) | AB29: =IF(AA29="",#N/A,IF(ISERROR(VLOOKUP(AA29,E:E,1,FALSE)),#N/A,IF(SUMIF(E:E,AA29,M:M)=0,#N/A,SUMIF(E:E,AA29,M:M)))) -> #N/A | AJ29: {=IFERROR(INDEX('Liste Classe d''actifs'!$A$8:$A$37,MATCH(0,COUNTIF(AJ$2:AJ28,'Liste Classe d''actifs'!$A$8:$A$37),0)),"")} | AK29: {=IF($AZ$14="Toutes",'Liste Classe d''actifs'!B34,IFERROR(INDEX('Liste Classe d''actifs'!$B$8:$B$37,_xlfn.AGGREGATE(15,6,(ROW('Liste Classe d''actifs'!$B$8:$B$37)-ROW('Liste Classe d''actifs'!$B$7))/('Liste Classe d''actifs'!A$8:A$37=$AZ$14),ROW('Liste Classe d''actifs'!A27))),""))} -> 0 | AN29: {=IFERROR(INDEX($D$1:$D$301,MATCH(0,COUNTIF($AN$1:AN28,$D$1:$D$301),0)),"")} | AO29: =IF(AN29="",NA(),IF(SUMIF(D:D,AN29,M:M)=0,0,SUMIF(D:D,AN29,M:M))) -> #N/A | AQ29: {=IFERROR(INDEX($C$1:$C$301,MATCH(0,COUNTIF($AQ$1:AQ28,$C$1:$C$301),0)),"")} | AR29: =IF(AQ29="",NA(),IF(SUMIF(C:C,AQ29,M:M)=0,NA(),SUMIF(C:C,AQ29,M:M))) -> #N/A | AW29: {=IFERROR(INDEX('Liste Banque-Enveloppe'!$C$7:$C$206,MATCH(0,COUNTIF(AW$1:AW28,'Liste Banque-Enveloppe'!$C$7:$C$206),0)),"")} | AX29: =IF(OR(AW29="",AW29=" - "),0,IFERROR(INDEX($AW$2:$AW$202,MATCH(SMALL($AY$2:$AY$202,ROW(AW28)),$AY$2:$AY$202,0)),"")) -> 0 | AY29: =IF(OR(AW29="",AW29=" - "),201,COUNTIF($AW$2:$AW$201,"<="&AW29)) -> 201 | BL29: =IF('Liste Classe d''actifs'!B35="","",'Liste Classe d''actifs'!B35) | BM29: =IF(OR(BL29="",BL29=" - "),0,IFERROR(INDEX($BL$2:$BL$32,MATCH(SMALL($BN$2:$BN$32,ROW(BL28)),$BN$2:$BN$32,0)),"")) -> 0 | BN29: =IF(OR(BL29="",BL29=" - "),31,COUNTIF($BL$2:$BL$32,"<="&BL29)) -> 31
B30: ='Saisie Patrimoine'!B35 -> 0 | C30: =IF(B30="","",IF(B30=0,0,LEFT(B30,FIND(" - ",B30)-1))) -> 0 | D30: =IF(B30="","",IF(B30=0,0,RIGHT(B30,LEN(B30)-FIND(" - ",B30)-2))) -> 0 | E30: ='Saisie Patrimoine'!C35 -> 0 | G30: ='Saisie Patrimoine'!E35 -> 0 | H30: ='Saisie Patrimoine'!F35 -> 0 | J30: =IF(E30=0,0,INDEX('Liste Classe d''actifs'!$A$8:$A$37,MATCH(E30,'Liste Classe d''actifs'!$B$8:$B$37,0))) -> 0 | K30: =IF(A30="","",IF(ISERROR(VLOOKUP(B30,'Liste Banque-Enveloppe'!A:D,2,FALSE)),0,VLOOKUP(B30,'Liste Banque-Enveloppe'!A:D,2,FALSE))) | L30: =J30&E30 -> 00 | M30: =IF(AND($AZ$14="Toutes",$AZ$15="Toutes"),N30,IF(AND($AZ$14="Toutes",$AZ$15<>"Toutes"),IF($AZ$15=E30,N30,0),IF(AND($AZ$14<>"Toutes",$AZ$15="Toutes"),IF($AZ$14=J30,N30,0),IF($AZ$14&$AZ$15=L30,N30,0)))) -> 0 | N30: =IF(AND($T$10=2,D30="Résidence principale"),0,IF($T$7="Net",G30,IF(H30=0,G30,H30))) -> 0 | O30: =IF(AND($T$10=2,D30="Résidence principale"),0,IF(H30=0,G30,H30)) -> 0 | P30: =IF(AND($AZ$14="Toutes",$AZ$15="Toutes"),O30,IF(AND($AZ$14="Toutes",$AZ$15<>"Toutes"),IF($AZ$15=E30,O30,0),IF(AND($AZ$14<>"Toutes",$AZ$15="Toutes"),IF($AZ$14=J30,O30,0),IF($AZ$14&$AZ$15=L30,O30,0)))) -> 0 | R30: =IF(NOT(ISERROR(VLOOKUP(E30,$AC$2:$AC$6,1,FALSE))),E30,"Les autres classes d'actifs") -> Les autres classes d'actifs | S30: =IF(NOT(ISERROR(VLOOKUP(C30,$AS$2:$AS$6,1,FALSE))),C30,"Les autres banques") -> Les autres banques | AA30: =IF('Liste Classe d''actifs'!B36="","",'Liste Classe d''actifs'!B36) | AB30: =IF(AA30="",#N/A,IF(ISERROR(VLOOKUP(AA30,E:E,1,FALSE)),#N/A,IF(SUMIF(E:E,AA30,M:M)=0,#N/A,SUMIF(E:E,AA30,M:M)))) -> #N/A | AJ30: {=IFERROR(INDEX('Liste Classe d''actifs'!$A$8:$A$37,MATCH(0,COUNTIF(AJ$2:AJ29,'Liste Classe d''actifs'!$A$8:$A$37),0)),"")} | AK30: {=IF($AZ$14="Toutes",'Liste Classe d''actifs'!B35,IFERROR(INDEX('Liste Classe d''actifs'!$B$8:$B$37,_xlfn.AGGREGATE(15,6,(ROW('Liste Classe d''actifs'!$B$8:$B$37)-ROW('Liste Classe d''actifs'!$B$7))/('Liste Classe d''actifs'!A$8:A$37=$AZ$14),ROW('Liste Classe d''actifs'!A28))),""))} -> 0 | AN30: {=IFERROR(INDEX($D$1:$D$301,MATCH(0,COUNTIF($AN$1:AN29,$D$1:$D$301),0)),"")} | AO30: =IF(AN30="",NA(),IF(SUMIF(D:D,AN30,M:M)=0,0,SUMIF(D:D,AN30,M:M))) -> #N/A | AQ30: {=IFERROR(INDEX($C$1:$C$301,MATCH(0,COUNTIF($AQ$1:AQ29,$C$1:$C$301),0)),"")} | AR30: =IF(AQ30="",NA(),IF(SUMIF(C:C,AQ30,M:M)=0,NA(),SUMIF(C:C,AQ30,M:M))) -> #N/A | AW30: {=IFERROR(INDEX('Liste Banque-Enveloppe'!$C$7:$C$206,MATCH(0,COUNTIF(AW$1:AW29,'Liste Banque-Enveloppe'!$C$7:$C$206),0)),"")} | AX30: =IF(OR(AW30="",AW30=" - "),0,IFERROR(INDEX($AW$2:$AW$202,MATCH(SMALL($AY$2:$AY$202,ROW(AW29)),$AY$2:$AY$202,0)),"")) -> 0 | AY30: =IF(OR(AW30="",AW30=" - "),201,COUNTIF($AW$2:$AW$201,"<="&AW30)) -> 201 | BL30: =IF('Liste Classe d''actifs'!B36="","",'Liste Classe d''actifs'!B36) | BM30: =IF(OR(BL30="",BL30=" - "),0,IFERROR(INDEX($BL$2:$BL$32,MATCH(SMALL($BN$2:$BN$32,ROW(BL29)),$BN$2:$BN$32,0)),"")) -> 0 | BN30: =IF(OR(BL30="",BL30=" - "),31,COUNTIF($BL$2:$BL$32,"<="&BL30)) -> 31
B31: ='Saisie Patrimoine'!B36 -> 0 | C31: =IF(B31="","",IF(B31=0,0,LEFT(B31,FIND(" - ",B31)-1))) -> 0 | D31: =IF(B31="","",IF(B31=0,0,RIGHT(B31,LEN(B31)-FIND(" - ",B31)-2))) -> 0 | E31: ='Saisie Patrimoine'!C36 -> 0 | G31: ='Saisie Patrimoine'!E36 -> 0 | H31: ='Saisie Patrimoine'!F36 -> 0 | J31: =IF(E31=0,0,INDEX('Liste Classe d''actifs'!$A$8:$A$37,MATCH(E31,'Liste Classe d''actifs'!$B$8:$B$37,0))) -> 0 | K31: =IF(A31="","",IF(ISERROR(VLOOKUP(B31,'Liste Banque-Enveloppe'!A:D,2,FALSE)),0,VLOOKUP(B31,'Liste Banque-Enveloppe'!A:D,2,FALSE))) | L31: =J31&E31 -> 00 | M31: =IF(AND($AZ$14="Toutes",$AZ$15="Toutes"),N31,IF(AND($AZ$14="Toutes",$AZ$15<>"Toutes"),IF($AZ$15=E31,N31,0),IF(AND($AZ$14<>"Toutes",$AZ$15="Toutes"),IF($AZ$14=J31,N31,0),IF($AZ$14&$AZ$15=L31,N31,0)))) -> 0 | N31: =IF(AND($T$10=2,D31="Résidence principale"),0,IF($T$7="Net",G31,IF(H31=0,G31,H31))) -> 0 | O31: =IF(AND($T$10=2,D31="Résidence principale"),0,IF(H31=0,G31,H31)) -> 0 | P31: =IF(AND($AZ$14="Toutes",$AZ$15="Toutes"),O31,IF(AND($AZ$14="Toutes",$AZ$15<>"Toutes"),IF($AZ$15=E31,O31,0),IF(AND($AZ$14<>"Toutes",$AZ$15="Toutes"),IF($AZ$14=J31,O31,0),IF($AZ$14&$AZ$15=L31,O31,0)))) -> 0 | R31: =IF(NOT(ISERROR(VLOOKUP(E31,$AC$2:$AC$6,1,FALSE))),E31,"Les autres classes d'actifs") -> Les autres classes d'actifs | S31: =IF(NOT(ISERROR(VLOOKUP(C31,$AS$2:$AS$6,1,FALSE))),C31,"Les autres banques") -> Les autres banques | AA31: =IF('Liste Classe d''actifs'!B37="","",'Liste Classe d''actifs'!B37) | AB31: =IF(AA31="",#N/A,IF(ISERROR(VLOOKUP(AA31,E:E,1,FALSE)),#N/A,IF(SUMIF(E:E,AA31,M:M)=0,#N/A,SUMIF(E:E,AA31,M:M)))) -> #N/A | AJ31: {=IFERROR(INDEX('Liste Classe d''actifs'!$A$8:$A$37,MATCH(0,COUNTIF(AJ$2:AJ30,'Liste Classe d''actifs'!$A$8:$A$37),0)),"")} | AK31: {=IF($AZ$14="Toutes",'Liste Classe d''actifs'!B36,IFERROR(INDEX('Liste Classe d''actifs'!$B$8:$B$37,_xlfn.AGGREGATE(15,6,(ROW('Liste Classe d''actifs'!$B$8:$B$37)-ROW('Liste Classe d''actifs'!$B$7))/('Liste Classe d''actifs'!A$8:A$37=$AZ$14),ROW('Liste Classe d''actifs'!A29))),""))} -> 0 | AN31: {=IFERROR(INDEX($D$1:$D$301,MATCH(0,COUNTIF($AN$1:AN30,$D$1:$D$301),0)),"")} | AO31: =IF(AN31="",NA(),IF(SUMIF(D:D,AN31,M:M)=0,0,SUMIF(D:D,AN31,M:M))) -> #N/A | AQ31: {=IFERROR(INDEX($C$1:$C$301,MATCH(0,COUNTIF($AQ$1:AQ30,$C$1:$C$301),0)),"")} | AR31: =IF(AQ31="",NA(),IF(SUMIF(C:C,AQ31,M:M)=0,NA(),SUMIF(C:C,AQ31,M:M))) -> #N/A | AW31: {=IFERROR(INDEX('Liste Banque-Enveloppe'!$C$7:$C$206,MATCH(0,COUNTIF(AW$1:AW30,'Liste Banque-Enveloppe'!$C$7:$C$206),0)),"")} | AX31: =IF(OR(AW31="",AW31=" - "),0,IFERROR(INDEX($AW$2:$AW$202,MATCH(SMALL($AY$2:$AY$202,ROW(AW30)),$AY$2:$AY$202,0)),"")) -> 0 | AY31: =IF(OR(AW31="",AW31=" - "),201,COUNTIF($AW$2:$AW$201,"<="&AW31)) -> 201 | BL31: =IF('Liste Classe d''actifs'!B37="","",'Liste Classe d''actifs'!B37) | BM31: =IF(OR(BL31="",BL31=" - "),0,IFERROR(INDEX($BL$2:$BL$32,MATCH(SMALL($BN$2:$BN$32,ROW(BL30)),$BN$2:$BN$32,0)),"")) -> 0 | BN31: =IF(OR(BL31="",BL31=" - "),31,COUNTIF($BL$2:$BL$32,"<="&BL31)) -> 31
B32: ='Saisie Patrimoine'!B37 -> 0 | C32: =IF(B32="","",IF(B32=0,0,LEFT(B32,FIND(" - ",B32)-1))) -> 0 | D32: =IF(B32="","",IF(B32=0,0,RIGHT(B32,LEN(B32)-FIND(" - ",B32)-2))) -> 0 | E32: ='Saisie Patrimoine'!C37 -> 0 | G32: ='Saisie Patrimoine'!E37 -> 0 | H32: ='Saisie Patrimoine'!F37 -> 0 | J32: =IF(E32=0,0,INDEX('Liste Classe d''actifs'!$A$8:$A$37,MATCH(E32,'Liste Classe d''actifs'!$B$8:$B$37,0))) -> 0 | K32: =IF(A32="","",IF(ISERROR(VLOOKUP(B32,'Liste Banque-Enveloppe'!A:D,2,FALSE)),0,VLOOKUP(B32,'Liste Banque-Enveloppe'!A:D,2,FALSE))) | L32: =J32&E32 -> 00 | M32: =IF(AND($AZ$14="Toutes",$AZ$15="Toutes"),N32,IF(AND($AZ$14="Toutes",$AZ$15<>"Toutes"),IF($AZ$15=E32,N32,0),IF(AND($AZ$14<>"Toutes",$AZ$15="Toutes"),IF($AZ$14=J32,N32,0),IF($AZ$14&$AZ$15=L32,N32,0)))) -> 0 | N32: =IF(AND($T$10=2,D32="Résidence principale"),0,IF($T$7="Net",G32,IF(H32=0,G32,H32))) -> 0 | O32: =IF(AND($T$10=2,D32="Résidence principale"),0,IF(H32=0,G32,H32)) -> 0 | P32: =IF(AND($AZ$14="Toutes",$AZ$15="Toutes"),O32,IF(AND($AZ$14="Toutes",$AZ$15<>"Toutes"),IF($AZ$15=E32,O32,0),IF(AND($AZ$14<>"Toutes",$AZ$15="Toutes"),IF($AZ$14=J32,O32,0),IF($AZ$14&$AZ$15=L32,O32,0)))) -> 0 | R32: =IF(NOT(ISERROR(VLOOKUP(E32,$AC$2:$AC$6,1,FALSE))),E32,"Les autres classes d'actifs") -> Les autres classes d'actifs | S32: =IF(NOT(ISERROR(VLOOKUP(C32,$AS$2:$AS$6,1,FALSE))),C32,"Les autres banques") -> Les autres banques | AJ32: {=IFERROR(INDEX('Liste Classe d''actifs'!$A$8:$A$37,MATCH(0,COUNTIF(AJ$2:AJ31,'Liste Classe d''actifs'!$A$8:$A$37),0)),"")} | AK32: {=IF($AZ$14="Toutes",'Liste Classe d''actifs'!B37,IFERROR(INDEX('Liste Classe d''actifs'!$B$8:$B$37,_xlfn.AGGREGATE(15,6,(ROW('Liste Classe d''actifs'!$B$8:$B$37)-ROW('Liste Classe d''actifs'!$B$7))/('Liste Classe d''actifs'!A$8:A$37=$AZ$14),ROW('Liste Classe d''actifs'!A30))),""))} -> 0 | AN32: {=IFERROR(INDEX($D$1:$D$301,MATCH(0,COUNTIF($AN$1:AN31,$D$1:$D$301),0)),"")} | AO32: =IF(AN32="",NA(),IF(SUMIF(D:D,AN32,M:M)=0,0,SUMIF(D:D,AN32,M:M))) -> #N/A | AQ32: {=IFERROR(INDEX($C$1:$C$301,MATCH(0,COUNTIF($AQ$1:AQ31,$C$1:$C$301),0)),"")} | AR32: =IF(AQ32="",NA(),IF(SUMIF(C:C,AQ32,M:M)=0,NA(),SUMIF(C:C,AQ32,M:M))) -> #N/A | AW32: {=IFERROR(INDEX('Liste Banque-Enveloppe'!$C$7:$C$206,MATCH(0,COUNTIF(AW$1:AW31,'Liste Banque-Enveloppe'!$C$7:$C$206),0)),"")} | AX32: =IF(OR(AW32="",AW32=" - "),0,IFERROR(INDEX($AW$2:$AW$202,MATCH(SMALL($AY$2:$AY$202,ROW(AW31)),$AY$2:$AY$202,0)),"")) -> 0 | AY32: =IF(OR(AW32="",AW32=" - "),201,COUNTIF($AW$2:$AW$201,"<="&AW32)) -> 201
B33: ='Saisie Patrimoine'!B38 -> 0 | C33: =IF(B33="","",IF(B33=0,0,LEFT(B33,FIND(" - ",B33)-1))) -> 0 | D33: =IF(B33="","",IF(B33=0,0,RIGHT(B33,LEN(B33)-FIND(" - ",B33)-2))) -> 0 | E33: ='Saisie Patrimoine'!C38 -> 0 | G33: ='Saisie Patrimoine'!E38 -> 0 | H33: ='Saisie Patrimoine'!F38 -> 0 | J33: =IF(E33=0,0,INDEX('Liste Classe d''actifs'!$A$8:$A$37,MATCH(E33,'Liste Classe d''actifs'!$B$8:$B$37,0))) -> 0 | K33: =IF(A33="","",IF(ISERROR(VLOOKUP(B33,'Liste Banque-Enveloppe'!A:D,2,FALSE)),0,VLOOKUP(B33,'Liste Banque-Enveloppe'!A:D,2,FALSE))) | L33: =J33&E33 -> 00 | M33: =IF(AND($AZ$14="Toutes",$AZ$15="Toutes"),N33,IF(AND($AZ$14="Toutes",$AZ$15<>"Toutes"),IF($AZ$15=E33,N33,0),IF(AND($AZ$14<>"Toutes",$AZ$15="Toutes"),IF($AZ$14=J33,N33,0),IF($AZ$14&$AZ$15=L33,N33,0)))) -> 0 | N33: =IF(AND($T$10=2,D33="Résidence principale"),0,IF($T$7="Net",G33,IF(H33=0,G33,H33))) -> 0 | O33: =IF(AND($T$10=2,D33="Résidence principale"),0,IF(H33=0,G33,H33)) -> 0 | P33: =IF(AND($AZ$14="Toutes",$AZ$15="Toutes"),O33,IF(AND($AZ$14="Toutes",$AZ$15<>"Toutes"),IF($AZ$15=E33,O33,0),IF(AND($AZ$14<>"Toutes",$AZ$15="Toutes"),IF($AZ$14=J33,O33,0),IF($AZ$14&$AZ$15=L33,O33,0)))) -> 0 | R33: =IF(NOT(ISERROR(VLOOKUP(E33,$AC$2:$AC$6,1,FALSE))),E33,"Les autres classes d'actifs") -> Les autres classes d'actifs | S33: =IF(NOT(ISERROR(VLOOKUP(C33,$AS$2:$AS$6,1,FALSE))),C33,"Les autres banques") -> Les autres banques | AN33: {=IFERROR(INDEX($D$1:$D$301,MATCH(0,COUNTIF($AN$1:AN32,$D$1:$D$301),0)),"")} | AO33: =IF(AN33="",NA(),IF(SUMIF(D:D,AN33,M:M)=0,0,SUMIF(D:D,AN33,M:M))) -> #N/A | AQ33: {=IFERROR(INDEX($C$1:$C$301,MATCH(0,COUNTIF($AQ$1:AQ32,$C$1:$C$301),0)),"")} | AR33: =IF(AQ33="",NA(),IF(SUMIF(C:C,AQ33,M:M)=0,NA(),SUMIF(C:C,AQ33,M:M))) -> #N/A | AW33: {=IFERROR(INDEX('Liste Banque-Enveloppe'!$C$7:$C$206,MATCH(0,COUNTIF(AW$1:AW32,'Liste Banque-Enveloppe'!$C$7:$C$206),0)),"")} | AX33: =IF(OR(AW33="",AW33=" - "),0,IFERROR(INDEX($AW$2:$AW$202,MATCH(SMALL($AY$2:$AY$202,ROW(AW32)),$AY$2:$AY$202,0)),"")) -> 0 | AY33: =IF(OR(AW33="",AW33=" - "),201,COUNTIF($AW$2:$AW$201,"<="&AW33)) -> 201
B34: ='Saisie Patrimoine'!B39 -> 0 | C34: =IF(B34="","",IF(B34=0,0,LEFT(B34,FIND(" - ",B34)-1))) -> 0 | D34: =IF(B34="","",IF(B34=0,0,RIGHT(B34,LEN(B34)-FIND(" - ",B34)-2))) -> 0 | E34: ='Saisie Patrimoine'!C39 -> 0 | G34: ='Saisie Patrimoine'!E39 -> 0 | H34: ='Saisie Patrimoine'!F39 -> 0 | J34: =IF(E34=0,0,INDEX('Liste Classe d''actifs'!$A$8:$A$37,MATCH(E34,'Liste Classe d''actifs'!$B$8:$B$37,0))) -> 0 | K34: =IF(A34="","",IF(ISERROR(VLOOKUP(B34,'Liste Banque-Enveloppe'!A:D,2,FALSE)),0,VLOOKUP(B34,'Liste Banque-Enveloppe'!A:D,2,FALSE))) | L34: =J34&E34 -> 00 | M34: =IF(AND($AZ$14="Toutes",$AZ$15="Toutes"),N34,IF(AND($AZ$14="Toutes",$AZ$15<>"Toutes"),IF($AZ$15=E34,N34,0),IF(AND($AZ$14<>"Toutes",$AZ$15="Toutes"),IF($AZ$14=J34,N34,0),IF($AZ$14&$AZ$15=L34,N34,0)))) -> 0 | N34: =IF(AND($T$10=2,D34="Résidence principale"),0,IF($T$7="Net",G34,IF(H34=0,G34,H34))) -> 0 | O34: =IF(AND($T$10=2,D34="Résidence principale"),0,IF(H34=0,G34,H34)) -> 0 | P34: =IF(AND($AZ$14="Toutes",$AZ$15="Toutes"),O34,IF(AND($AZ$14="Toutes",$AZ$15<>"Toutes"),IF($AZ$15=E34,O34,0),IF(AND($AZ$14<>"Toutes",$AZ$15="Toutes"),IF($AZ$14=J34,O34,0),IF($AZ$14&$AZ$15=L34,O34,0)))) -> 0 | R34: =IF(NOT(ISERROR(VLOOKUP(E34,$AC$2:$AC$6,1,FALSE))),E34,"Les autres classes d'actifs") -> Les autres classes d'actifs | S34: =IF(NOT(ISERROR(VLOOKUP(C34,$AS$2:$AS$6,1,FALSE))),C34,"Les autres banques") -> Les autres banques | AN34: {=IFERROR(INDEX($D$1:$D$301,MATCH(0,COUNTIF($AN$1:AN33,$D$1:$D$301),0)),"")} | AO34: =IF(AN34="",NA(),IF(SUMIF(D:D,AN34,M:M)=0,0,SUMIF(D:D,AN34,M:M))) -> #N/A | AQ34: {=IFERROR(INDEX($C$1:$C$301,MATCH(0,COUNTIF($AQ$1:AQ33,$C$1:$C$301),0)),"")} | AR34: =IF(AQ34="",NA(),IF(SUMIF(C:C,AQ34,M:M)=0,NA(),SUMIF(C:C,AQ34,M:M))) -> #N/A | AW34: {=IFERROR(INDEX('Liste Banque-Enveloppe'!$C$7:$C$206,MATCH(0,COUNTIF(AW$1:AW33,'Liste Banque-Enveloppe'!$C$7:$C$206),0)),"")} | AX34: =IF(OR(AW34="",AW34=" - "),0,IFERROR(INDEX($AW$2:$AW$202,MATCH(SMALL($AY$2:$AY$202,ROW(AW33)),$AY$2:$AY$202,0)),"")) -> 0 | AY34: =IF(OR(AW34="",AW34=" - "),201,COUNTIF($AW$2:$AW$201,"<="&AW34)) -> 201
B35: ='Saisie Patrimoine'!B40 -> 0 | C35: =IF(B35="","",IF(B35=0,0,LEFT(B35,FIND(" - ",B35)-1))) -> 0 | D35: =IF(B35="","",IF(B35=0,0,RIGHT(B35,LEN(B35)-FIND(" - ",B35)-2))) -> 0 | E35: ='Saisie Patrimoine'!C40 -> 0 | G35: ='Saisie Patrimoine'!E40 -> 0 | H35: ='Saisie Patrimoine'!F40 -> 0 | J35: =IF(E35=0,0,INDEX('Liste Classe d''actifs'!$A$8:$A$37,MATCH(E35,'Liste Classe d''actifs'!$B$8:$B$37,0))) -> 0 | K35: =IF(A35="","",IF(ISERROR(VLOOKUP(B35,'Liste Banque-Enveloppe'!A:D,2,FALSE)),0,VLOOKUP(B35,'Liste Banque-Enveloppe'!A:D,2,FALSE))) | L35: =J35&E35 -> 00 | M35: =IF(AND($AZ$14="Toutes",$AZ$15="Toutes"),N35,IF(AND($AZ$14="Toutes",$AZ$15<>"Toutes"),IF($AZ$15=E35,N35,0),IF(AND($AZ$14<>"Toutes",$AZ$15="Toutes"),IF($AZ$14=J35,N35,0),IF($AZ$14&$AZ$15=L35,N35,0)))) -> 0 | N35: =IF(AND($T$10=2,D35="Résidence principale"),0,IF($T$7="Net",G35,IF(H35=0,G35,H35))) -> 0 | O35: =IF(AND($T$10=2,D35="Résidence principale"),0,IF(H35=0,G35,H35)) -> 0 | P35: =IF(AND($AZ$14="Toutes",$AZ$15="Toutes"),O35,IF(AND($AZ$14="Toutes",$AZ$15<>"Toutes"),IF($AZ$15=E35,O35,0),IF(AND($AZ$14<>"Toutes",$AZ$15="Toutes"),IF($AZ$14=J35,O35,0),IF($AZ$14&$AZ$15=L35,O35,0)))) -> 0 | R35: =IF(NOT(ISERROR(VLOOKUP(E35,$AC$2:$AC$6,1,FALSE))),E35,"Les autres classes d'actifs") -> Les autres classes d'actifs | S35: =IF(NOT(ISERROR(VLOOKUP(C35,$AS$2:$AS$6,1,FALSE))),C35,"Les autres banques") -> Les autres banques | AN35: {=IFERROR(INDEX($D$1:$D$301,MATCH(0,COUNTIF($AN$1:AN34,$D$1:$D$301),0)),"")} | AO35: =IF(AN35="",NA(),IF(SUMIF(D:D,AN35,M:M)=0,0,SUMIF(D:D,AN35,M:M))) -> #N/A | AQ35: {=IFERROR(INDEX($C$1:$C$301,MATCH(0,COUNTIF($AQ$1:AQ34,$C$1:$C$301),0)),"")} | AR35: =IF(AQ35="",NA(),IF(SUMIF(C:C,AQ35,M:M)=0,NA(),SUMIF(C:C,AQ35,M:M))) -> #N/A | AW35: {=IFERROR(INDEX('Liste Banque-Enveloppe'!$C$7:$C$206,MATCH(0,COUNTIF(AW$1:AW34,'Liste Banque-Enveloppe'!$C$7:$C$206),0)),"")} | AX35: =IF(OR(AW35="",AW35=" - "),0,IFERROR(INDEX($AW$2:$AW$202,MATCH(SMALL($AY$2:$AY$202,ROW(AW34)),$AY$2:$AY$202,0)),"")) -> 0 | AY35: =IF(OR(AW35="",AW35=" - "),201,COUNTIF($AW$2:$AW$201,"<="&AW35)) -> 201
B36: ='Saisie Patrimoine'!B41 -> 0 | C36: =IF(B36="","",IF(B36=0,0,LEFT(B36,FIND(" - ",B36)-1))) -> 0 | D36: =IF(B36="","",IF(B36=0,0,RIGHT(B36,LEN(B36)-FIND(" - ",B36)-2))) -> 0 | E36: ='Saisie Patrimoine'!C41 -> 0 | G36: ='Saisie Patrimoine'!E41 -> 0 | H36: ='Saisie Patrimoine'!F41 -> 0 | J36: =IF(E36=0,0,INDEX('Liste Classe d''actifs'!$A$8:$A$37,MATCH(E36,'Liste Classe d''actifs'!$B$8:$B$37,0))) -> 0 | K36: =IF(A36="","",IF(ISERROR(VLOOKUP(B36,'Liste Banque-Enveloppe'!A:D,2,FALSE)),0,VLOOKUP(B36,'Liste Banque-Enveloppe'!A:D,2,FALSE))) | L36: =J36&E36 -> 00 | M36: =IF(AND($AZ$14="Toutes",$AZ$15="Toutes"),N36,IF(AND($AZ$14="Toutes",$AZ$15<>"Toutes"),IF($AZ$15=E36,N36,0),IF(AND($AZ$14<>"Toutes",$AZ$15="Toutes"),IF($AZ$14=J36,N36,0),IF($AZ$14&$AZ$15=L36,N36,0)))) -> 0 | N36: =IF(AND($T$10=2,D36="Résidence principale"),0,IF($T$7="Net",G36,IF(H36=0,G36,H36))) -> 0 | O36: =IF(AND($T$10=2,D36="Résidence principale"),0,IF(H36=0,G36,H36)) -> 0 | P36: =IF(AND($AZ$14="Toutes",$AZ$15="Toutes"),O36,IF(AND($AZ$14="Toutes",$AZ$15<>"Toutes"),IF($AZ$15=E36,O36,0),IF(AND($AZ$14<>"Toutes",$AZ$15="Toutes"),IF($AZ$14=J36,O36,0),IF($AZ$14&$AZ$15=L36,O36,0)))) -> 0 | R36: =IF(NOT(ISERROR(VLOOKUP(E36,$AC$2:$AC$6,1,FALSE))),E36,"Les autres classes d'actifs") -> Les autres classes d'actifs | S36: =IF(NOT(ISERROR(VLOOKUP(C36,$AS$2:$AS$6,1,FALSE))),C36,"Les autres banques") -> Les autres banques | AN36: {=IFERROR(INDEX($D$1:$D$301,MATCH(0,COUNTIF($AN$1:AN35,$D$1:$D$301),0)),"")} | AO36: =IF(AN36="",NA(),IF(SUMIF(D:D,AN36,M:M)=0,0,SUMIF(D:D,AN36,M:M))) -> #N/A | AQ36: {=IFERROR(INDEX($C$1:$C$301,MATCH(0,COUNTIF($AQ$1:AQ35,$C$1:$C$301),0)),"")} | AR36: =IF(AQ36="",NA(),IF(SUMIF(C:C,AQ36,M:M)=0,NA(),SUMIF(C:C,AQ36,M:M))) -> #N/A | AW36: {=IFERROR(INDEX('Liste Banque-Enveloppe'!$C$7:$C$206,MATCH(0,COUNTIF(AW$1:AW35,'Liste Banque-Enveloppe'!$C$7:$C$206),0)),"")} | AX36: =IF(OR(AW36="",AW36=" - "),0,IFERROR(INDEX($AW$2:$AW$202,MATCH(SMALL($AY$2:$AY$202,ROW(AW35)),$AY$2:$AY$202,0)),"")) -> 0 | AY36: =IF(OR(AW36="",AW36=" - "),201,COUNTIF($AW$2:$AW$201,"<="&AW36)) -> 201
B37: ='Saisie Patrimoine'!B42 -> 0 | C37: =IF(B37="","",IF(B37=0,0,LEFT(B37,FIND(" - ",B37)-1))) -> 0 | D37: =IF(B37="","",IF(B37=0,0,RIGHT(B37,LEN(B37)-FIND(" - ",B37)-2))) -> 0 | E37: ='Saisie Patrimoine'!C42 -> 0 | G37: ='Saisie Patrimoine'!E42 -> 0 | H37: ='Saisie Patrimoine'!F42 -> 0 | J37: =IF(E37=0,0,INDEX('Liste Classe d''actifs'!$A$8:$A$37,MATCH(E37,'Liste Classe d''actifs'!$B$8:$B$37,0))) -> 0 | K37: =IF(A37="","",IF(ISERROR(VLOOKUP(B37,'Liste Banque-Enveloppe'!A:D,2,FALSE)),0,VLOOKUP(B37,'Liste Banque-Enveloppe'!A:D,2,FALSE))) | L37: =J37&E37 -> 00 | M37: =IF(AND($AZ$14="Toutes",$AZ$15="Toutes"),N37,IF(AND($AZ$14="Toutes",$AZ$15<>"Toutes"),IF($AZ$15=E37,N37,0),IF(AND($AZ$14<>"Toutes",$AZ$15="Toutes"),IF($AZ$14=J37,N37,0),IF($AZ$14&$AZ$15=L37,N37,0)))) -> 0 | N37: =IF(AND($T$10=2,D37="Résidence principale"),0,IF($T$7="Net",G37,IF(H37=0,G37,H37))) -> 0 | O37: =IF(AND($T$10=2,D37="Résidence principale"),0,IF(H37=0,G37,H37)) -> 0 | P37: =IF(AND($AZ$14="Toutes",$AZ$15="Toutes"),O37,IF(AND($AZ$14="Toutes",$AZ$15<>"Toutes"),IF($AZ$15=E37,O37,0),IF(AND($AZ$14<>"Toutes",$AZ$15="Toutes"),IF($AZ$14=J37,O37,0),IF($AZ$14&$AZ$15=L37,O37,0)))) -> 0 | R37: =IF(NOT(ISERROR(VLOOKUP(E37,$AC$2:$AC$6,1,FALSE))),E37,"Les autres classes d'actifs") -> Les autres classes d'actifs | S37: =IF(NOT(ISERROR(VLOOKUP(C37,$AS$2:$AS$6,1,FALSE))),C37,"Les autres banques") -> Les autres banques | AN37: {=IFERROR(INDEX($D$1:$D$301,MATCH(0,COUNTIF($AN$1:AN36,$D$1:$D$301),0)),"")} | AO37: =IF(AN37="",NA(),IF(SUMIF(D:D,AN37,M:M)=0,0,SUMIF(D:D,AN37,M:M))) -> #N/A | AQ37: {=IFERROR(INDEX($C$1:$C$301,MATCH(0,COUNTIF($AQ$1:AQ36,$C$1:$C$301),0)),"")} | AR37: =IF(AQ37="",NA(),IF(SUMIF(C:C,AQ37,M:M)=0,NA(),SUMIF(C:C,AQ37,M:M))) -> #N/A | AW37: {=IFERROR(INDEX('Liste Banque-Enveloppe'!$C$7:$C$206,MATCH(0,COUNTIF(AW$1:AW36,'Liste Banque-Enveloppe'!$C$7:$C$206),0)),"")} | AX37: =IF(OR(AW37="",AW37=" - "),0,IFERROR(INDEX($AW$2:$AW$202,MATCH(SMALL($AY$2:$AY$202,ROW(AW36)),$AY$2:$AY$202,0)),"")) -> 0 | AY37: =IF(OR(AW37="",AW37=" - "),201,COUNTIF($AW$2:$AW$201,"<="&AW37)) -> 201
B38: ='Saisie Patrimoine'!B43 -> 0 | C38: =IF(B38="","",IF(B38=0,0,LEFT(B38,FIND(" - ",B38)-1))) -> 0 | D38: =IF(B38="","",IF(B38=0,0,RIGHT(B38,LEN(B38)-FIND(" - ",B38)-2))) -> 0 | E38: ='Saisie Patrimoine'!C43 -> 0 | G38: ='Saisie Patrimoine'!E43 -> 0 | H38: ='Saisie Patrimoine'!F43 -> 0 | J38: =IF(E38=0,0,INDEX('Liste Classe d''actifs'!$A$8:$A$37,MATCH(E38,'Liste Classe d''actifs'!$B$8:$B$37,0))) -> 0 | K38: =IF(A38="","",IF(ISERROR(VLOOKUP(B38,'Liste Banque-Enveloppe'!A:D,2,FALSE)),0,VLOOKUP(B38,'Liste Banque-Enveloppe'!A:D,2,FALSE))) | L38: =J38&E38 -> 00 | M38: =IF(AND($AZ$14="Toutes",$AZ$15="Toutes"),N38,IF(AND($AZ$14="Toutes",$AZ$15<>"Toutes"),IF($AZ$15=E38,N38,0),IF(AND($AZ$14<>"Toutes",$AZ$15="Toutes"),IF($AZ$14=J38,N38,0),IF($AZ$14&$AZ$15=L38,N38,0)))) -> 0 | N38: =IF(AND($T$10=2,D38="Résidence principale"),0,IF($T$7="Net",G38,IF(H38=0,G38,H38))) -> 0 | O38: =IF(AND($T$10=2,D38="Résidence principale"),0,IF(H38=0,G38,H38)) -> 0 | P38: =IF(AND($AZ$14="Toutes",$AZ$15="Toutes"),O38,IF(AND($AZ$14="Toutes",$AZ$15<>"Toutes"),IF($AZ$15=E38,O38,0),IF(AND($AZ$14<>"Toutes",$AZ$15="Toutes"),IF($AZ$14=J38,O38,0),IF($AZ$14&$AZ$15=L38,O38,0)))) -> 0 | R38: =IF(NOT(ISERROR(VLOOKUP(E38,$AC$2:$AC$6,1,FALSE))),E38,"Les autres classes d'actifs") -> Les autres classes d'actifs | S38: =IF(NOT(ISERROR(VLOOKUP(C38,$AS$2:$AS$6,1,FALSE))),C38,"Les autres banques") -> Les autres banques | AN38: {=IFERROR(INDEX($D$1:$D$301,MATCH(0,COUNTIF($AN$1:AN37,$D$1:$D$301),0)),"")} | AO38: =IF(AN38="",NA(),IF(SUMIF(D:D,AN38,M:M)=0,0,SUMIF(D:D,AN38,M:M))) -> #N/A | AQ38: {=IFERROR(INDEX($C$1:$C$301,MATCH(0,COUNTIF($AQ$1:AQ37,$C$1:$C$301),0)),"")} | AR38: =IF(AQ38="",NA(),IF(SUMIF(C:C,AQ38,M:M)=0,NA(),SUMIF(C:C,AQ38,M:M))) -> #N/A | AW38: {=IFERROR(INDEX('Liste Banque-Enveloppe'!$C$7:$C$206,MATCH(0,COUNTIF(AW$1:AW37,'Liste Banque-Enveloppe'!$C$7:$C$206),0)),"")} | AX38: =IF(OR(AW38="",AW38=" - "),0,IFERROR(INDEX($AW$2:$AW$202,MATCH(SMALL($AY$2:$AY$202,ROW(AW37)),$AY$2:$AY$202,0)),"")) -> 0 | AY38: =IF(OR(AW38="",AW38=" - "),201,COUNTIF($AW$2:$AW$201,"<="&AW38)) -> 201
B39: ='Saisie Patrimoine'!B44 -> 0 | C39: =IF(B39="","",IF(B39=0,0,LEFT(B39,FIND(" - ",B39)-1))) -> 0 | D39: =IF(B39="","",IF(B39=0,0,RIGHT(B39,LEN(B39)-FIND(" - ",B39)-2))) -> 0 | E39: ='Saisie Patrimoine'!C44 -> 0 | G39: ='Saisie Patrimoine'!E44 -> 0 | H39: ='Saisie Patrimoine'!F44 -> 0 | J39: =IF(E39=0,0,INDEX('Liste Classe d''actifs'!$A$8:$A$37,MATCH(E39,'Liste Classe d''actifs'!$B$8:$B$37,0))) -> 0 | K39: =IF(A39="","",IF(ISERROR(VLOOKUP(B39,'Liste Banque-Enveloppe'!A:D,2,FALSE)),0,VLOOKUP(B39,'Liste Banque-Enveloppe'!A:D,2,FALSE))) | L39: =J39&E39 -> 00 | M39: =IF(AND($AZ$14="Toutes",$AZ$15="Toutes"),N39,IF(AND($AZ$14="Toutes",$AZ$15<>"Toutes"),IF($AZ$15=E39,N39,0),IF(AND($AZ$14<>"Toutes",$AZ$15="Toutes"),IF($AZ$14=J39,N39,0),IF($AZ$14&$AZ$15=L39,N39,0)))) -> 0 | N39: =IF(AND($T$10=2,D39="Résidence principale"),0,IF($T$7="Net",G39,IF(H39=0,G39,H39))) -> 0 | O39: =IF(AND($T$10=2,D39="Résidence principale"),0,IF(H39=0,G39,H39)) -> 0 | P39: =IF(AND($AZ$14="Toutes",$AZ$15="Toutes"),O39,IF(AND($AZ$14="Toutes",$AZ$15<>"Toutes"),IF($AZ$15=E39,O39,0),IF(AND($AZ$14<>"Toutes",$AZ$15="Toutes"),IF($AZ$14=J39,O39,0),IF($AZ$14&$AZ$15=L39,O39,0)))) -> 0 | R39: =IF(NOT(ISERROR(VLOOKUP(E39,$AC$2:$AC$6,1,FALSE))),E39,"Les autres classes d'actifs") -> Les autres classes d'actifs | S39: =IF(NOT(ISERROR(VLOOKUP(C39,$AS$2:$AS$6,1,FALSE))),C39,"Les autres banques") -> Les autres banques | AN39: {=IFERROR(INDEX($D$1:$D$301,MATCH(0,COUNTIF($AN$1:AN38,$D$1:$D$301),0)),"")} | AO39: =IF(AN39="",NA(),IF(SUMIF(D:D,AN39,M:M)=0,0,SUMIF(D:D,AN39,M:M))) -> #N/A | AQ39: {=IFERROR(INDEX($C$1:$C$301,MATCH(0,COUNTIF($AQ$1:AQ38,$C$1:$C$301),0)),"")} | AR39: =IF(AQ39="",NA(),IF(SUMIF(C:C,AQ39,M:M)=0,NA(),SUMIF(C:C,AQ39,M:M))) -> #N/A | AW39: {=IFERROR(INDEX('Liste Banque-Enveloppe'!$C$7:$C$206,MATCH(0,COUNTIF(AW$1:AW38,'Liste Banque-Enveloppe'!$C$7:$C$206),0)),"")} | AX39: =IF(OR(AW39="",AW39=" - "),0,IFERROR(INDEX($AW$2:$AW$202,MATCH(SMALL($AY$2:$AY$202,ROW(AW38)),$AY$2:$AY$202,0)),"")) -> 0 | AY39: =IF(OR(AW39="",AW39=" - "),201,COUNTIF($AW$2:$AW$201,"<="&AW39)) -> 201
B40: ='Saisie Patrimoine'!B45 -> 0 | C40: =IF(B40="","",IF(B40=0,0,LEFT(B40,FIND(" - ",B40)-1))) -> 0 | D40: =IF(B40="","",IF(B40=0,0,RIGHT(B40,LEN(B40)-FIND(" - ",B40)-2))) -> 0 | E40: ='Saisie Patrimoine'!C45 -> 0 | G40: ='Saisie Patrimoine'!E45 -> 0 | H40: ='Saisie Patrimoine'!F45 -> 0 | J40: =IF(E40=0,0,INDEX('Liste Classe d''actifs'!$A$8:$A$37,MATCH(E40,'Liste Classe d''actifs'!$B$8:$B$37,0))) -> 0 | K40: =IF(A40="","",IF(ISERROR(VLOOKUP(B40,'Liste Banque-Enveloppe'!A:D,2,FALSE)),0,VLOOKUP(B40,'Liste Banque-Enveloppe'!A:D,2,FALSE))) | L40: =J40&E40 -> 00 | M40: =IF(AND($AZ$14="Toutes",$AZ$15="Toutes"),N40,IF(AND($AZ$14="Toutes",$AZ$15<>"Toutes"),IF($AZ$15=E40,N40,0),IF(AND($AZ$14<>"Toutes",$AZ$15="Toutes"),IF($AZ$14=J40,N40,0),IF($AZ$14&$AZ$15=L40,N40,0)))) -> 0 | N40: =IF(AND($T$10=2,D40="Résidence principale"),0,IF($T$7="Net",G40,IF(H40=0,G40,H40))) -> 0 | O40: =IF(AND($T$10=2,D40="Résidence principale"),0,IF(H40=0,G40,H40)) -> 0 | P40: =IF(AND($AZ$14="Toutes",$AZ$15="Toutes"),O40,IF(AND($AZ$14="Toutes",$AZ$15<>"Toutes"),IF($AZ$15=E40,O40,0),IF(AND($AZ$14<>"Toutes",$AZ$15="Toutes"),IF($AZ$14=J40,O40,0),IF($AZ$14&$AZ$15=L40,O40,0)))) -> 0 | R40: =IF(NOT(ISERROR(VLOOKUP(E40,$AC$2:$AC$6,1,FALSE))),E40,"Les autres classes d'actifs") -> Les autres classes d'actifs | S40: =IF(NOT(ISERROR(VLOOKUP(C40,$AS$2:$AS$6,1,FALSE))),C40,"Les autres banques") -> Les autres banques | AN40: {=IFERROR(INDEX($D$1:$D$301,MATCH(0,COUNTIF($AN$1:AN39,$D$1:$D$301),0)),"")} | AO40: =IF(AN40="",NA(),IF(SUMIF(D:D,AN40,M:M)=0,0,SUMIF(D:D,AN40,M:M))) -> #N/A | AQ40: {=IFERROR(INDEX($C$1:$C$301,MATCH(0,COUNTIF($AQ$1:AQ39,$C$1:$C$301),0)),"")} | AR40: =IF(AQ40="",NA(),IF(SUMIF(C:C,AQ40,M:M)=0,NA(),SUMIF(C:C,AQ40,M:M))) -> #N/A | AW40: {=IFERROR(INDEX('Liste Banque-Enveloppe'!$C$7:$C$206,MATCH(0,COUNTIF(AW$1:AW39,'Liste Banque-Enveloppe'!$C$7:$C$206),0)),"")} | AX40: =IF(OR(AW40="",AW40=" - "),0,IFERROR(INDEX($AW$2:$AW$202,MATCH(SMALL($AY$2:$AY$202,ROW(AW39)),$AY$2:$AY$202,0)),"")) -> 0 | AY40: =IF(OR(AW40="",AW40=" - "),201,COUNTIF($AW$2:$AW$201,"<="&AW40)) -> 201
B41: ='Saisie Patrimoine'!B46 -> 0 | C41: =IF(B41="","",IF(B41=0,0,LEFT(B41,FIND(" - ",B41)-1))) -> 0 | D41: =IF(B41="","",IF(B41=0,0,RIGHT(B41,LEN(B41)-FIND(" - ",B41)-2))) -> 0 | E41: ='Saisie Patrimoine'!C46 -> 0 | G41: ='Saisie Patrimoine'!E46 -> 0 | H41: ='Saisie Patrimoine'!F46 -> 0 | J41: =IF(E41=0,0,INDEX('Liste Classe d''actifs'!$A$8:$A$37,MATCH(E41,'Liste Classe d''actifs'!$B$8:$B$37,0))) -> 0 | K41: =IF(A41="","",IF(ISERROR(VLOOKUP(B41,'Liste Banque-Enveloppe'!A:D,2,FALSE)),0,VLOOKUP(B41,'Liste Banque-Enveloppe'!A:D,2,FALSE))) | L41: =J41&E41 -> 00 | M41: =IF(AND($AZ$14="Toutes",$AZ$15="Toutes"),N41,IF(AND($AZ$14="Toutes",$AZ$15<>"Toutes"),IF($AZ$15=E41,N41,0),IF(AND($AZ$14<>"Toutes",$AZ$15="Toutes"),IF($AZ$14=J41,N41,0),IF($AZ$14&$AZ$15=L41,N41,0)))) -> 0 | N41: =IF(AND($T$10=2,D41="Résidence principale"),0,IF($T$7="Net",G41,IF(H41=0,G41,H41))) -> 0 | O41: =IF(AND($T$10=2,D41="Résidence principale"),0,IF(H41=0,G41,H41)) -> 0 | P41: =IF(AND($AZ$14="Toutes",$AZ$15="Toutes"),O41,IF(AND($AZ$14="Toutes",$AZ$15<>"Toutes"),IF($AZ$15=E41,O41,0),IF(AND($AZ$14<>"Toutes",$AZ$15="Toutes"),IF($AZ$14=J41,O41,0),IF($AZ$14&$AZ$15=L41,O41,0)))) -> 0 | R41: =IF(NOT(ISERROR(VLOOKUP(E41,$AC$2:$AC$6,1,FALSE))),E41,"Les autres classes d'actifs") -> Les autres classes d'actifs | S41: =IF(NOT(ISERROR(VLOOKUP(C41,$AS$2:$AS$6,1,FALSE))),C41,"Les autres banques") -> Les autres banques | AN41: {=IFERROR(INDEX($D$1:$D$301,MATCH(0,COUNTIF($AN$1:AN40,$D$1:$D$301),0)),"")} | AO41: =IF(AN41="",NA(),IF(SUMIF(D:D,AN41,M:M)=0,0,SUMIF(D:D,AN41,M:M))) -> #N/A | AQ41: {=IFERROR(INDEX($C$1:$C$301,MATCH(0,COUNTIF($AQ$1:AQ40,$C$1:$C$301),0)),"")} | AR41: =IF(AQ41="",NA(),IF(SUMIF(C:C,AQ41,M:M)=0,NA(),SUMIF(C:C,AQ41,M:M))) -> #N/A | AW41: {=IFERROR(INDEX('Liste Banque-Enveloppe'!$C$7:$C$206,MATCH(0,COUNTIF(AW$1:AW40,'Liste Banque-Enveloppe'!$C$7:$C$206),0)),"")} | AX41: =IF(OR(AW41="",AW41=" - "),0,IFERROR(INDEX($AW$2:$AW$202,MATCH(SMALL($AY$2:$AY$202,ROW(AW40)),$AY$2:$AY$202,0)),"")) -> 0 | AY41: =IF(OR(AW41="",AW41=" - "),201,COUNTIF($AW$2:$AW$201,"<="&AW41)) -> 201
B42: ='Saisie Patrimoine'!B47 -> 0 | C42: =IF(B42="","",IF(B42=0,0,LEFT(B42,FIND(" - ",B42)-1))) -> 0 | D42: =IF(B42="","",IF(B42=0,0,RIGHT(B42,LEN(B42)-FIND(" - ",B42)-2))) -> 0 | E42: ='Saisie Patrimoine'!C47 -> 0 | G42: ='Saisie Patrimoine'!E47 -> 0 | H42: ='Saisie Patrimoine'!F47 -> 0 | J42: =IF(E42=0,0,INDEX('Liste Classe d''actifs'!$A$8:$A$37,MATCH(E42,'Liste Classe d''actifs'!$B$8:$B$37,0))) -> 0 | K42: =IF(A42="","",IF(ISERROR(VLOOKUP(B42,'Liste Banque-Enveloppe'!A:D,2,FALSE)),0,VLOOKUP(B42,'Liste Banque-Enveloppe'!A:D,2,FALSE))) | L42: =J42&E42 -> 00 | M42: =IF(AND($AZ$14="Toutes",$AZ$15="Toutes"),N42,IF(AND($AZ$14="Toutes",$AZ$15<>"Toutes"),IF($AZ$15=E42,N42,0),IF(AND($AZ$14<>"Toutes",$AZ$15="Toutes"),IF($AZ$14=J42,N42,0),IF($AZ$14&$AZ$15=L42,N42,0)))) -> 0 | N42: =IF(AND($T$10=2,D42="Résidence principale"),0,IF($T$7="Net",G42,IF(H42=0,G42,H42))) -> 0 | O42: =IF(AND($T$10=2,D42="Résidence principale"),0,IF(H42=0,G42,H42)) -> 0 | P42: =IF(AND($AZ$14="Toutes",$AZ$15="Toutes"),O42,IF(AND($AZ$14="Toutes",$AZ$15<>"Toutes"),IF($AZ$15=E42,O42,0),IF(AND($AZ$14<>"Toutes",$AZ$15="Toutes"),IF($AZ$14=J42,O42,0),IF($AZ$14&$AZ$15=L42,O42,0)))) -> 0 | R42: =IF(NOT(ISERROR(VLOOKUP(E42,$AC$2:$AC$6,1,FALSE))),E42,"Les autres classes d'actifs") -> Les autres classes d'actifs | S42: =IF(NOT(ISERROR(VLOOKUP(C42,$AS$2:$AS$6,1,FALSE))),C42,"Les autres banques") -> Les autres banques | AN42: {=IFERROR(INDEX($D$1:$D$301,MATCH(0,COUNTIF($AN$1:AN41,$D$1:$D$301),0)),"")} | AO42: =IF(AN42="",NA(),IF(SUMIF(D:D,AN42,M:M)=0,0,SUMIF(D:D,AN42,M:M))) -> #N/A | AQ42: {=IFERROR(INDEX($C$1:$C$301,MATCH(0,COUNTIF($AQ$1:AQ41,$C$1:$C$301),0)),"")} | AR42: =IF(AQ42="",NA(),IF(SUMIF(C:C,AQ42,M:M)=0,NA(),SUMIF(C:C,AQ42,M:M))) -> #N/A | AW42: {=IFERROR(INDEX('Liste Banque-Enveloppe'!$C$7:$C$206,MATCH(0,COUNTIF(AW$1:AW41,'Liste Banque-Enveloppe'!$C$7:$C$206),0)),"")} | AX42: =IF(OR(AW42="",AW42=" - "),0,IFERROR(INDEX($AW$2:$AW$202,MATCH(SMALL($AY$2:$AY$202,ROW(AW41)),$AY$2:$AY$202,0)),"")) -> 0 | AY42: =IF(OR(AW42="",AW42=" - "),201,COUNTIF($AW$2:$AW$201,"<="&AW42)) -> 201
